Workbook

Sheet BALANCE DIC-24
B1: ASOCIACIÓN DE EXALUMNAS DEL COLEGIO DE LA COMPAÑÍA DE MARÍA LA ENSEÑANZA
B2: NIT: 890.905.759-5
B3: ESTADO DE SITUACIÓN FINANCIERA (BALANCE GENERAL)
B4: COMPARATIVO NOV-DIC 2024
C6: 45597 | D6: 45627 | E6: diferencia
B8: ACTIVOS
B10: EFECTIVO Y EQUIVALENTE DE EFECTIVO | C10: 221339675 | D10: =+D11+D12+D13+D14+D15 -> 173959013 | E10: =+D10-C10 -> -47380662
B11: CAJA GENERAL | C11: 162202 | D11: 158522 | E11: =+D11-C11 -> -3680
B12: CUENTAS DE AHORRO 10872684307 | C12: 63825715 | D12: 43030728 | E12: =+D12-C12 -> -20794987
B13: FIDUCIA NO, 7001000022462 BANCOLOMBIA | C13: 22798191 | D13: 22909610 | E13: =+D13-C13 -> 111419
B14: FIDUCIA NO. 617002005345 BANCOLOMBIA F.SOCIAL | C14: 37495763 | D14: 10802349 | E14: =+D14-C14 -> -26693414
B15: CDT BBVA 85538644-VILLATINA | C15: 97057804 | D15: 97057804 | E15: =+D15-C15 -> 0
B16: DUEDORES NACIONALES | C16: 0 | D16: =+D17 -> 0 | E16: =+D16-C16 -> 0
B17: DEUDORES NACIONALES | E17: =+D17-C17 -> 0
B18: OTRAS CUENTAS | C18: 5029300 | D18: =+D19 -> 0 | E18: =+D18-C18 -> -5029300
B19: OTRAS CUENTAS POR COBRAR | C19: 5029300 | E19: =+D19-C19 -> -5029300
B20: DEUDORES NACIONALES | C20: 0 | D20: =+D21 -> 0 | E20: =+D20-C20 -> 0
B21: CAJA DE COMPENSACION COMFAMA | C21: 0 | D21: 0 | E21: =+D21-C21 -> 0
B22: ANTICIPO DE IMPUESTOS | C22: 2567906 | D22: =+D23 -> 3504900 | E22: =+D22-C22 -> 936994
B23: ANTICIPO DE IMPUESTOS | C23: 2567906 | D23: 3504900 | E23: =+D23-C23 -> 936994
B24: INVENTARIOS | C24: 101793841 | D24: =+D25 -> 143534641 | E24: =+D24-C24 -> 41740800
B25: MCIA NO FCADAS POR LA EMPRESA | C25: 101793841 | D25: 143534641 | E25: =+D25-C25 -> 41740800
B26: PROPIEDAD, PLANTA Y EQUIPO | C26: 1253020999 | D26: =+D27+D28+D29+D30+D31+D32 -> 1252634826 | E26: =+D26-C26 -> -386173
B27: CASA FÁTIMA | C27: 1249397400 | D27: 1249397400 | E27: =+D27-C27 -> 0
B28: MAQUINARIA Y EQUIPO | C28: 9743859 | D28: 9743859 | E28: =+D28-C28 -> 0
B29: MUEBLES Y EQUIPO DE OFICINA | C29: 10825166 | D29: 10825166 | E29: =+D29-C29 -> 0
B30: SOFTWARE Y EQUIPO DE COMPUTO | C30: 19814579 | D30: 19814579 | E30: =+D30-C30 -> 0
B31: DEPRECIACIÓN ACUMULADA | C31: -74431564 | D31: -74431564 | E31: =+D31-C31 -> 0
B32: GASTOS DIFERIDOS | C32: 37671559 | D32: 37285386 | E32: =+D32-C32 -> -386173
B33: TOTAL ACTIVOS | C33: 1583751721 | D33: =+D10+D18+D20+D22+D24+D26 -> 1573633380 | E33: =+D33-C33 -> -10118341
E34: =+D34-C34 -> 0
B35: PASIVOS | C35: 40484661 | D35: =+D36+D37+D38+D39+D40 -> 55666282 | E35: =+D35-C35 -> 15181621
B36: PROVEEDORES NACIONALES | C36: 11036627 | D36: 26826200 | E36: =+D36-C36 -> 15789573
B37: RETENCIÓN EN LA FUENTE POR PAGAR | C37: 308390 | D37: 1785737 | E37: =+D37-C37 -> 1477347
B38: RETENCIONES Y APORTES DE NOMINA | C38: 3650300 | D38: 3650300 | E38: =+D38-C38 -> 0
B39: IMPUESTOS GRAVÁMENES Y TASAS | C39: 8824527 | D39: 17142604 | E39: =+D39-C39 -> 8318077
B40: OBLIGACIONES LABORALES | C40: 16664817 | D40: 6261441 | E40: =+D40-C40 -> -10403376
B41: TOTAL PASIVOS | C41: 40484661 | D41: =SUM(D36:D40) -> 55666282 | E41: =+D41-C41 -> 15181621
E42: =+D42-C42 -> 0
B43: PATRIMONIO | C43: 1543267059 | D43: =+D44+D45+D46+D47+D48 -> 1.5179671e+09 | E43: =+D43-C43 -> -25299961
B44: CAPITAL SOCIAL | C44: 72000357 | D44: 72000357 | E44: =+D44-C44 -> 0
B45: REVALORIZACIÓN DEL PATRIMONIO | C45: 53122015 | D45: 53122015 | E45: =+D45-C45 -> 0
B46: EXCEDENTES DE AÑOS ANTERIORES | C46: 45815755 | D46: 0 | E46: =+D46-C46 -> -45815755
B47: EXCEDENTE O PÉRDIDA DEL EJERCICIO | C47: 70170108 | D47: =+'ER INTEGRAL 24'!O170 -> 90685902 | E47: =+D47-C47 -> 20515794
B48: SUPERÁVIT POR VALORIZACIÓN | C48: 1302158824 | D48: 1302158824 | E48: =+D48-C48 -> 0
B49: TOTAL PATRIMONIO | C49: 1543267059 | D49: =SUM(D44:D48) -> 1.5179671e+09 | E49: =+D49-C49 -> -25299961
B50: ECUACIÓN CONTABLE
B51: PASIVO + PATRIMONIO | C51: 1583751720 | D51: =+D49+D41 -> 1.5736334e+09
B52: ACTIVO | C52: 1583751721 | D52: =+D33 -> 1573633380 | E52: =+D51-D52 -> -0.37399983

Sheet ER AJUSTADO ENE-JUL CC 2024
A1: ASOCIACIÓN DE EXALUMNAS DEL COLEGIO LA ENSEÑANZA
A2: NIT: 890.905.759-5
A3: Estado de Resultados por Períodos
A4: De enero a marzo 2024
B6: ENERO | C6: FEBRERO | D6: MARZO | E6: ABRIL | F6: MAYO | G6: JUNIO | H6: JULIO | I6: AGOSTO | J6: SEPTIEMBRE | K6: OCTUBRE | L6: NOVIEMBRE | M6: DICIEMBRE | N6: TOTAL | O6: PART % | P6: NOTAS
A7: INGRESOS
A8: INGRESOS POR ACTIVIDADES COMERCIALES | P8: 3
A9: VENTAS DE UNIFORMES | B9: 73603359 | C9: 8892438 | D9: 3258823 | E9: 5262185 | F9: 3824370 | G9: 2928571 | N9: =SUM(B9:M9) -> 97769746
A10: ARRENDAMIENTOS | B10: 9226600 | C10: 9226600 | D10: 9226600 | E10: 9226600 | F10: 9226600 | G10: 9226600 | N10: =SUM(B10:M10) -> 55359600
A11: TOTAL POR ACTIVIDADES COMERCIALES | B11: =+B9+B10 -> 82829959 | C11: =SUM(C9:C10) -> 18119038 | D11: =SUM(D9:D10) -> 12485423 | E11: =SUM(E9:E10) -> 14488785 | F11: =SUM(F9:F10) -> 13050970 | G11: =SUM(G9:G10) -> 12155171 | H11: =SUM(H9:H10) -> 0 | I11: =SUM(I9:I10) -> 0 | J11: =SUM(J9:J10) -> 0 | ... N11: =SUM(N9:N10) -> 153129346 | O11: =+N11/N40 -> 0.35239609
A12: INGRESOS POR DONACIONES | P12: 4
A13: APORTE DE EXALUMNAS | B13: 510000 | C13: 585000 | D13: 595000 | E13: 485000 | F13: 505000 | G13: 515000 | N13: =SUM(B13:M13) -> 3195000
A14: CUOTA DE AFILIACIÓN | C14: 180000 | D14: 810000 | G14: 90000 | N14: =SUM(B14:M14) -> 1080000
A15: QUINQUENIOS | N15: =SUM(B15:M15) -> 0
A16: ALMUERZOS | G16: 1970000 | N16: =SUM(B16:M16) -> 1970000
A17: TIENDA ESCOLAR | B17: 676500 | D17: 738900 | E17: 762400 | F17: 824800 | G17: 594800 | N17: =SUM(B17:M17) -> 3597400
A18: CAMPAÑA ESPECIAL ALEX | B18: 3860000 | C18: 60000 | N18: =SUM(B18:M18) -> 3920000
A19: CONFERENCIA | N19: =SUM(B19:M19) -> 0
A20: RETIRO | N20: =SUM(B20:M20) -> 0
A21: ALMUERZO | N21: =SUM(B21:M21) -> 0
A22: FOTOGRAFIA | N22: =SUM(B22:M22) -> 0
A23: CAMPAÑA BONO (RIFA) | N23: =SUM(B23:M23) -> 0
A24: PROYECTO AJUARES | N24: =SUM(B24:M24) -> 0
A25: ROPERO | C25: 1025000 | D25: 582500 | E25: 3508000 | F25: 988500 | G25: 1342000 | N25: =SUM(B25:M25) -> 7446000 | Q25: =+N15+N19+N20+N21+N22 -> 0
A26: PROYECTO DE SEGURIDAD ALIMENTARIA | B26: 732000 | C26: 4350000 | D26: 2956000 | E26: 2911000 | F26: 3570000 | G26: 3310000 | N26: =SUM(B26:M26) -> 17829000
A27: PROYECTO DE SEGURIDAD ALIMENTARIA ÉXITO-ASOCIACION | C27: 10557000 | D27: 10251000 | E27: 10557000 | F27: 10404000 | G27: 10557000 | N27: =SUM(B27:M27) -> 52326000
A28: DONACIONES DE TERCEROS PARTICULARES | N28: =SUM(B28:M28) -> 0
A29: OTROS | D29: 1500000 | N29: =SUM(B29:M29) -> 1500000
A30: TOTAL DONACIONES | B30: =SUM(B13:B29) -> 5778500 | C30: =SUM(C13:C29) -> 16757000 | D30: =SUM(D13:D29) -> 17433400 | E30: =SUM(E13:E29) -> 18223400 | F30: =SUM(F13:F29) -> 16292300 | G30: =SUM(G13:G29) -> 18378800 | H30: =SUM(H13:H29) -> 0 | I30: =SUM(I13:I29) -> 0 | ... N30: =SUM(N13:N29) -> 92863400 | O30: =+N30/N40 -> 0.21370625
A31: INGRESOS POR EJECUCION DE PROYECTO EDUCATIVO | P31: 5
A32: JUANITAS PRO Y PLUS | B32: 0 | C32: 0 | D32: 56667231 | E32: 83617208 | F32: 4952876 | G32: 40774663 | N32: =SUM(B32:M32) -> 186011978
A33: TOTAL PROYECTOS EDUCATIVOS | B33: =SUM(B32) -> 0 | C33: =SUM(C32) -> 0 | D33: =SUM(D32) -> 56667231 | E33: =SUM(E32) -> 83617208 | F33: =SUM(F32) -> 4952876 | G33: =SUM(G32) -> 40774663 | H33: =SUM(H32) -> 0 | I33: =SUM(I32) -> 0 | ... N33: =SUM(N32) -> 186011978 | O33: =+N33/N40 -> 0.42806878
A34: INGRESOS NO OPERACIONALES | P34: 6
A35: INTERESES FINANCIEROS | B35: 649746 | C35: 686175 | D35: 546968 | E35: 147452 | F35: 160593 | G35: 231923 | N35: =SUM(B35:M35) -> 2422857
A36: APROVECHAMIENTOS | E36: 2000 | N36: =SUM(B36:M36) -> 2000
A37: REINTEGRO DE COSTOS Y GASTOS | E37: 108000 | N37: =SUM(B37:M37) -> 108000
A38: AJUSTE AL PESO | C38: 0.72 | D38: 9 | N38: =SUM(B38:M38) -> 9.72
A39: TOTAL INGRESOS NO OPERACIONALES | B39: =SUM(B35:B38) -> 649746 | C39: =SUM(C35:C38) -> 686175.72 | D39: =SUM(D35:D38) -> 546977 | E39: =SUM(E35:E38) -> 257452 | F39: =SUM(F35:F38) -> 160593 | G39: =SUM(G35:G38) -> 231923 | H39: =SUM(H35:H38) -> 0 | I39: =SUM(I35:I38) -> 0 | ... N39: =SUM(N35:N38) -> 2532866.7 | O39: =+N39/N40 -> 0.0058288783
A40: TOTAL DE INGRESOS | B40: =+B11+B30+B33+B39 -> 89258205 | C40: =+C11+C30+C33+C39 -> 35562214 | D40: =+D11+D30+D33+D39 -> 87133031 | E40: =+E11+E30+E33+E39 -> 116586845 | F40: =+F11+F30+F33+F39 -> 34456739 | G40: =+G11+G30+G33+G39 -> 71540557 | H40: =+H11+H30+H33+H39 -> 0 | I40: =+I11+I30+I33+I39 -> 0 | ... O40: =+O11+O30+O33+O39 -> 1
A42: GASTOS Y COSTOS | P42: 7
A43: GASTOS ADMINISTRATIVOS
A44: NOMINA Y HONORARIOS | B44: =+'EJECUCION SOC ENE 24'!D11 -> 2345766 | C44: =+'EJECUCION SOC FEB 24'!D12 -> 5956861 | D44: =+'EJECUCION SOCIAL MARZO 24'!D12 -> 5273131.2 | E44: =+'EJECUCION SOCIAL ABRIL 24'!D12 -> 5537309.6 | F44: =+'EJECUCION SOCIAL MAY 24'!D12 -> 6411405.8 | G44: =+'EJECUCION SOCIAL JUN 24'!D12 -> 5429840.2 | N44: =SUM(B44:M44) -> 30954314
A45: ASESORIA CONTABLE | B45: 131136 | C45: 131136 | D45: 131136 | E45: 131136 | F45: 131136 | G45: 131136 | N45: =SUM(B45:M45) -> 786816
A46: ARL PRACTICANTE | B46: 0 | C46: 0 | D46: 0 | E46: 0 | F46: 0 | G46: 0 | N46: =SUM(B46:M46) -> 0
A47: AUXILIO DE TTE DE PRACTICANTES | B47: 0 | C47: 0 | D47: 0 | E47: 0 | F47: 0 | G47: 0 | N47: =SUM(B47:M47) -> 0
A48: OTROS HONORARIOS | B48: 64000 | C48: 255000 | D48: 0 | E48: 91000 | F48: 115000 | G48: 75000 | N48: =SUM(B48:M48) -> 600000
A49: IMPUESTO PREDIAL | E49: 0 | F49: 0 | G49: 0 | N49: =SUM(B49:M49) -> 0
A50: IMPUESTOS VARIOS | B50: 0 | C50: 5324.8 | D50: 2601.8 | E50: 705.5 | F50: 104500.2 | G50: 9711.4 | N50: =SUM(B50:M50) -> 122843.7
A51: SEGUROS | B51: 0 | C51: 0 | D51: 0 | E51: 0 | F51: 0 | G51: 206360 | N51: =SUM(B51:M51) -> 206360
A52: ADMINISTRACION DE LOCALES | B52: 0 | C52: 0 | D52: 0 | E52: 0 | F52: 0 | G52: 0 | N52: =SUM(B52:M52) -> 0
A53: TELEFONIA | B53: 19507.5 | C53: 20183.8 | D53: 18533.8 | E53: 42841.4 | F53: 19121.7 | G53: 19121.7 | N53: =SUM(B53:M53) -> 139309.9
A54: INTERNET | B54: 20122.1 | C54: 23603.2 | D54: 23846.7 | E54: 0 | F54: 23981.9 | G54: 23895.8 | N54: =SUM(B54:M54) -> 115449.7
A55: ASEO Y VIGILANCIA | B55: 20124.6 | C55: 120931.2 | D55: 0 | E55: 0 | F55: 0 | G55: 29433.4 | N55: =SUM(B55:M55) -> 170489.2
A56: GOOGLE SUITE-LICENCIAS Y HOSTING | B56: 209220.5 | C56: 133911.9 | D56: 18072.2 | E56: 19453.6 | F56: 67741.2 | G56: 21785.6 | N56: =SUM(B56:M56) -> 470185
A57: COMPRA DE ACTIVOS OFICINA | B57: 419300 | C57: 0 | D57: 0 | E57: 0 | F57: 0 | G57: 0 | N57: =SUM(B57:M57) -> 419300
A58: PUBLICIDAD Y PORTAL WEB | B58: 0 | C58: 0 | D58: 0 | E58: 0 | F58: 0 | G58: 0 | N58: =SUM(B58:M58) -> 0
A59: MENSAJERIA | B59: 0 | C59: 16000 | D59: 2000 | E59: 4400 | F59: 0 | G59: 1500 | N59: =SUM(B59:M59) -> 23900
A60: SERVICIOS GENERALES | B60: 0 | C60: 0 | D60: 0 | E60: 0 | F60: 0 | G60: 0 | N60: =SUM(B60:M60) -> 0
A61: TRANSPORTE FLETES Y ACARREOS | B61: 0 | C61: 0 | D61: 0 | E61: 0 | F61: 35000 | G61: 0 | N61: =SUM(B61:M61) -> 35000
... A66: GASTOS DIFERIDOS | B66: 18898.1 | C66: 18898.1 | D66: 18898.1 | E66: 18898.1 | F66: 18898.1 | G66: 38617.3 | N66: =SUM(B66:M66) -> 133107.8
A67: GASTOS EN EJECUCION DE PROYECTOS | C67: 0 | D67: 0 | E67: 0 | F67: 0 | G67: 0 | N67: =SUM(B67:M67) -> 0
A68: PAPELERIA | B68: 0 | C68: 71007 | D68: 20665.3 | E68: 9929.6 | F68: 4699 | G68: 79981.5 | N68: =SUM(B68:M68) -> 186282.4
A69: ASEO Y CAFETERIA | B69: 21522.1 | C69: 23760.9 | D69: 30875.9 | E69: 13860.7 | F69: 23082.2 | G69: 0 | N69: =SUM(B69:M69) -> 113101.8
A70: TAXIS Y BUSES | B70: 27640 | C70: 41200 | D70: 23965 | E70: 13800 | F70: 24560 | G70: 14500 | N70: =SUM(B70:M70) -> 145665
A71: PARQUEADEROS | B71: 420.2 | C71: 2020.2 | D71: 420.2 | E71: 2394.9 | F71: 420.2 | G71: 1260.5 | N71: =SUM(B71:M71) -> 6936.2
A72: ATENCION EXALUMNAS | B72: 0 | C72: 0 | D72: 0 | E72: 0 | F72: 0 | G72: 0 | N72: =SUM(B72:M72) -> 0
A73: INVERSION PROYECTO SEGURIDAD ALIMENTARIA ASOEX | B73: 0 | C73: 0 | D73: 0 | E73: 0 | F73: 0 | G73: 0 | N73: =SUM(B73:M73) -> 0
A74: INVERSION PROYECTO ÉXITO | B74: 0 | C74: 0 | D74: 0 | E74: 0 | F74: 0 | G74: 0 | N74: =SUM(B74:M74) -> 0
A75: INVERSION EN PROYECTO EDUCATIVO | E75: 0 | F75: 0 | G75: 0 | N75: =SUM(B75:M75) -> 0
A76: INVERSION PROYECTO CESDE-ASOEX | E76: 0 | F76: 0 | G76: 0 | N76: =SUM(B76:M76) -> 0
A77: DONACIONES VARIAS | B77: 0 | C77: 0 | D77: 0 | E77: 0 | F77: 0 | G77: 0 | N77: =SUM(B77:M77) -> 0
A78: OTROS | B78: 0 | C78: 0 | D78: 0 | E78: 0 | F78: 0 | G78: 20710 | N78: =SUM(B78:M78) -> 20710
A79: TOTAL GASTOS ADMINISTRATIVOS | B79: =SUM(B44:B78) -> 3372161.4 | C79: =SUM(C44:C78) -> 6868651.9 | D79: =SUM(D44:D78) -> 5770616.2 | E79: =SUM(E44:E78) -> 5940971.6 | F79: =SUM(F44:F78) -> 7026596.3 | G79: =SUM(G44:G78) -> 6111853.4 | H79: =SUM(H44:H78) -> 0 | I79: =SUM(I44:I78) -> 0 | ... N79: =SUM(N44:N78) -> 35090851 | O79: =+N79/N139 -> 0.083531217
A80: INVERSIÓN SOCIAL PROYECTOS ASOEX | P80: 8
A81: NOMINA Y HONORARIOS | B81: =+'EJECUCION SOC ENE 24'!S11 -> 803116 | C81: =+'EJECUCION SOC FEB 24'!S12 -> 1224471.7 | D81: =+'EJECUCION SOCIAL MARZO 24'!S12 -> 1076671.7 | E81: =+'EJECUCION SOCIAL ABRIL 24'!S12 -> 1121114.8 | F81: =+'EJECUCION SOCIAL MAY 24'!S12 -> 1395764 | G81: =+'EJECUCION SOCIAL JUN 24'!S12 -> 1099543.9 | N81: =SUM(B81:M81) -> 6720682
A82: ASESORIA CONTABLE | B82: 118022.4 | C82: 118022.4 | D82: 118022.4 | E82: 118022.4 | F82: 118022.4 | G82: 118022.4 | N82: =SUM(B82:M82) -> 708134.4
A83: ARL PRACTICANTE | B83: 0 | C83: 0 | D83: 0 | E83: 0 | F83: 0 | G83: 0 | N83: =SUM(B83:M83) -> 0
A84: AUXILIO DE TTE DE PRACTICANTES | C84: 0 | D84: 0 | E84: 0 | F84: 0 | G84: 0 | N84: =SUM(B84:M84) -> 0
A85: OTROS HONORARIOS | B85: 166400 | C85: 663000 | D85: 0 | E85: 327600 | F85: 414000 | G85: 270000 | N85: =SUM(B85:M85) -> 1841000
A86: IMPUESTO PREDIAL | E86: 0 | F86: 0 | G86: 0 | N86: =SUM(B86:M86) -> 0
A87: IMPUESTOS VARIOS | B87: 0 | C87: 0 | D87: 0 | E87: 0 | F87: 0 | G87: 0 | N87: =SUM(B87:M87) -> 0
A88: SEGUROS | B88: 0 | C88: 0 | D88: 0 | E88: 0 | F88: 0 | G88: 206360 | N88: =SUM(B88:M88) -> 206360
A89: ADMINISTRACION DE LOCALES | B89: 0 | C89: 0 | D89: 0 | E89: 0 | F89: 0 | G89: 0 | N89: =SUM(B89:M89) -> 0
A90: TELEFONIA | B90: 9753.75 | C90: 10091.9 | D90: 9266.9 | E90: 21420.7 | F90: 9560.85 | G90: 9560.85 | N90: =SUM(B90:M90) -> 69654.95
A91: INTERNET | B91: 10061.05 | C91: 11801.6 | D91: 11923.35 | E91: 0 | F91: 11990.95 | G91: 11947.9 | N91: =SUM(B91:M91) -> 57724.85
A92: ASEO Y VIGILANCIA | B92: 30186.9 | C92: 181396.8 | D92: 0 | E92: 0 | F92: 0 | G92: 44150.1 | N92: =SUM(B92:M92) -> 255733.8
A93: GOOGLE SUITE-LICENCIAS Y HOSTING | B93: 313830.75 | C93: 200867.85 | D93: 27108.3 | E93: 29180.4 | F93: 101611.8 | G93: 32678.4 | N93: =SUM(B93:M93) -> 705277.5
A94: COMPRA DE ACTIVOS OFICINA | B94: 628950 | C94: 0 | D94: 0 | E94: 0 | F94: 0 | G94: 0 | N94: =SUM(B94:M94) -> 628950
A95: PUBLICIDAD Y PORTAL WEB | B95: 0 | C95: 0 | D95: 0 | E95: 0 | F95: 0 | G95: 0 | N95: =SUM(B95:M95) -> 0
A96: MENSAJERIA | B96: 0 | C96: 76800 | D96: 9600 | E96: 21120 | F96: 0 | G96: 7200 | N96: =SUM(B96:M96) -> 114720
A97: SERVICIOS GENERALES | B97: 0 | C97: 0 | D97: 0 | E97: 0 | F97: 0 | G97: 0 | N97: =SUM(B97:M97) -> 0
A98: TRANSPORTE FLETES Y ACARREOS | B98: 0 | C98: 0 | D98: 0 | E98: 0 | F98: 108500 | G98: 0 | N98: =SUM(B98:M98) -> 108500
... A103: GASTOS DIFERIDOS | B103: 30236.96 | C103: 30236.96 | D103: 30236.96 | E103: 30236.96 | F103: 30236.96 | G103: 61787.68 | N103: =SUM(B103:M103) -> 212972.48
A104: GASTOS EN EJECUCION DE PROYECTOS | C104: 8330131 | D104: 596131 | E104: 3934 | F104: 155491 | G104: 301994 | N104: =SUM(B104:M104) -> 9387681
A105: PAPELERIA | B105: 0 | C105: 149114.7 | D105: 43397.13 | E105: 20852.16 | F105: 9867.9 | G105: 167961.15 | N105: =SUM(B105:M105) -> 391193.04
A106: ASEO Y CAFETERIA | B106: 45196.41 | C106: 49897.89 | D106: 64839.39 | E106: 29107.47 | F106: 48472.62 | G106: 0 | N106: =SUM(B106:M106) -> 237513.78
A107: TAXIS Y BUSES | B107: 58044 | C107: 86520 | D107: 50326.5 | E107: 28980 | F107: 51576 | G107: 30450 | N107: =SUM(B107:M107) -> 305896.5
A108: PARQUEADEROS | B108: 1302.62 | C108: 6262.62 | D108: 1302.62 | E108: 7424.19 | F108: 1302.62 | G108: 3907.55 | N108: =SUM(B108:M108) -> 21502.22
A109: ATENCION EXALUMNAS | B109: 223529 | C109: 1530000 | D109: 361102 | E109: 351136 | F109: 404481 | G109: 1502510 | N109: =SUM(B109:M109) -> 4372758
A110: INVERSION PROYECTO SEGURIDAD ALIMENTARIA ASOEX | B110: 0 | C110: 2760000 | D110: 2880000 | E110: 4500000 | F110: 3120000 | G110: 3240000 | N110: =SUM(B110:M110) -> 16500000
...

Sheet ER A JUL 2024
B1: ASOCIACIÓN DE EXALUMNAS DEL COLEGIO LA ENSEÑANZA
B2: NIT: 890.905.759-5
B3: Estado de Resultados por Períodos
B4: De enero a mayo 2024
B6: DESCRIPCIÓN | C6: ENERO | D6: FEBRERO | E6: MARZO | F6: ABRIL | G6: MAYO | H6: JUNIO | I6: JULIO | J6: AGO | K6: SEPT | L6: OCT | M6: NOV | N6: DIC | O6: TOTAL | P6: PART % | Q6: NOTAS
B7: INGRESOS
B8: INGRESOS POR ACTIVIDADES COMERCIALES | Q8: 3
B9: VENTAS DE UNIFORMES | C9: 73603359 | D9: 8892438 | E9: 3258823 | F9: =+'ER AJUSTADO ENE-JUL CC 2024'!E9 -> 5262185 | G9: =+'ER AJUSTADO ENE-JUL CC 2024'!F9 -> 3824370 | H9: =+'ER AJUSTADO ENE-JUL CC 2024'!G9 -> 2928571 | I9: 5863025 | O9: =SUM(C9:N9) -> 103632771
B10: ARRENDAMIENTOS | C10: 9226600 | D10: 9226600 | E10: 9226600 | F10: =+'ER AJUSTADO ENE-JUL CC 2024'!E10 -> 9226600 | G10: =+'ER AJUSTADO ENE-JUL CC 2024'!F10 -> 9226600 | H10: =+'ER AJUSTADO ENE-JUL CC 2024'!G10 -> 9226600 | I10: 9226600 | O10: =SUM(C10:N10) -> 64586200
B11: TOTAL POR ACTIVIDADES COMERCIALES | C11: =+C9+C10 -> 82829959 | D11: =SUM(D9:D10) -> 18119038 | E11: =SUM(E9:E10) -> 12485423 | F11: =SUM(F9:F10) -> 14488785 | G11: =SUM(G9:G10) -> 13050970 | H11: =SUM(H9:H10) -> 12155171 | I11: =SUM(I9:I10) -> 15089625 | J11: =SUM(J9:J10) -> 0 | K11: =SUM(K9:K10) -> 0 | ... O11: =SUM(O9:O10) -> 168218971 | P11: =+O11/O40 -> 0.33531242
B12: INGRESOS POR DONACIONES | Q12: 4
B13: APORTE DE EXALUMNAS | C13: 510000 | D13: 585000 | E13: 595000 | F13: 485000 | G13: =+'ER AJUSTADO ENE-JUL CC 2024'!F13 -> 505000 | H13: 515000 | I13: 1600000 | O13: =SUM(C13:N13) -> 4795000 | P13: =+O13/$O$30 -> 0.044569162
B14: CUOTA DE AFILIACIÓN | D14: 180000 | E14: 810000 | H14: 90000 | O14: =SUM(C14:N14) -> 1080000 | P14: =+O14/$O$30 -> 0.010038518
B15: QUINQUENIOS | I15: 1805000 | O15: =SUM(C15:N15) -> 1805000 | P15: =+O15/$O$30 -> 0.016777338
B16: ALMUERZOS | H16: 1970000 | O16: =SUM(C16:N16) -> 1970000
B17: TIENDA ESCOLAR | C17: 676500 | E17: 738900 | F17: 762400 | G17: =+'ER AJUSTADO ENE-JUL CC 2024'!F17 -> 824800 | H17: 594800 | I17: 1246200 | O17: =SUM(C17:N17) -> 4843600
B18: CAMPAÑA ESPECIAL ALEX | C18: 3860000 | D18: 60000 | O18: =SUM(C18:N18) -> 3920000 | P18: =+O18/$O$30 -> 0.036436103
B19: CONFERENCIA | O19: =SUM(C19:N19) -> 0 | P19: =+O19/$O$30 -> 0
B20: RETIRO | O20: =SUM(C20:N20) -> 0 | P20: =+O20/$O$30 -> 0
B21: ALMUERZO | O21: =SUM(C21:N21) -> 0 | P21: =+O21/$O$30 -> 0
B22: FOTOGRAFIA | O22: =SUM(C22:N22) -> 0 | P22: =+O22/$O$30 -> 0
B23: CAMPAÑA BONO (RIFA) | O23: =SUM(C23:N23) -> 0 | P23: =+O23/$O$30 -> 0
B24: PROYECTO AJUARES | O24: =SUM(C24:N24) -> 0 | P24: =+O24/$O$30 -> 0
B25: ROPERO | D25: 1025000 | E25: 582500 | F25: 3508000 | G25: =+'ER AJUSTADO ENE-JUL CC 2024'!F25 -> 988500 | H25: 1342000 | I25: 1436000 | O25: =SUM(C25:N25) -> 8882000 | P25: =+O25/$O$30 -> 0.082557517
B26: PROYECTO DE SEGURIDAD ALIMENTARIA | C26: 732000 | D26: 4350000 | E26: 2956000 | F26: 2911000 | G26: =+'ER AJUSTADO ENE-JUL CC 2024'!F26 -> 3570000 | H26: 3310000 | I26: 3435000 | O26: =SUM(C26:N26) -> 21264000 | P26: =+O26/$O$30 -> 0.19764727
B27: PROYECTO DE SEGURIDAD ALIMENTARIA ÉXITO-ASOCIACION | D27: 10557000 | E27: 10251000 | F27: 10557000 | G27: =+'ER AJUSTADO ENE-JUL CC 2024'!F27 -> 10404000 | H27: 10557000 | O27: =SUM(C27:N27) -> 52326000 | P27: =+O27/$O$30 -> 0.48636621
B28: DONACIONES DE TERCEROS PARTICULARES | I28: 5200000 | O28: =SUM(C28:N28) -> 5200000 | P28: =+O28/$O$30 -> 0.048333606
B29: OTROS | E29: 1500000 | O29: =SUM(C29:N29) -> 1500000 | P29: =+O29/$O$30 -> 0.013942386
B30: TOTAL DONACIONES | C30: =SUM(C13:C29) -> 5778500 | D30: =SUM(D13:D29) -> 16757000 | E30: =SUM(E13:E29) -> 17433400 | F30: =SUM(F13:F29) -> 18223400 | G30: =SUM(G13:G29) -> 16292300 | H30: =SUM(H13:H29) -> 18378800 | I30: =SUM(I13:I29) -> 14722200 | J30: =SUM(J13:J29) -> 0 | ... O30: =SUM(O13:O29) -> 107585600 | P30: =+O30/O40 -> 0.21445136
B31: INGRESOS POR EJECUCION DE PROYECTO EDUCATIVO | Q31: 5
B32: JUANITAS PRO Y PLUS | C32: 0 | D32: 0 | E32: 56667231 | F32: =+'ER AJUSTADO ENE-JUL CC 2024'!E32 -> 83617208 | G32: =+'ER AJUSTADO ENE-JUL CC 2024'!F32 -> 4952876 | H32: 40774663 | I32: 36965872 | O32: =SUM(C32:N32) -> 222977850
B33: TOTAL PROYECTOS EDUCATIVOS | C33: =SUM(C32) -> 0 | D33: =SUM(D32) -> 0 | E33: =SUM(E32) -> 56667231 | F33: =SUM(F32) -> 83617208 | G33: =SUM(G32) -> 4952876 | H33: =SUM(H32) -> 40774663 | I33: =SUM(I32) -> 36965872 | J33: =SUM(J32) -> 0 | ... O33: =SUM(O32) -> 222977850 | P33: =+O33/O40 -> 0.44446379
B34: INGRESOS NO OPERACIONALES | Q34: 6
B35: INTERESES FINANCIEROS | C35: 649746 | D35: 686175 | E35: 546968 | F35: 147452 | G35: =+'ER AJUSTADO ENE-JUL CC 2024'!F35 -> 160593 | H35: 231923 | I35: 363033 | O35: =SUM(C35:N35) -> 2785890 | P35: =+O35/$O$39 -> 0.96201124
B36: APROVECHAMIENTOS | F36: 2000 | O36: =SUM(C36:N36) -> 2000 | P36: =+O36/$O$39 -> 0.00069063117
B37: REINTEGRO DE COSTOS Y GASTOS | F37: 108000 | O37: =SUM(C37:N37) -> 108000 | P37: =+O37/$O$39 -> 0.037294083
B38: AJUSTE AL PESO | D38: 0.72 | E38: 9 | I38: 2 | O38: =SUM(C38:N38) -> 11.72 | P38: =+O38/$O$39 -> 4.0470987e-06
B39: TOTAL INGRESOS NO OPERACIONALES | C39: =SUM(C35:C38) -> 649746 | D39: =SUM(D35:D38) -> 686175.72 | E39: =SUM(E35:E38) -> 546977 | F39: =SUM(F35:F38) -> 257452 | G39: =SUM(G35:G38) -> 160593 | H39: =SUM(H35:H38) -> 231923 | I39: =SUM(I35:I38) -> 363035 | J39: =SUM(J35:J38) -> 0 | ... O39: =SUM(O35:O38) -> 2895901.7 | P39: =+O39/O40 -> 0.0057724274
B40: TOTAL DE INGRESOS | C40: =+C11+C30+C33+C39 -> 89258205 | D40: =+D11+D30+D33+D39 -> 35562214 | E40: =+E11+E30+E33+E39 -> 87133031 | F40: =+F11+F30+F33+F39 -> 116586845 | G40: =+G11+G30+G33+G39 -> 34456739 | H40: =+H11+H30+H33+H39 -> 71540557 | I40: =+I11+I30+I33+I39 -> 67140732 | J40: =+J11+J30+J33+J39 -> 0 | ... P40: =+P11+P30+P33+P39 -> 1
B42: GASTOS Y COSTOS | Q42: 7
B43: GASTOS ADMINISTRATIVOS
B44: NOMINA Y HONORARIOS | C44: =+'EJECUCION SOC ENE 24'!D11 -> 2345766 | D44: =+'EJECUCION SOC FEB 24'!D12 -> 5956861 | E44: =+'EJECUCION SOCIAL MARZO 24'!D12 -> 5273131.2 | F44: =+'EJECUCION SOCIAL ABRIL 24'!D12 -> 5537309.6 | G44: =+'EJECUCION SOCIAL MAY 24'!D12 -> 6411405.8 | H44: 5429840.2 | I44: =+'EJECUCION SOCIAL JUL 24'!D12 -> 5465840.2 | O44: =SUM(C44:N44) -> 36420154 | P44: =+O44/$O$79 -> 0.88693258
B45: ASESORIA CONTABLE | C45: 131136 | D45: 131136 | E45: 131136 | F45: 131136 | G45: 131136 | H45: 131136 | I45: 131136 | O45: =SUM(C45:N45) -> 917952 | P45: =+O45/$O$79 -> 0.022354698
B46: ARL PRACTICANTE | C46: 0 | D46: 0 | E46: 0 | F46: 0 | G46: 0 | H46: 0 | I46: 0 | O46: =SUM(C46:N46) -> 0 | P46: =+O46/$O$79 -> 0
B47: AUXILIO PRACTICANTE | D47: 0 | E47: 0 | F47: 0 | G47: 0 | H47: 0 | I47: 0 | O47: =SUM(C47:N47) -> 0
B48: OTROS HONORARIOS | C48: 64000 | D48: 255000 | E48: 0 | F48: 91000 | G48: 115000 | H48: 75000 | I48: 75000 | O48: =SUM(C48:N48) -> 675000 | P48: =+O48/$O$79 -> 0.016438137
B49: IMPUESTO PREDIAL | F49: 0 | G49: 0 | H49: 0 | I49: 0 | O49: =SUM(C49:N49) -> 0
B50: IMPUESTOS VARIOS | C50: 0 | D50: 5324.8 | E50: 2601.8 | F50: 705.5 | G50: 104500.2 | H50: 9711.4 | I50: 8059.3 | O50: =SUM(C50:N50) -> 130903 | P50: =+O50/$O$79 -> 0.003187854
B51: SEGUROS | C51: 0 | D51: 0 | E51: 0 | F51: 0 | G51: 0 | H51: 206360 | I51: 0 | O51: =SUM(C51:N51) -> 206360 | P51: =+O51/$O$79 -> 0.005025443
B52: ADMINISTRACION DE LOCALES | C52: 0 | D52: 0 | E52: 0 | F52: 0 | G52: 0 | H52: 0 | I52: 0 | O52: =SUM(C52:N52) -> 0 | P52: =+O52/$O$79 -> 0
B53: TELEFONIA | C53: 19507.5 | D53: 20183.8 | E53: 18533.8 | F53: 42841.4 | G53: 19121.7 | H53: 19121.7 | I53: 20111.7 | O53: =SUM(C53:N53) -> 159421.6 | P53: =+O53/$O$79 -> 0.0038823617
B54: INTERNET | C54: 20122.1 | D54: 23603.2 | E54: 23846.7 | F54: 0 | G54: 23981.9 | H54: 23895.8 | I54: 23820.5 | O54: =SUM(C54:N54) -> 139270.2 | P54: =+O54/$O$79 -> 0.0033916188
B55: ASEO Y VIGILANCIA | C55: 20124.6 | D55: 120931.2 | E55: 0 | F55: 0 | G55: 0 | H55: 29433.4 | I55: 0 | O55: =SUM(C55:N55) -> 170489.2 | P55: =+O55/$O$79 -> 0.0041518887
B56: GOOGLE SUITE-LICENCIAS Y HOSTING | C56: 209220.5 | D56: 133911.9 | E56: 18072.2 | F56: 19453.6 | G56: 67741.2 | H56: 21785.6 | I56: 68932.4 | O56: =SUM(C56:N56) -> 539117.4 | P56: =+O56/$O$79 -> 0.013129016
B57: COMPRA DE ACTIVOS OFICINA | C57: 419300 | D57: 0 | E57: 0 | F57: 0 | G57: 0 | H57: 0 | I57: 0 | O57: =SUM(C57:N57) -> 419300 | P57: =+O57/$O$79 -> 0.010211127
B58: PUBLICIDAD Y PORTAL WEB | C58: 0 | D58: 0 | E58: 0 | F58: 0 | G58: 0 | H58: 0 | I58: 0 | O58: =SUM(C58:N58) -> 0
B59: MENSAJERIA | C59: 0 | D59: 16000 | E59: 2000 | F59: 4400 | G59: 0 | H59: 1500 | I59: 0 | O59: =SUM(C59:N59) -> 23900 | P59: =+O59/$O$79 -> 0.00058203182
B60: SERVICIOS GENERALES | C60: 0 | D60: 0 | E60: 0 | F60: 0 | G60: 0 | H60: 0 | I60: 0 | O60: =SUM(C60:N60) -> 0 | P60: =+O60/$O$79 -> 0
B61: TRANSPORTE FLETES Y ACARREOS | C61: 0 | D61: 0 | E61: 0 | F61: 0 | G61: 35000 | H61: 0 | I61: 0 | O61: =SUM(C61:N61) -> 35000 | P61: =+O61/$O$79 -> 0.00085234786
B62: GASTOS LEGALES | C62: 790 | D62: 0 | E62: 206470 | F62: 790 | G62: 47050 | H62: 0 | I62: 0 | O62: =SUM(C62:N62) -> 255100 | P62: =+O62/$O$79 -> 0.0062123982
B63: GASTOS DE REPRESENTACION | C63: 0 | D63: 10495.8 | E63: 0 | F63: 24452.2 | G63: 0 | H63: 0 | I63: 8204.4 | O63: =SUM(C63:N63) -> 43152.4 | P63: =+O63/$O$79 -> 0.0010508816
B64: ADMINISTRACION DE REDES SOCIALES | C64: 0 | D64: 0 | E64: 0 | F64: 0 | G64: 0 | H64: 0 | I64: 0 | O64: =SUM(C64:N64) -> 0 | P64: =+O64/$O$79 -> 0
B65: MANTENIMIENTO Y REPARACIONES | C65: 73714.3 | D65: 38318 | E65: 0 | F65: 30000 | G65: 0 | H65: 9000 | I65: 96000 | O65: =SUM(C65:N65) -> 247032.3 | P65: =+O65/$O$79 -> 0.0060159272
B66: GASTOS DIFERIDOS | C66: 18898.1 | D66: 18898.1 | E66: 18898.1 | F66: 18898.1 | G66: 18898.1 | H66: 38617.3 | I66: 38617.3 | O66: =SUM(C66:N66) -> 171725.1 | P66: =+O66/$O$79 -> 0.0041819863
B67: GASTOS EN EJECUCIÓN DE PROYECTOS | C67: 0 | D67: 0 | E67: 0 | F67: 0 | G67: 0 | H67: 0 | I67: 0 | O67: =SUM(C67:N67) -> 0 | P67: =+O67/$O$79 -> 0
B68: PAPELERIA | C68: 0 | D68: 71007 | E68: 20665.3 | F68: 9929.6 | G68: 4699 | H68: 79981.5 | I68: 5190 | O68: =SUM(C68:N68) -> 191472.4 | P68: =+O68/$O$79 -> 0.0046628883
B69: ASEO Y CAFETERIA | C69: 21522.1 | D69: 23760.9 | E69: 30875.9 | F69: 13860.7 | G69: 23082.2 | H69: 0 | I69: 9403.6 | O69: =SUM(C69:N69) -> 122505.4 | P69: =+O69/$O$79 -> 0.002983349
B70: TAXIS Y BUSES | C70: 27640 | D70: 41200 | E70: 23965 | F70: 13800 | G70: 24560 | H70: 14500 | I70: 20200 | O70: =SUM(C70:N70) -> 165865 | P70: =+O70/$O$79 -> 0.0040392765
... B74: INVERSION PROYECTO ÉXITO | C74: 0 | D74: 0 | E74: 0 | F74: 0 | G74: 0 | H74: 0 | I74: 0 | O74: =SUM(C74:N74) -> 0 | P74: =+O74/$O$79 -> 0
B75: INVERSION EN PROYECTO EDUCATIVO | F75: 0 | G75: 0 | H75: 0 | I75: 0 | O75: =SUM(C75:N75) -> 0 | P75: =+O75/$O$79 -> 0
B76: INVERSION PROYECTO CESDE-ASOEX | F76: 0 | G76: 0 | H76: 0 | I76: 0 | O76: =SUM(C76:N76) -> 0 | P76: =+O76/$O$79 -> 0
B77: DONACIONES VARIAS | C77: 0 | D77: 0 | E77: 0 | F77: 0 | G77: 0 | H77: 0 | I77: 0 | O77: =SUM(C77:N77) -> 0 | P77: =+O77/$O$79 -> 0
B78: OTROS | C78: 0 | D78: 0 | E78: 0 | F78: 0 | G78: 0 | H78: 20710 | I78: 0 | O78: =SUM(C78:N78) -> 20710 | P78: =+O78/$O$79 -> 0.0005043464
B79: TOTAL GASTOS ADMINISTRATIVOS | C79: =SUM(C44:C78) -> 3372161.4 | D79: =SUM(D44:D78) -> 6868651.9 | E79: =SUM(E44:E78) -> 5770616.2 | F79: =SUM(F44:F78) -> 5940971.6 | G79: =SUM(G44:G78) -> 7026596.3 | H79: =SUM(H44:H78) -> 6111853.4 | I79: =SUM(I44:I78) -> 5972196.1 | J79: =SUM(J44:J78) -> 0 | ... O79: =SUM(O44:O78) -> 41063047 | P79: =+O79/O135 -> 0.096377457
B80: INVERSIÓN SOCIAL PROYECTOS ASOEX | Q80: 8
B81: NOMINA Y HONORARIOS | C81: =+'EJECUCION SOC ENE 24'!K11+'EJECUCION SOC ENE 24'!S11 -> 8272978.4 | D81: =+'EJECUCION SOC FEB 24'!K12+'EJECUCION SOC FEB 24'!S12 -> 12318505 | E81: =+'EJECUCION SOCIAL MARZO 24'!K12+'EJECUCION SOCIAL MARZO 24'!S12 -> 10955641 | F81: =+'EJECUCION SOCIAL ABRIL 24'!K12+'EJECUCION SOCIAL ABRIL 24'!S12 -> 12370831 | G81: =+'EJECUCION SOCIAL MAY 24'!K12+'EJECUCION SOCIAL MAY 24'!S12 -> 14672432 | H81: =+'EJECUCION SOCIAL JUN 24'!K12+'EJECUCION SOCIAL JUN 24'!S12 -> 11548772 | O81: =SUM(C81:N81) -> 70139160 | P81: =+O81/$O$118 -> 0.21600877
B82: ASESORIA CONTABLE | C82: 1180224 | D82: 1180224 | E82: 1180224 | F82: 1180224 | G82: 1180224 | H82: 1180224 | O82: =SUM(C82:N82) -> 7081344 | P82: =+O82/$O$118 -> 0.021808536
B83: ARL PRACTICANTE | C83: 6260 | D83: 0 | E83: 13744 | F83: 0 | G83: 13618 | H83: 0 | O83: =SUM(C83:N83) -> 33622 | P83: =+O83/$O$118 -> 0.00010354625
B84: AUXILIO PRACTICANTE | D84: 1000000 | E84: 1000000 | F84: 1000000 | G84: 1000000 | H84: 1000000 | O84: =SUM(C84:N84) -> 5000000 | P84: =+O84/$O$118 -> 0.015398585
B85: OTROS HONORARIOS | C85: 576000 | D85: 2295000 | E85: 0 | F85: 819000 | G85: 1035000 | H85: 675000 | O85: =SUM(C85:N85) -> 5400000 | P85: =+O85/$O$118 -> 0.016630472
B86: IMPUESTO PREDIAL | F86: 3953130 | G86: 0 | H86: 0 | O86: =SUM(C86:N86) -> 3953130 | P86: =+O86/$O$118 -> 0.012174522
B87: IMPUESTOS VARIOS | C87: 0 | D87: 47923.2 | E87: 23416.2 | F87: 6349.5 | G87: 940501.8 | H87: 87402.6 | O87: =SUM(C87:N87) -> 1105593.3 | P87: =+O87/$O$118 -> 0.0034049146
B88: SEGUROS | C88: 0 | D88: 0 | E88: 0 | F88: 0 | G88: 0 | H88: 1857240 | O88: =SUM(C88:N88) -> 1857240 | P88: =+O88/$O$118 -> 0.0057197737
B89: ADMINISTRACION DE LOCALES | C89: 517814 | D89: 517814 | E89: 517767 | F89: 517767 | G89: 517407 | H89: 517767 | O89: =SUM(C89:N89) -> 3106336 | P89: =+O89/$O$118 -> 0.009566636
B90: TELEFONIA | C90: 175567.5 | D90: 181654.2 | E90: 166804.2 | F90: 385572.6 | G90: 172095.3 | H90: 172095.3 | O90: =SUM(C90:N90) -> 1253789.1 | P90: =+O90/$O$118 -> 0.0038613157
B91: INTERNET | C91: 181098.9 | D91: 212428.8 | E91: 214620.3 | F91: 0 | G91: 215837.1 | H91: 215062.2 | O91: =SUM(C91:N91) -> 1039047.3 | P91: =+O91/$O$118 -> 0.0031999717
B92: ASEO Y VIGILANCIA | C92: 181121.4 | D92: 1088380.8 | E92: 0 | F92: 0 | G92: 0 | H92: 264900.6 | O92: =SUM(C92:N92) -> 1534402.8 | P92: =+O92/$O$118 -> 0.0047255265
B93: GOOGLE SUITE-LICENCIAS Y HOSTING | C93: 1882984.5 | D93: 1205207.1 | E93: 162649.8 | F93: 175082.4 | G93: 609670.8 | H93: 196070.4 | O93: =SUM(C93:N93) -> 4231665 | P93: =+O93/$O$118 -> 0.013032331
B94: COMPRA DE ACTIVOS OFICINA | C94: 3773700 | D94: 0 | E94: 0 | F94: 0 | G94: 0 | H94: 0 | O94: =SUM(C94:N94) -> 3773700 | P94: =+O94/$O$118 -> 0.011621928
B95: PUBLICIDAD Y PORTAL WEB | C95: 0 | D95: 0 | E95: 0 | F95: 0 | G95: 0 | H95: 0 | O95: =SUM(C95:N95) -> 0 | P95: =+O95/$O$118 -> 0
B96: MENSAJERIA | C96: 0 | D96: 144000 | E96: 18000 | F96: 39600 | G96: 0 | H96: 13500 | O96: =SUM(C96:N96) -> 215100 | P96: =+O96/$O$118 -> 0.00066244714
B97: SERVICIOS GENERALES | C97: 0 | D97: 0 | E97: 0 | F97: 0 | G97: 0 | H97: 0 | O97: =SUM(C97:N97) -> 0 | P97: =+O97/$O$118 -> 0
B98: TRANSPORTE FLETES Y ACARREOS | C98: 0 | D98: 0 | E98: 0 | F98: 0 | G98: 315000 | H98: 0 | O98: =SUM(C98:N98) -> 315000 | P98: =+O98/$O$118 -> 0.00097011088
... B109: ATENCION EXALUMNAS | C109: 223529 | D109: 1530000 | E109: 361102 | F109: 351136 | G109: 404481 | H109: 1502510 | O109: =SUM(C109:N109) -> 4372758 | P109: =+O109/$O$118 -> 0.013466857
B110: COSTO TECNICO OPERATIVO PROYECTO SOCIAL ASOEX | C110: =SUM(C81:C109) -> 18258140 | D110: =SUM(D81:D109) -> 31902568 | E110: =SUM(E81:E109) -> 17921750 | F110: =SUM(F81:F109) -> 21829756 | G110: =SUM(G81:G109) -> 22300143 | H110: =SUM(H81:H109) -> 20822772 | I110: =SUM(I81:I109) -> 0 | J110: =SUM(J81:J109) -> 0 | ... O110: =SUM(O81:O109) -> 1.3303513e+08 | P110: =+O110/$O$118 -> 0.40971056
B111: INVERSION PROYECTO SEGURIDAD ALIMENTARIA ASOEX | C111: 0 | D111: 2760000 | E111: 2880000 | F111: 4500000 | G111: 3120000 | H111: 3240000 | O111: =SUM(C111:N111) -> 16500000 | P111: =+O111/$O$118 -> 0.050815332
B112: INVERSION PROYECTO ÉXITO | C112: 103616 | D112: 10763677 | E112: 10307300 | F112: 11088200 | G112: 11685600 | H112: 11865000 | O112: =SUM(C112:N112) -> 55813393 | P112: =+O112/$O$118 -> 0.17188946
B113: INVERSION PROYECTO CESDE-ASOEX | F113: 2618300 | G113: 0 | H113: 0 | O113: =SUM(C113:N113) -> 2618300 | P113: =+O113/$O$118 -> 0.0080636232
B114: INVERSION FONDO EDUCATIVO | F114: 47112772 | G114: 0 | H114: 0 | O114: =SUM(C114:N114) -> 47112772 | P114: =+O114/$O$118 -> 0.14509401
B115: DONACIONES PARA EL DESARROLLO DE PROGRAMAS DEL COLEGIO | C115: 0 | D115: 400000 | E115: 0 | F115: 900000 | G115: 400000 | H115: 400000 | O115: =SUM(C115:N115) -> 2100000 | P115: =+O115/$O$118 -> 0.0064674059
...

Sheet EJECUCION SOC ENE 24
A1: EJECUCION SOCIAL ASOCIACION DE EXALUMNAS COLEGIO LA ENSEÑAÑZA
C2: ADMINISTRACION | E2: PROYECTOS EDUCATIVOS INVERSION SOCIAL | L2: INVERSION SOCIAL | T2: ACTIVIDAD COMERCIAL | AB2: PRUEBA
A3: CONCEPTO DEL GASTO | B3: GASTO O COSTO TOTAL | C3: CCA | D3: CCA | E3: CC1 | G3: CC2 | I3: CC3 | K3: CC1+CC2+CC3 | L3: CC4 | N3: CC4 | O3: CC5 | Q3: CC6 | S3: CC4+CC5+CC6 | T3: CC7 | V3: CC8 | X3: CC7+CC8 | Y3: CC9 | AA3: CC9
A4: Nomina y Honorarios | B4: Valor total del gasto | C4: Aministracion | D4: Total del gasto cargado a Administración | E4: juanitas Pro | F4: valor | G4: Juanitas Plus | H4: valor | I4: Conferencias | J4: Valor | K4: Total del gasto en Proyectos eduacativos | L4: Mercados | M4: Valor | N4: Total mercados | O4: Ropero | P4: Valor | Q4: Eventos Asociación Eucaristias-Bonos-Quinquenios-Ajuares-Retiros y otros | R4: Valor | S4: Total del gasto llevado a la Inversion social | T4: Tienda escolar | U4: Valor | V4: Venta de uniformes | W4: Valor | X4: Total gastos uniformes y tienda | Y4: Arriendos comerciales | Z4: Valor | AA4: Total del gasto y costo llevado a la Actividad comercial | AB4: casilla de prueba 1 | AC4: casilla de prueba 2
A5: CLARA VICTORIA MONTEALEGRE | B5: =+' NOMINAS ENE-DIC'!I6+' NOMINAS ENE-DIC'!I15 -> 3555560 | C5: =+'%'!B4 -> 0.35 | D5: =+B5*C5 -> 1244446 | E5: =+'%'!C4 -> 0 | F5: =+B5*E5 -> 0 | G5: =+'%'!D4 -> 0 | H5: =+B5*G5 -> 0 | I5: =+'%'!E4 -> 0 | J5: =+B5*I5 -> 0 | K5: =+F5+H5+J5 -> 0 | L5: =+'%'!F4 -> 0.01 | M5: =+L5*B5 -> 35555.6 | N5: =+M5 -> 35555.6 | O5: =+'%'!G4 -> 0.02 | P5: =+O5*B5 -> 71111.2 | Q5: =+'%'!H4 -> 0.05 | R5: =+Q5*B5 -> 177778 | S5: =+P5+R5 -> 248889.2 | T5: =+'%'!I4 -> 0.2 | U5: =+T5*B5 -> 711112 | V5: =+'%'!J4 -> 0.27 | W5: =+V5*B5 -> 960001.2 | X5: =+U5+W5 -> 1671113.2 | Y5: =+'%'!K4 -> 0.1 | Z5: =+Y5*B5 -> 355556 | AA5: =+Z5 -> 355556 | AB5: =+(D5+K5+N5+S5+X5+AA5)-B5 -> 0 | AC5: =+C5+E5+G5+I5+L5+O5+Q5+T5+V5+Y5 -> 1
A6: DAVID ALEJANDRO MUÑOZ RUIZ | B6: =+' NOMINAS ENE-DIC'!I7+' NOMINAS ENE-DIC'!I16 -> 2505296 | C6: =+'%'!B5 -> 0 | D6: =+B6*C6 -> 0 | E6: =+'%'!C5 -> 0.4 | F6: =+B6*E6 -> 1002118.4 | G6: =+'%'!D5 -> 0.6 | H6: =+B6*G6 -> 1503177.6 | I6: =+'%'!E5 -> 0 | J6: =+B6*I6 -> 0 | K6: =+F6+H6+J6 -> 2505296 | L6: =+'%'!F5 -> 0 | M6: =+L6*B6 -> 0 | N6: =+M6 -> 0 | O6: =+'%'!G5 -> 0 | P6: =+O6*B6 -> 0 | Q6: =+'%'!H5 -> 0 | R6: =+Q6*B6 -> 0 | S6: =+P6+R6 -> 0 | T6: =+'%'!I5 -> 0 | U6: =+T6*B6 -> 0 | V6: =+'%'!J5 -> 0 | W6: =+V6*B6 -> 0 | X6: =+U6+W6 -> 0 | Y6: =+'%'!K5 -> 0 | Z6: =+Y6*B6 -> 0 | AA6: =+Z6 -> 0 | AB6: =+(D6+K6+N6+S6+X6+AA6)-B6 -> 0 | AC6: =+C6+E6+G6+I6+L6+O6+Q6+T6+V6+Y6 -> 1
A7: VANESSA FORONDA LOPEZ | B7: =+' NOMINAS ENE-DIC'!I5+' NOMINAS ENE-DIC'!I14 -> 2505296 | C7: =+'%'!B7 -> 0 | D7: =+B7*C7 -> 0 | E7: =+'%'!C7 -> 0.25 | F7: =+B7*E7 -> 626324 | G7: =+'%'!D7 -> 0.45 | H7: =+B7*G7 -> 1127383.2 | I7: =+'%'!E7 -> 0.2 | J7: =+B7*I7 -> 501059.2 | K7: =+F7+H7+J7 -> 2254766.4 | L7: =+'%'!F7 -> 0 | M7: =+L7*B7 -> 0 | N7: =+M7 -> 0 | O7: =+'%'!G7 -> 0 | P7: =+O7*B7 -> 0 | Q7: =+'%'!H7 -> 0.05 | R7: =+Q7*B7 -> 125264.8 | S7: =+P7+R7 -> 125264.8 | T7: =+'%'!I7 -> 0 | U7: 0 | V7: =+'%'!J7 -> 0.05 | W7: =+V7*B7 -> 125264.8 | X7: =+U7+W7 -> 125264.8 | Y7: =+'%'!K7 -> 0 | Z7: =+Y7*B7 -> 0 | AA7: =+Z7 -> 0 | AB7: =+(D7+K7+N7+S7+X7+AA7)-B7 -> 0 | AC7: =+C7+E7+G7+I7+L7+O7+Q7+T7+V7+Y7 -> 1
A8: MARIA EUGENIA RESTREPO (Honorarios) | B8: =+' NOMINAS ENE-DIC'!D22 -> 2827000 | C8: =+'%'!B8 -> 0.2 | D8: =+B8*C8 -> 565400 | E8: =+'%'!C8 -> 0.1 | F8: =+B8*E8 -> 282700 | G8: =+'%'!D8 -> 0.3 | H8: =+B8*G8 -> 848100 | I8: =+'%'!E8 -> 0.1 | J8: =+B8*I8 -> 282700 | K8: =+F8+H8+J8 -> 1413500 | L8: =+'%'!F8 -> 0 | M8: =+L8*B8 -> 0 | N8: =+M8 -> 0 | O8: 0.02 | P8: =+O8*B8 -> 56540 | Q8: =+'%'!H8 -> 0.05 | R8: =+Q8*B8 -> 141350 | S8: =+P8+R8 -> 197890 | T8: =+'%'!I8 -> 0 | U8: =+T8*B8 -> 0 | V8: =+'%'!J8 -> 0.1 | W8: =+V8*B8 -> 282700 | X8: =+U8+W8 -> 282700 | Y8: 0.13 | Z8: =+Y8*B8 -> 367510 | AA8: =+Z8 -> 367510 | AB8: =+(D8+K8+N8+S8+X8+AA8)-B8 -> 0 | AC8: =+C8+E8+G8+I8+L8+O8+Q8+T8+V8+Y8 -> 1
A9: LUZ MARIA GOMEZ SALDARRIAGA | B9: =+' NOMINAS ENE-DIC'!D23 -> 1809600 | C9: =+'%'!B8 -> 0.2 | D9: =+B9*C9 -> 361920 | E9: =+'%'!C8 -> 0.1 | F9: =+B9*E9 -> 180960 | G9: =+'%'!D8 -> 0.3 | H9: =+B9*G9 -> 542880 | I9: =+'%'!E8 -> 0.1 | J9: =+B9*I9 -> 180960 | K9: =+F9+H9+J9 -> 904800 | L9: =+'%'!F8 -> 0 | M9: =+L9*B9 -> 0 | N9: =+M9 -> 0 | O9: 0.02 | P9: =+O9*B9 -> 36192 | Q9: =+'%'!H8 -> 0.05 | R9: =+Q9*B9 -> 90480 | S9: =+P9+R9 -> 126672 | T9: =+'%'!I8 -> 0 | U9: =+T9*B9 -> 0 | V9: =+'%'!J8 -> 0.1 | W9: =+V9*B9 -> 180960 | X9: =+U9+W9 -> 180960 | Y9: 0.13 | Z9: =+Y9*B9 -> 235248 | AA9: =+Z9 -> 235248 | AB9: =+(D9+K9+N9+S9+X9+AA9)-B9 -> 0 | AC9: =+C9+E9+G9+I9+L9+O9+Q9+T9+V9+Y9 -> 1
A10: DAVID CORRALES RODAS (Honorarios) | B10: =+' NOMINAS ENE-DIC'!D21 -> 870000 | C10: =+'%'!B9 -> 0.2 | D10: =+B10*C10 -> 174000 | E10: =+'%'!C9 -> 0.1 | F10: =+B10*E10 -> 87000 | G10: =+'%'!D9 -> 0.2 | H10: =+B10*G10 -> 174000 | I10: =+'%'!E9 -> 0.15 | J10: =+B10*I10 -> 130500 | K10: =+F10+H10+J10 -> 391500 | L10: =+'%'!F9 -> 0 | M10: =+L10*B10 -> 0 | N10: =+M10 -> 0 | O10: 0.02 | P10: =+O10*B10 -> 17400 | Q10: =+'%'!H9 -> 0.1 | R10: =+Q10*B10 -> 87000 | S10: =+P10+R10 -> 104400 | T10: =+'%'!I9 -> 0 | U10: =+T10*B10 -> 0 | V10: =+'%'!J9 -> 0.2 | W10: =+V10*B10 -> 174000 | X10: =+U10+W10 -> 174000 | Y10: 0.03 | Z10: =+Y10*B10 -> 26100 | AA10: =+Z10 -> 26100 | AB10: =+(D10+K10+N10+S10+X10+AA10)-B10 -> 0 | AC10: =+C10+E10+G10+I10+L10+O10+Q10+T10+V10+Y10 -> 1
A11: TOTALES | B11: =SUM(B5:B10) -> 14072752 | D11: =SUM(D5:D10) -> 2345766 | F11: =SUM(F5:F10) -> 2179102.4 | H11: =SUM(H5:H10) -> 4195540.8 | J11: =SUM(J5:J10) -> 1095219.2 | K11: =SUM(K5:K10) -> 7469862.4 | M11: =SUM(M5:M10) -> 35555.6 | N11: =+M11 -> 35555.6 | P11: =SUM(P5:P10) -> 181243.2 | R11: =SUM(R5:R10) -> 621872.8 | S11: =+P11+R11 -> 803116 | U11: =SUM(U5:U10) -> 711112 | W11: =SUM(W5:W10) -> 1722926 | X11: =SUM(X5:X10) -> 2434038 | Z11: =SUM(Z5:Z10) -> 984414 | AA11: =SUM(AA5:AA10) -> 984414 | AB11: =+(D11+K11+N11+S11+X11+AA11)-B11 -> 0 | AC11: =+C11+E11+G11+I11+L11+O11+Q11+T11+V11+Y11 -> 0
A14: Otros gastos diferentes a Nomina y Honorarios | B14: Valor total del gasto | C14: Aministracion | D14: Total del gasto cargado a Administración | E14: juanitas Pro | F14: valor | G14: Juanitas Plus | H14: valor | I14: Conferencias | J14: Valor | K14: total de gasto en proyectos educativos | L14: Mercados | M14: Valor | N14: Total mercados | O14: Ropero | P14: Valor | Q14: Eventos Asociación Eucaristias-Bonos-Quinquenios-Ajuares-Retiros y otros | R14: Valor | S14: Total del gasto llevado a la Inversion social | T14: Tienda escolar | U14: Valor | V14: Venta de uniformes | W14: Valor | X14: CC7+CC8 | Y14: Arriendos comerciales | Z14: Valor | AA14: CC9 | AB14: casilla de prueba 1 | AC14: casilla de prueba 2 | AD14: total gasto inv social
A15: ASESORIA CONTABLE | B15: 1311360 | C15: 0.1 | D15: =+B15*C15 -> 131136 | E15: 0.05 | F15: =+B15*E15 -> 65568 | G15: 0.15 | H15: =+B15*G15 -> 196704 | I15: 0.01 | J15: =+B15*I15 -> 13113.6 | K15: =+F15+H15+J15 -> 275385.6 | L15: 0.01 | M15: =+L15*B15 -> 13113.6 | N15: =+M15 -> 13113.6 | O15: 0.03 | P15: =+O15*B15 -> 39340.8 | Q15: 0.05 | R15: =+Q15*B15 -> 65568 | S15: =+P15+R15 -> 104908.8 | T15: 0.15 | U15: =+T15*B15 -> 196704 | V15: 0.45 | W15: =+V15*B15 -> 590112 | X15: =+U15+W15 -> 786816 | Y15: 0 | Z15: =+Y15*B15 -> 0 | AA15: =+Z15 -> 0 | AB15: =+(D15+K15+N15+S15+X15+AA15)-B15 -> 0 | AC15: =+C15+E15+G15+I15+L15+O15+Q15+T15+V15+Y15 -> 1 | AD15: =+AA15+S15+K15 -> 380294.4
A16: ARL PRACTICANTE | B16: =+' NOMINAS ENE-DIC'!I8 -> 6260 | C16: 0 | D16: =+B16*C16 -> 0 | E16: 0.6 | F16: =+B16*E16 -> 3756 | G16: 0.4 | H16: =+B16*G16 -> 2504 | I16: 0 | J16: =+B16*I16 -> 0 | K16: =+F16+H16+J16 -> 6260 | L16: 0 | M16: =+L16*B16 -> 0 | N16: =+M16 -> 0 | O16: 0 | P16: =+O16*B16 -> 0 | Q16: 0 | R16: =+Q16*B16 -> 0 | S16: =+P16+R16 -> 0 | T16: 0 | U16: =+T16*B16 -> 0 | V16: 0 | W16: =+V16*B16 -> 0 | X16: =+U16+W16 -> 0 | Y16: 0 | Z16: =+Y16*B16 -> 0 | AA16: =+Z16 -> 0 | AB16: =+(D16+K16+N16+S16+X16+AA16)-B16 -> 0 | AC16: =+C16+E16+G16+I16+L16+O16+Q16+T16+V16+Y16 -> 1 | AD16: =+AA16+S16+K16 -> 6260
A17: OTROS HONORARIOS | B17: 640000 | C17: 0.1 | D17: =+B17*C17 -> 64000 | E17: 0 | F17: =+B17*E17 -> 0 | G17: 0 | H17: =+B17*G17 -> 0 | I17: 0 | J17: =+B17*I17 -> 0 | K17: =+F17+H17+J17 -> 0 | L17: 0.01 | M17: =+L17*B17 -> 6400 | N17: =+M17 -> 6400 | O17: 0.1 | P17: =+O17*B17 -> 64000 | Q17: 0.15 | R17: =+Q17*B17 -> 96000 | S17: =+P17+R17 -> 160000 | T17: 0.2 | U17: =+T17*B17 -> 128000 | V17: 0.34 | W17: =+V17*B17 -> 217600 | X17: =+U17+W17 -> 345600 | Y17: 0.1 | Z17: =+Y17*B17 -> 64000 | AA17: =+Z17 -> 64000 | AB17: =+(D17+K17+N17+S17+X17+AA17)-B17 -> 0 | AC17: =+C17+E17+G17+I17+L17+O17+Q17+T17+V17+Y17 -> 1 | AD17: =+AA17+S17+K17 -> 224000
A18: IMPUESTOS VARIOS | C18: 0.1 | D18: =+B18*C18 -> 0 | E18: 0 | F18: =+B18*E18 -> 0 | G18: 0 | H18: =+B18*G18 -> 0 | I18: 0 | J18: =+B18*I18 -> 0 | K18: =+F18+H18+J18 -> 0 | L18: 0 | M18: =+L18*B18 -> 0 | N18: =+M18 -> 0 | O18: 0 | P18: =+O18*B18 -> 0 | Q18: 0 | R18: =+Q18*B18 -> 0 | S18: =+P18+R18 -> 0 | T18: 0.1 | U18: =+T18*B18 -> 0 | V18: 0.7 | W18: =+V18*B18 -> 0 | X18: =+U18+W18 -> 0 | Y18: 0.1 | Z18: =+Y18*B18 -> 0 | AA18: =+Z18 -> 0 | AB18: =+(D18+K18+N18+S18+X18+AA18)-B18 -> 0 | AC18: =+C18+E18+G18+I18+L18+O18+Q18+T18+V18+Y18 -> 1 | AD18: =+AA18+S18+K18 -> 0
A19: SEGUROS | C19: 0.1 | D19: =+B19*C19 -> 0 | E19: 0.05 | F19: =+B19*E19 -> 0 | G19: 0.05 | H19: =+B19*G19 -> 0 | I19: 0.01 | J19: =+B19*I19 -> 0 | K19: =+F19+H19+J19 -> 0 | L19: 0 | M19: =+L19*B19 -> 0 | N19: =+M19 -> 0 | O19: 0.05 | P19: =+O19*B19 -> 0 | Q19: 0.05 | R19: =+Q19*B19 -> 0 | S19: =+P19+R19 -> 0 | T19: 0 | U19: =+T19*B19 -> 0 | V19: 0.45 | W19: =+V19*B19 -> 0 | X19: =+U19+W19 -> 0 | Y19: 0.24 | Z19: =+Y19*B19 -> 0 | AA19: =+Z19 -> 0 | AB19: =+(D19+K19+N19+S19+X19+AA19)-B19 -> 0 | AC19: =+C19+E19+G19+I19+L19+O19+Q19+T19+V19+Y19 -> 1 | AD19: =+AA19+S19+K19 -> 0
A20: ADMINISTRACION DE LOCALES | B20: =419894+97920 -> 517814 | C20: 0 | D20: =+B20*C20 -> 0 | E20: 0 | F20: =+B20*E20 -> 0 | G20: 0 | H20: =+B20*G20 -> 0 | I20: 0 | J20: =+B20*I20 -> 0 | K20: =+F20+H20+J20 -> 0 | L20: 0 | M20: =+L20*B20 -> 0 | N20: =+M20 -> 0 | O20: 0 | P20: =+O20*B20 -> 0 | Q20: 0 | R20: =+Q20*B20 -> 0 | S20: =+P20+R20 -> 0 | T20: 0 | U20: =+T20*B20 -> 0 | V20: 0 | W20: =+V20*B20 -> 0 | X20: =+U20+W20 -> 0 | Y20: 1 | Z20: =+Y20*B20 -> 517814 | AA20: =+Z20 -> 517814 | AB20: =+(D20+K20+N20+S20+X20+AA20)-B20 -> 0 | AC20: =+C20+E20+G20+I20+L20+O20+Q20+T20+V20+Y20 -> 1 | AD20: =+AA20+S20+K20 -> 517814
A21: TELEFONIA | B21: 195075 | C21: 0.1 | D21: =+B21*C21 -> 19507.5 | E21: 0.05 | F21: =+B21*E21 -> 9753.75 | G21: 0.15 | H21: =+B21*G21 -> 29261.25 | I21: 0 | J21: =+B21*I21 -> 0 | K21: =+F21+H21+J21 -> 39015 | L21: 0 | M21: =+L21*B21 -> 0 | N21: =+M21 -> 0 | O21: 0 | P21: =+O21*B21 -> 0 | Q21: 0.05 | R21: =+Q21*B21 -> 9753.75 | S21: =+P21+R21 -> 9753.75 | T21: 0.15 | U21: =+T21*B21 -> 29261.25 | V21: 0.45 | W21: =+V21*B21 -> 87783.75 | X21: =+U21+W21 -> 117045 | Y21: 0.05 | Z21: =+Y21*B21 -> 9753.75 | AA21: =+Z21 -> 9753.75 | AB21: =+(D21+K21+N21+S21+X21+AA21)-B21 -> 0 | AC21: =+C21+E21+G21+I21+L21+O21+Q21+T21+V21+Y21 -> 1 | AD21: =+AA21+S21+K21 -> 58522.5
A22: INTERNET | B22: 201221 | C22: 0.1 | D22: =+B22*C22 -> 20122.1 | E22: 0.05 | F22: =+B22*E22 -> 10061.05 | G22: 0.15 | H22: =+B22*G22 -> 30183.15 | I22: 0 | J22: =+B22*I22 -> 0 | K22: =+F22+H22+J22 -> 40244.2 | L22: 0 | M22: =+L22*B22 -> 0 | N22: =+M22 -> 0 | O22: 0 | P22: =+O22*B22 -> 0 | Q22: 0.05 | R22: =+Q22*B22 -> 10061.05 | S22: =+P22+R22 -> 10061.05 | T22: 0.15 | U22: =+T22*B22 -> 30183.15 | V22: 0.45 | W22: =+V22*B22 -> 90549.45 | X22: =+U22+W22 -> 120732.6 | Y22: 0.05 | Z22: =+Y22*B22 -> 10061.05 | AA22: =+Z22 -> 10061.05 | AB22: =+(D22+K22+N22+S22+X22+AA22)-B22 -> 0 | AC22: =+C22+E22+G22+I22+L22+O22+Q22+T22+V22+Y22 -> 1 | AD22: =+AA22+S22+K22 -> 60366.3
A23: ASEO Y VIGILANCIA | B23: 201246 | C23: 0.1 | D23: =+B23*C23 -> 20124.6 | E23: 0 | F23: =+B23*E23 -> 0 | G23: 0 | H23: =+B23*G23 -> 0 | I23: 0.1 | J23: =+B23*I23 -> 20124.6 | K23: =+F23+H23+J23 -> 20124.6 | L23: 0 | M23: =+L23*B23 -> 0 | N23: =+M23 -> 0 | O23: 0.05 | P23: =+O23*B23 -> 10062.3 | Q23: 0.1 | R23: =+Q23*B23 -> 20124.6 | S23: =+P23+R23 -> 30186.9 | T23: 0.05 | U23: =+T23*B23 -> 10062.3 | V23: 0.6 | W23: =+V23*B23 -> 120747.6 | X23: =+U23+W23 -> 130809.9 | Y23: 0 | Z23: =+Y23*B23 -> 0 | AA23: =+Z23 -> 0 | AB23: =+(D23+K23+N23+S23+X23+AA23)-B23 -> 0 | AC23: =+C23+E23+G23+I23+L23+O23+Q23+T23+V23+Y23 -> 1 | AD23: =+AA23+S23+K23 -> 50311.5
A24: GOOGLE SUITE-LICENCIAS Y HOSTING | B24: =384000+1708205 -> 2092205 | C24: 0.1 | D24: =+B24*C24 -> 209220.5 | E24: 0 | F24: =+B24*E24 -> 0 | G24: 0.1 | H24: =+B24*G24 -> 209220.5 | I24: 0.02 | J24: =+B24*I24 -> 41844.1 | K24: =+F24+H24+J24 -> 251064.6 | L24: 0 | M24: =+L24*B24 -> 0 | N24: =+M24 -> 0 | O24: 0.1 | P24: =+O24*B24 -> 209220.5 | Q24: 0.05 | R24: =+Q24*B24 -> 104610.25 | S24: =+P24+R24 -> 313830.75 | T24: 0.02 | U24: =+T24*B24 -> 41844.1 | V24: 0.61 | W24: =+V24*B24 -> 1276245.1 | X24: =+U24+W24 -> 1318089.2 | Y24: 0 | Z24: =+Y24*B24 -> 0 | AA24: =+Z24 -> 0 | AB24: =+(D24+K24+N24+S24+X24+AA24)-B24 -> 0 | AC24: =+C24+E24+G24+I24+L24+O24+Q24+T24+V24+Y24 -> 1 | AD24: =+AA24+S24+K24 -> 564895.35
A25: COMPRA DE ACTIVOS OFICINA | B25: =3898000+295000 -> 4193000 | C25: 0.1 | D25: =+B25*C25 -> 419300 | E25: 0 | F25: =+B25*E25 -> 0 | G25: 0.1 | H25: =+B25*G25 -> 419300 | I25: 0.02 | J25: =+B25*I25 -> 83860 | K25: =+F25+H25+J25 -> 503160 | L25: 0 | M25: =+L25*B25 -> 0 | N25: =+M25 -> 0 | O25: 0.1 | P25: =+O25*B25 -> 419300 | Q25: 0.05 | R25: =+Q25*B25 -> 209650 | S25: =+P25+R25 -> 628950 | T25: 0.02 | U25: =+T25*B25 -> 83860 | V25: 0.61 | W25: =+V25*B25 -> 2557730 | X25: =+U25+W25 -> 2641590 | Y25: 0 | Z25: =+Y25*B25 -> 0 | AA25: =+Z25 -> 0 | AB25: =+(D25+K25+N25+S25+X25+AA25)-B25 -> 0 | AC25: =+C25+E25+G25+I25+L25+O25+Q25+T25+V25+Y25 -> 1 | AD25: =+AA25+S25+K25 -> 1132110
A26: PUBLICIDAD Y PORTAL WEB | C26: 0.1 | D26: =+B26*C26 -> 0 | E26: 0.05 | F26: =+B26*E26 -> 0 | G26: 0.05 | H26: =+B26*G26 -> 0 | I26: 0.01 | J26: =+B26*I26 -> 0 | K26: =+F26+H26+J26 -> 0 | L26: 0 | M26: =+L26*B26 -> 0 | N26: =+M26 -> 0 | O26: 0.02 | P26: =+O26*B26 -> 0 | Q26: 0.25 | R26: =+Q26*B26 -> 0 | S26: =+P26+R26 -> 0 | T26: 0.02 | U26: =+T26*B26 -> 0 | V26: 0.5 | W26: =+V26*B26 -> 0 | X26: =+U26+W26 -> 0 | Y26: 0 | Z26: =+Y26*B26 -> 0 | AA26: =+Z26 -> 0 | AB26: =+(D26+K26+N26+S26+X26+AA26)-B26 -> 0 | AC26: =+C26+E26+G26+I26+L26+O26+Q26+T26+V26+Y26 -> 1 | AD26: =+AA26+S26+K26 -> 0
A27: MENSAJERIA | C27: 0.1 | D27: =+B27*C27 -> 0 | E27: 0 | F27: =+B27*E27 -> 0 | G27: 0 | H27: =+B27*G27 -> 0 | I27: 0 | J27: =+B27*I27 -> 0 | K27: =+F27+H27+J27 -> 0 | L27: 0.1 | M27: =+L27*B27 -> 0 | N27: =+M27 -> 0 | O27: 0.1 | P27: =+O27*B27 -> 0 | Q27: 0.28 | R27: =+Q27*B27 -> 0 | S27: =+P27+R27 -> 0 | T27: 0.02 | U27: =+T27*B27 -> 0 | V27: 0.4 | W27: =+V27*B27 -> 0 | X27: =+U27+W27 -> 0 | Y27: 0 | Z27: =+Y27*B27 -> 0 | AA27: =+Z27 -> 0 | AB27: =+(D27+K27+N27+S27+X27+AA27)-B27 -> 0 | AC27: =+C27+E27+G27+I27+L27+O27+Q27+T27+V27+Y27 -> 1 | AD27: =+AA27+S27+K27 -> 0
A28: SERVICIOS GENERALES | C28: 0.1 | D28: =+B28*C28 -> 0 | E28: 0 | F28: =+B28*E28 -> 0 | G28: 0 | H28: =+B28*G28 -> 0 | I28: 0 | J28: =+B28*I28 -> 0 | K28: =+F28+H28+J28 -> 0 | L28: 0.01 | M28: =+L28*B28 -> 0 | N28: =+M28 -> 0 | O28: 0.1 | P28: =+O28*B28 -> 0 | Q28: 0.2 | R28: =+Q28*B28 -> 0 | S28: =+P28+R28 -> 0 | T28: 0.05 | U28: =+T28*B28 -> 0 | V28: 0.5 | W28: =+V28*B28 -> 0 | X28: =+U28+W28 -> 0 | Y28: 0.04 | Z28: =+Y28*B28 -> 0 | AA28: =+Z28 -> 0 | AB28: =+(D28+K28+N28+S28+X28+AA28)-B28 -> 0 | AC28: =+C28+E28+G28+I28+L28+O28+Q28+T28+V28+Y28 -> 1 | AD28: =+AA28+S28+K28 -> 0
A29: TRANSPORTE FLETES Y ACARREOS | C29: 0.1 | D29: =+B29*C29 -> 0 | E29: 0 | F29: =+B29*E29 -> 0 | G29: 0 | H29: =+B29*G29 -> 0 | I29: 0 | J29: =+B29*I29 -> 0 | K29: =+F29+H29+J29 -> 0 | L29: 0.01 | M29: =+L29*B29 -> 0 | N29: =+M29 -> 0 | O29: 0.1 | P29: =+O29*B29 -> 0 | Q29: 0.2 | R29: =+Q29*B29 -> 0 | S29: =+P29+R29 -> 0 | T29: 0.05 | U29: =+T29*B29 -> 0 | V29: 0.3 | W29: =+V29*B29 -> 0 | X29: =+U29+W29 -> 0 | Y29: 0.24 | Z29: =+Y29*B29 -> 0 | AA29: =+Z29 -> 0 | AB29: =+(D29+K29+N29+S29+X29+AA29)-B29 -> 0 | AC29: =+C29+E29+G29+I29+L29+O29+Q29+T29+V29+Y29 -> 1 | AD29: =+AA29+S29+K29 -> 0
A30: GASTOS LEGALES | B30: 7900 | C30: 0.1 | D30: =+B30*C30 -> 790 | E30: 0 | F30: =+B30*E30 -> 0 | G30: 0 | H30: =+B30*G30 -> 0 | I30: 0 | J30: =+B30*I30 -> 0 | K30: =+F30+H30+J30 -> 0 | L30: 0.01 | M30: =+L30*B30 -> 79 | N30: =+M30 -> 79 | O30: 0.1 | P30: =+O30*B30 -> 790 | Q30: 0.2 | R30: =+Q30*B30 -> 1580 | S30: =+P30+R30 -> 2370 | T30: 0.05 | U30: =+T30*B30 -> 395 | V30: 0.54 | W30: =+V30*B30 -> 4266 | X30: =+U30+W30 -> 4661 | Y30: 0 | Z30: =+Y30*B30 -> 0 | AA30: =+Z30 -> 0 | AB30: =+(D30+K30+N30+S30+X30+AA30)-B30 -> 0 | AC30: =+C30+E30+G30+I30+L30+O30+Q30+T30+V30+Y30 -> 1 | AD30: =+AA30+S30+K30 -> 2370
A31: GASTOS DE REPRESENTACION | C31: 0.1 | D31: =+B31*C31 -> 0 | E31: 0 | F31: =+B31*E31 -> 0 | G31: 0 | H31: =+B31*G31 -> 0 | I31: 0 | J31: =+B31*I31 -> 0 | K31: =+F31+H31+J31 -> 0 | L31: 0.01 | M31: =+L31*B31 -> 0 | N31: =+M31 -> 0 | O31: 0.1 | P31: =+O31*B31 -> 0 | Q31: 0.2 | R31: =+Q31*B31 -> 0 | S31: =+P31+R31 -> 0 | T31: 0.05 | U31: =+T31*B31 -> 0 | V31: 0.54 | W31: =+V31*B31 -> 0 | X31: =+U31+W31 -> 0 | Y31: 0 | Z31: =+Y31*B31 -> 0 | AA31: =+Z31 -> 0 | AB31: =+(D31+K31+N31+S31+X31+AA31)-B31 -> 0 | AC31: =+C31+E31+G31+I31+L31+O31+Q31+T31+V31+Y31 -> 1 | AD31: =+AA31+S31+K31 -> 0
A32: ADMINISTRACION DE REDES SOCIALES | C32: 0.1 | D32: =+B32*C32 -> 0 | E32: 0 | F32: =+B32*E32 -> 0 | G32: 0 | H32: =+B32*G32 -> 0 | I32: 0 | J32: =+B32*I32 -> 0 | K32: =+F32+H32+J32 -> 0 | L32: 0.01 | M32: =+L32*B32 -> 0 | N32: =+M32 -> 0 | O32: 0.1 | P32: =+O32*B32 -> 0 | Q32: 0.2 | R32: =+Q32*B32 -> 0 | S32: =+P32+R32 -> 0 | T32: 0.05 | U32: =+T32*B32 -> 0 | V32: 0.54 | W32: =+V32*B32 -> 0 | X32: =+U32+W32 -> 0 | Y32: 0 | Z32: =+Y32*B32 -> 0 | AA32: =+Z32 -> 0 | AB32: =+(D32+K32+N32+S32+X32+AA32)-B32 -> 0 | AC32: =+C32+E32+G32+I32+L32+O32+Q32+T32+V32+Y32 -> 1 | AD32: =+AA32+S32+K32 -> 0
A33: MANTENIMIENTO Y REPARACIONES | B33: =277143+180000+280000 -> 737143 | C33: 0.1 | D33: =+B33*C33 -> 73714.3 | E33: 0 | F33: =+B33*E33 -> 0 | G33: 0 | H33: =+B33*G33 -> 0 | I33: 0 | J33: =+B33*I33 -> 0 | K33: =+F33+H33+J33 -> 0 | L33: 0 | M33: =+L33*B33 -> 0 | N33: =+M33 -> 0 | O33: 0 | P33: =+O33*B33 -> 0 | Q33: 0 | R33: =+Q33*B33 -> 0 | S33: =+P33+R33 -> 0 | T33: 0 | U33: =+T33*B33 -> 0 | V33: 0.2 | W33: =+V33*B33 -> 147428.6 | X33: =+U33+W33 -> 147428.6 | Y33: 0.7 | Z33: =+Y33*B33 -> 516000.1 | AA33: =+Z33 -> 516000.1 | AB33: =+(D33+K33+N33+S33+X33+AA33)-B33 -> 0 | AC33: =+C33+E33+G33+I33+L33+O33+Q33+T33+V33+Y33 -> 1 | AD33: =+AA33+S33+K33 -> 516000.1
A34: GASTOS DIFERIDOS | B34: 188981 | C34: 0.1 | D34: =+B34*C34 -> 18898.1 | E34: 0 | F34: =+B34*E34 -> 0 | G34: 0 | H34: =+B34*G34 -> 0 | I34: 0 | J34: =+B34*I34 -> 0 | K34: =+F34+H34+J34 -> 0 | L34: 0.01 | M34: =+L34*B34 -> 1889.81 | N34: =+M34 -> 1889.81 | O34: 0.05 | P34: =+O34*B34 -> 9449.05 | Q34: 0.1 | R34: =+Q34*B34 -> 18898.1 | S34: =+P34+R34 -> 28347.15 | T34: 0.02 | U34: =+T34*B34 -> 3779.62 | V34: 0.4 | W34: =+V34*B34 -> 75592.4 | X34: =+U34+W34 -> 79372.02 | Y34: 0.32 | Z34: =+Y34*B34 -> 60473.92 | AA34: =+Z34 -> 60473.92 | AB34: =+(D34+K34+N34+S34+X34+AA34)-B34 -> 0 | AC34: =+C34+E34+G34+I34+L34+O34+Q34+T34+V34+Y34 -> 1 | AD34: =+AA34+S34+K34 -> 88821.07
A35: PAPELERIA | C35: 0.1 | D35: =+B35*C35 -> 0 | E35: 0 | F35: =+B35*E35 -> 0 | G35: 0 | H35: =+B35*G35 -> 0 | I35: 0 | J35: =+B35*I35 -> 0 | K35: =+F35+H35+J35 -> 0 | L35: 0.01 | M35: =+L35*B35 -> 0 | N35: =+M35 -> 0 | O35: 0.1 | P35: =+O35*B35 -> 0 | Q35: 0.1 | R35: =+Q35*B35 -> 0 | S35: =+P35+R35 -> 0 | T35: 0.1 | U35: =+T35*B35 -> 0 | V35: 0.59 | W35: =+V35*B35 -> 0 | X35: =+U35+W35 -> 0 | Y35: 0 | Z35: =+Y35*B35 -> 0 | AA35: =+Z35 -> 0 | AB35: =+(D35+K35+N35+S35+X35+AA35)-B35 -> 0 | AC35: =+C35+E35+G35+I35+L35+O35+Q35+T35+V35+Y35 -> 1 | AD35: =+AA35+S35+K35 -> 0
A36: ASEO Y CAFETERIA | B36: =102074+113147 -> 215221 | C36: 0.1 | D36: =+B36*C36 -> 21522.1 | E36: 0 | F36: =+B36*E36 -> 0 | G36: 0 | H36: =+B36*G36 -> 0 | I36: 0 | J36: =+B36*I36 -> 0 | K36: =+F36+H36+J36 -> 0 | L36: 0.01 | M36: =+L36*B36 -> 2152.21 | N36: =+M36 -> 2152.21 | O36: 0.1 | P36: =+O36*B36 -> 21522.1 | Q36: 0.1 | R36: =+Q36*B36 -> 21522.1 | S36: =+P36+R36 -> 43044.2 | T36: 0.1 | U36: =+T36*B36 -> 21522.1 | V36: 0.59 | W36: =+V36*B36 -> 126980.39 | X36: =+U36+W36 -> 148502.49 | Y36: 0 | Z36: =+Y36*B36 -> 0 | AA36: =+Z36 -> 0 | AB36: =+(D36+K36+N36+S36+X36+AA36)-B36 -> 0 | AC36: =+C36+E36+G36+I36+L36+O36+Q36+T36+V36+Y36 -> 1 | AD36: =+AA36+S36+K36 -> 43044.2
A37: TAXIS Y BUSES | B37: =268400+8000 -> 276400 | C37: 0.1 | D37: =+B37*C37 -> 27640 | E37: 0 | F37: =+B37*E37 -> 0 | G37: 0 | H37: =+B37*G37 -> 0 | I37: 0 | J37: =+B37*I37 -> 0 | K37: =+F37+H37+J37 -> 0 | L37: 0.01 | M37: =+L37*B37 -> 2764 | N37: =+M37 -> 2764 | O37: 0.1 | P37: =+O37*B37 -> 27640 | Q37: 0.1 | R37: =+Q37*B37 -> 27640 | S37: =+P37+R37 -> 55280 | T37: 0.1 | U37: =+T37*B37 -> 27640 | V37: 0.59 | W37: =+V37*B37 -> 163076 | X37: =+U37+W37 -> 190716 | Y37: 0 | Z37: =+Y37*B37 -> 0 | AA37: =+Z37 -> 0 | AB37: =+(D37+K37+N37+S37+X37+AA37)-B37 -> 0 | AC37: =+C37+E37+G37+I37+L37+O37+Q37+T37+V37+Y37 -> 1 | AD37: =+AA37+S37+K37 -> 55280
A38: PARQUEADEROS | B38: 4202 | C38: 0.1 | D38: =+B38*C38 -> 420.2 | E38: 0 | F38: =+B38*E38 -> 0 | G38: 0 | H38: =+B38*G38 -> 0 | I38: 0 | J38: =+B38*I38 -> 0 | K38: =+F38+H38+J38 -> 0 | L38: 0.01 | M38: =+L38*B38 -> 42.02 | N38: =+M38 -> 42.02 | O38: 0.1 | P38: =+O38*B38 -> 420.2 | Q38: 0.2 | R38: =+Q38*B38 -> 840.4 | S38: =+P38+R38 -> 1260.6 | T38: 0.1 | U38: =+T38*B38 -> 420.2 | V38: 0.49 | W38: =+V38*B38 -> 2058.98 | X38: =+U38+W38 -> 2479.18 | Y38: 0 | Z38: =+Y38*B38 -> 0 | AA38: =+Z38 -> 0 | AB38: =+(D38+K38+N38+S38+X38+AA38)-B38 -> 0 | AC38: =+C38+E38+G38+I38+L38+O38+Q38+T38+V38+Y38 -> 1 | AD38: =+AA38+S38+K38 -> 1260.6
A39: ATENCION EXALUMNAS | B39: 223529 | C39: 0 | D39: =+B39*C39 -> 0 | E39: 0 | F39: =+B39*E39 -> 0 | G39: 0 | H39: =+B39*G39 -> 0 | I39: 0 | J39: =+B39*I39 -> 0 | K39: =+F39+H39+J39 -> 0 | L39: 0 | M39: =+L39*B39 -> 0 | N39: =+M39 -> 0 | O39: 0 | P39: =+O39*B39 -> 0 | Q39: 1 | R39: =+Q39*B39 -> 223529 | S39: =+P39+R39 -> 223529 | T39: 0 | U39: =+T39*B39 -> 0 | V39: 0 | W39: =+V39*B39 -> 0 | X39: =+U39+W39 -> 0 | Y39: 0 | Z39: =+Y39*B39 -> 0 | AA39: =+Z39 -> 0 | AB39: =+(D39+K39+N39+S39+X39+AA39)-B39 -> 0 | AC39: =+C39+E39+G39+I39+L39+O39+Q39+T39+V39+Y39 -> 1 | AD39: =+AA39+S39+K39 -> 223529
A40: COSTO DE PROYECTO MERCADOS | C40: 0 | D40: =+B40*C40 -> 0 | E40: 0 | F40: =+B40*E40 -> 0 | G40: 0 | H40: =+B40*G40 -> 0 | I40: 0 | J40: =+B40*I40 -> 0 | K40: =+F40+H40+J40 -> 0 | L40: 1 | M40: =+L40*B40 -> 0 | N40: =+M40 -> 0 | O40: 0 | P40: =+O40*B40 -> 0 | Q40: 0 | R40: =+Q40*B40 -> 0 | S40: =+P40+R40 -> 0 | T40: 0 | U40: =+T40*B40 -> 0 | V40: 0 | W40: =+V40*B40 -> 0 | X40: =+U40+W40 -> 0 | Y40: 0 | Z40: =+Y40*B40 -> 0 | AA40: =+Z40 -> 0 | AB40: =+(D40+K40+N40+S40+X40+AA40)-B40 -> 0 | AC40: =+C40+E40+G40+I40+L40+O40+Q40+T40+V40+Y40 -> 1 | AD40: =+AA40+S40+K40 -> 0
A41: COSTO PROYECTO ÉXITO | B41: 103616 | C41: 0 | D41: =+B41*C41 -> 0 | E41: 0 | F41: =+B41*E41 -> 0 | G41: 0 | H41: =+B41*G41 -> 0 | I41: 0 | J41: =+B41*I41 -> 0 | K41: =+F41+H41+J41 -> 0 | L41: 1 | M41: =+L41*B41 -> 103616 | N41: =+M41 -> 103616 | O41: 0 | P41: =+O41*B41 -> 0 | Q41: 0 | R41: =+Q41*B41 -> 0 | S41: =+P41+R41 -> 0 | T41: 0 | U41: =+T41*B41 -> 0 | V41: 0 | W41: =+V41*B41 -> 0 | X41: =+U41+W41 -> 0 | Y41: 0 | Z41: =+Y41*B41 -> 0 | AA41: =+Z41 -> 0 | AB41: =+(D41+K41+N41+S41+X41+AA41)-B41 -> 0 | AC41: =+C41+E41+G41+I41+L41+O41+Q41+T41+V41+Y41 -> 1 | AD41: =+AA41+S41+K41 -> 0
A42: DONACIONES VARIAS | C42: 0 | D42: =+B42*C42 -> 0 | E42: 0 | F42: =+B42*E42 -> 0 | G42: 0 | H42: =+B42*G42 -> 0 | I42: 0 | J42: =+B42*I42 -> 0 | K42: =+F42+H42+J42 -> 0 | L42: 0 | M42: =+L42*B42 -> 0 | N42: =+M42 -> 0 | O42: 0 | P42: =+O42*B42 -> 0 | Q42: 0 | R42: =+Q42*B42 -> 0 | S42: =+P42+R42 -> 0 | T42: 0 | U42: =+T42*B42 -> 0 | V42: 0.5 | W42: =+V42*B42 -> 0 | X42: =+U42+W42 -> 0 | Y42: 0.5 | Z42: =+Y42*B42 -> 0 | AA42: =+Z42 -> 0 | AB42: =+(D42+K42+N42+S42+X42+AA42)-B42 -> 0 | AC42: =+C42+E42+G42+I42+L42+O42+Q42+T42+V42+Y42 -> 1 | AD42: =+AA42+S42+K42 -> 0
A43: OTROS | C43: 0.1 | D43: =+B43*C43 -> 0 | E43: 0 | F43: =+B43*E43 -> 0 | G43: 0 | H43: =+B43*G43 -> 0 | I43: 0 | J43: =+B43*I43 -> 0 | K43: =+F43+H43+J43 -> 0 | L43: 0.01 | M43: =+L43*B43 -> 0 | N43: =+M43 -> 0 | O43: 0.1 | P43: =+O43*B43 -> 0 | Q43: 0.2 | R43: =+Q43*B43 -> 0 | S43: =+P43+R43 -> 0 | T43: 0.1 | U43: =+T43*B43 -> 0 | V43: 0.49 | W43: =+V43*B43 -> 0 | X43: =+U43+W43 -> 0 | Y43: 0 | Z43: =+Y43*B43 -> 0 | AA43: =+Z43 -> 0 | AB43: =+(D43+K43+N43+S43+X43+AA43)-B43 -> 0 | AC43: =+C43+E43+G43+I43+L43+O43+Q43+T43+V43+Y43 -> 1 | AD43: =+AA43+S43+K43 -> 0
A44: TOTALES | B44: =SUM(B15:B43) -> 11115173 | D44: =SUM(D15:D43) -> 1026395.4 | F44: =SUM(F15:F43) -> 89138.8 | H44: =SUM(H15:H43) -> 887172.9 | J44: =SUM(J15:J43) -> 158942.3 | K44: =+J44+H44+F44 -> 1135254 | M44: =SUM(M15:M43) -> 130056.64 | N44: =+M44 -> 130056.64 | P44: =SUM(P15:P43) -> 801744.95 | R44: =SUM(R15:R43) -> 809777.25 | S44: =SUM(S15:S43) -> 1611522.2 | U44: =SUM(U15:U43) -> 573671.72 | W44: =SUM(W15:W43) -> 5460170.2 | X44: =SUM(X15:X43) -> 6033841.9 | Z44: =SUM(Z15:Z43) -> 1178102.8 | AA44: =+Z44 -> 1178102.8 | AB44: =+(D44+K44+N44+S44+X44+AA44)-B44 -> 0 | AC44: =+C44+E44+G44+I44+L44+O44+Q44+T44+V44+Y44 -> 0 | AD44: =SUM(AD15:AD43) -> 3924879
A47: Gastos Juanitas Pro directos | B47: Valor total del gasto | C47: Juanitas Plus | D47: Valor | E47: Juanitas Pro | F47: Valor | G47: Prueba 1 | H47: Prueba 2
A48: HONORARIOS DOCENTES | B48: 0 | C48: 0.5 | D48: =+B48*C48 -> 0 | E48: 0.5 | F48: =+E48*B48 -> 0 | G48: =+C48+E48 -> 1 | H48: =+(F48+D48)-B48 -> 0
A49: EQUIPOS MEDICOS | B49: 0 | C49: 0.5 | D49: =+B49*C49 -> 0 | E49: 0.5 | F49: 0 | G49: =+C49+E49 -> 1 | H49: =+(F49+D49)-B49 -> 0
A50: REFRIGERIOS | B50: 0 | C50: 0.5 | D50: =+B50*C50 -> 0 | E50: 0.5 | F50: 0 | G50: =+C50+E50 -> 1 | H50: =+(F50+D50)-B50 -> 0
A51: TRANSPORTES GRUPOS EDUCATIVOS | B51: 0 | C51: 0.5 | D51: =+B51*C51 -> 0 | E51: 0.5 | F51: 0 | G51: =+C51+E51 -> 1 | H51: =+(F51+D51)-B51 -> 0
A52: AUXILIO DE TRANSPORTE JUANITAS | B52: 0 | C52: 0.5 | D52: =+B52*C52 -> 0 | E52: 0.5 | F52: 0 | G52: =+C52+E52 -> 1 | H52: =+(F52+D52)-B52 -> 0
A53: MATERIALES DIDACTICOS | B53: 91429 | C53: 0.5 | D53: =+B53*C53 -> 45714.5 | E53: 0.5 | F53: =+E53*B53 -> 45714.5 | G53: =+C53+E53 -> 1 | H53: =+(F53+D53)-B53 -> 0
A54: VIGILANCIA | B54: 0 | C54: 0.5 | D54: =+B54*C54 -> 0 | E54: 0.5 | F54: =+E54*B54 -> 0 | G54: =+C54+E54 -> 1 | H54: =+(F54+D54)-B54 -> 0
A55: OTROS | B55: 0 | C55: 0.5 | D55: =+B55*C55 -> 0 | E55: 0.5 | F55: 0 | G55: =+C55+E55 -> 1 | H55: =+(F55+D55)-B55 -> 0
A56: TOTAL GASTO DIRECTO JUANITAS PRO MES | B56: =SUM(B48:B55) -> 91429 | D56: =SUM(D48:D55) -> 45714.5 | F56: =SUM(F48:F55) -> 45714.5 | G56: =+C56+E56 -> 0 | H56: =+(F56+D56)-B56 -> 0
A58: TOTAL GASTOS | B58: =+B11+B44+B56 -> 25279354
A60: GASTOS ADMINISTRATIVOS | B60: =+D11+D44 -> 3372161.4
A61: INVERSION SOCIAL PROYECTO EDUCATIVO | B61: =+B56+K11+K44 -> 8696545.4
A62: INVERSION SOCIAL PROYECTOS ASOEX | B62: =+S11+S44 -> 2414638.2
A63: GASTOS ACTIVIDADES COMERCIALES | B63: =+AA11+AA44 -> 2162516.8
A64: TOTAL GASTOS | B64: =SUM(B60:B63) -> 16645862
A65: PRUEBA | B65: =+B58-B64 -> 8633492.2

Sheet EJECUCION SOC FEB 24
A1: EJECUCION SOCIAL ASOCIACION DE EXALUMNAS COLEGIO LA ENSEÑAÑZA
C2: ADMINISTRACION | E2: PROYECTOS EDUCATIVOS INVERSION SOCIAL | L2: INVERSION SOCIAL | T2: ACTIVIDAD COMERCIAL | AB2: PRUEBA
A3: CONCEPTO DEL GASTO | B3: GASTO O COSTO TOTAL | C3: CCA | D3: CCA | E3: CC1 | G3: CC2 | I3: CC3 | K3: CC1+CC2+CC3 | L3: CC4 | N3: CC4 | O3: CC5 | Q3: CC6 | S3: CC5+CC6 | T3: CC7 | V3: CC8 | X3: CC7+CC8 | Y3: CC9 | AA3: CC7+CC8+CC9
A4: Nomina y Honorarios | B4: Valor total del gasto | C4: Aministracion | D4: Total del gasto cargado a Administración | E4: juanitas Pro | F4: valor | G4: Juanitas Plus | H4: valor | I4: Conferencias | J4: Valor | K4: Total del gasto en Proyectos eduacativos | L4: Mercados | M4: Valor | N4: Total mercados | O4: Ropero | P4: Valor | Q4: Eventos Asociación Eucaristias-Bonos-Quinquenios-Ajuares-Retiros y otros | R4: Valor | S4: Total del gasto llevado a la Inversion social | T4: Tienda escolar | U4: Valor | V4: Venta de uniformes | W4: Valor | X4: Total de gasto tienda y uniformes | Y4: Arriendos comerciales | Z4: Valor | AA4: Total del gasto y costo llevado a la Actividad comercial | AB4: casilla de prueba 1 | AC4: casilla de prueba 2
A5: CLARA VICTORIA MONTEALEGRE | B5: =+' NOMINAS ENE-DIC'!I30+' NOMINAS ENE-DIC'!I40 -> 4555560 | C5: =+'%'!B4 -> 0.35 | D5: =+B5*C5 -> 1594446 | E5: =+'%'!C4 -> 0 | F5: =+B5*E5 -> 0 | G5: =+'%'!D4 -> 0 | H5: =+B5*G5 -> 0 | I5: =+'%'!E4 -> 0 | J5: =+B5*I5 -> 0 | K5: =+F5+H5+J5 -> 0 | L5: =+'%'!F4 -> 0.01 | M5: =+L5*B5 -> 45555.6 | N5: =+M5 -> 45555.6 | O5: =+'%'!G4 -> 0.02 | P5: =+O5*B5 -> 91111.2 | Q5: =+'%'!H4 -> 0.05 | R5: =+Q5*B5 -> 227778 | S5: =+P5+R5 -> 318889.2 | T5: =+'%'!I4 -> 0.2 | U5: =+T5*B5 -> 911112 | V5: =+'%'!J4 -> 0.27 | W5: =+V5*B5 -> 1230001.2 | X5: =+U5+W5 -> 2141113.2 | Y5: =+'%'!K4 -> 0.1 | Z5: =+Y5*B5 -> 455556 | AA5: =+Z5 -> 455556 | AB5: =+(D5+K5+N5+S5+X5+AA5)-B5 -> 0 | AC5: =+C5+E5+G5+I5+L5+O5+Q5+T5+V5+Y5 -> 1
A6: DAVID ALEJANDRO MUÑOZ RUIZ | B6: =+' NOMINAS ENE-DIC'!I32+' NOMINAS ENE-DIC'!I42 -> 3227649.2 | C6: =+'%'!B5 -> 0 | D6: =+B6*C6 -> 0 | E6: =+'%'!C5 -> 0.4 | F6: =+B6*E6 -> 1291059.7 | G6: =+'%'!D5 -> 0.6 | H6: =+B6*G6 -> 1936589.5 | I6: =+'%'!E5 -> 0 | J6: =+B6*I6 -> 0 | K6: =+F6+H6+J6 -> 3227649.2 | L6: =+'%'!F5 -> 0 | M6: =+L6*B6 -> 0 | N6: =+M6 -> 0 | O6: =+'%'!G5 -> 0 | P6: =+O6*B6 -> 0 | Q6: =+'%'!H5 -> 0 | R6: =+Q6*B6 -> 0 | S6: =+P6+R6 -> 0 | T6: =+'%'!I5 -> 0 | U6: =+T6*B6 -> 0 | V6: =+'%'!J5 -> 0 | W6: =+V6*B6 -> 0 | X6: =+U6+W6 -> 0 | Y6: =+'%'!K5 -> 0 | Z6: =+Y6*B6 -> 0 | AA6: =+Z6 -> 0 | AB6: =+(D6+K6+N6+S6+X6+AA6)-B6 -> 0 | AC6: =+C6+E6+G6+I6+L6+O6+Q6+T6+V6+Y6 -> 1
A7: VANESSA FORONDA LOPEZ | B7: =+' NOMINAS ENE-DIC'!I29+' NOMINAS ENE-DIC'!I39 -> 3227649.2 | C7: =+'%'!B7 -> 0 | D7: =+B7*C7 -> 0 | E7: =+'%'!C7 -> 0.25 | F7: =+B7*E7 -> 806912.3 | G7: =+'%'!D7 -> 0.45 | H7: =+B7*G7 -> 1452442.1 | I7: =+'%'!E7 -> 0.2 | J7: =+B7*I7 -> 645529.84 | K7: =+F7+H7+J7 -> 2904884.3 | L7: =+'%'!F7 -> 0 | M7: =+L7*B7 -> 0 | N7: =+M7 -> 0 | O7: =+'%'!G7 -> 0 | P7: =+O7*B7 -> 0 | Q7: =+'%'!H7 -> 0.05 | R7: =+Q7*B7 -> 161382.46 | S7: =+P7+R7 -> 161382.46 | T7: =+'%'!I7 -> 0 | U7: 0 | V7: =+'%'!J7 -> 0.05 | W7: =+V7*B7 -> 161382.46 | X7: =+U7+W7 -> 161382.46 | Y7: =+'%'!K7 -> 0 | Z7: =+Y7*B7 -> 0 | AA7: =+Z7 -> 0 | AB7: =+(D7+K7+N7+S7+X7+AA7)-B7 -> 0 | AC7: =+C7+E7+G7+I7+L7+O7+Q7+T7+V7+Y7 -> 1
A8: YUDY ALEJANDRA CARRASQUILLA TAMAYO | B8: =+' NOMINAS ENE-DIC'!I31+' NOMINAS ENE-DIC'!I41+' NOMINAS ENE-DIC'!I45+' NOMINAS ENE-DIC'!I46 -> 2360415 | C8: 1 | D8: =+B8*C8 -> 2360415 | E8: 0 | F8: =+B8*E8 -> 0 | G8: 0 | H8: =+B8*G8 -> 0 | I8: 0 | J8: =+B8*I8 -> 0 | K8: =+F8+H8+J8 -> 0 | L8: 0 | M8: =+L8*B8 -> 0 | N8: =+M8 -> 0 | O8: 0 | P8: =+O8*B8 -> 0 | Q8: 0 | R8: =+Q8*B8 -> 0 | S8: =+P8+R8 -> 0 | T8: 0 | U8: 0 | V8: 0 | W8: =+V8*B8 -> 0 | X8: =+U8+W8 -> 0 | Y8: 0 | Z8: =+Y8*B8 -> 0 | AA8: =+Z8 -> 0 | AB8: =+(D8+K8+N8+S8+X8+AA8)-B8 -> 0 | AC8: =+C8+E8+G8+I8+L8+O8+Q8+T8+V8+Y8 -> 1
A9: MARIA EUGENIA RESTREPO (Honorarios) | B9: =+' NOMINAS ENE-DIC'!B48 -> 4240000 | C9: =+'%'!B8 -> 0.2 | D9: =+B9*C9 -> 848000 | E9: =+'%'!C8 -> 0.1 | F9: =+B9*E9 -> 424000 | G9: =+'%'!D8 -> 0.3 | H9: =+B9*G9 -> 1272000 | I9: =+'%'!E8 -> 0.1 | J9: =+B9*I9 -> 424000 | K9: =+F9+H9+J9 -> 2120000 | L9: =+'%'!F8 -> 0 | M9: =+L9*B9 -> 0 | N9: =+M9 -> 0 | O9: 0.02 | P9: =+O9*B9 -> 84800 | Q9: =+'%'!H8 -> 0.05 | R9: =+Q9*B9 -> 212000 | S9: =+P9+R9 -> 296800 | T9: =+'%'!I8 -> 0 | U9: 0 | V9: =+'%'!J8 -> 0.1 | W9: =+V9*B9 -> 424000 | X9: =+U9+W9 -> 424000 | Y9: 0.13 | Z9: =+Y9*B9 -> 551200 | AA9: =+Z9 -> 551200 | AB9: =+(D9+K9+N9+S9+X9+AA9)-B9 -> 0 | AC9: =+C9+E9+G9+I9+L9+O9+Q9+T9+V9+Y9 -> 1
A10: LUZ MARIA GOMEZ SALDARRIAGA | B10: =+' NOMINAS ENE-DIC'!B49 -> 4900000 | C10: =+'%'!B8 -> 0.2 | D10: =+B10*C10 -> 980000 | E10: =+'%'!C8 -> 0.1 | F10: =+B10*E10 -> 490000 | G10: =+'%'!D8 -> 0.3 | H10: =+B10*G10 -> 1470000 | I10: =+'%'!E8 -> 0.1 | J10: =+B10*I10 -> 490000 | K10: =+F10+H10+J10 -> 2450000 | L10: =+'%'!F8 -> 0 | M10: =+L10*B10 -> 0 | N10: =+M10 -> 0 | O10: 0.02 | P10: =+O10*B10 -> 98000 | Q10: =+'%'!H8 -> 0.05 | R10: =+Q10*B10 -> 245000 | S10: =+P10+R10 -> 343000 | T10: =+'%'!I8 -> 0 | U10: =+T10*B10 -> 0 | V10: =+'%'!J8 -> 0.1 | W10: =+V10*B10 -> 490000 | X10: =+U10+W10 -> 490000 | Y10: 0.13 | Z10: =+Y10*B10 -> 637000 | AA10: =+Z10 -> 637000 | AB10: =+(D10+K10+N10+S10+X10+AA10)-B10 -> 0 | AC10: =+C10+E10+G10+I10+L10+O10+Q10+T10+V10+Y10 -> 1
A11: DAVID CORRALES RODAS (Honorarios) | B11: =+' NOMINAS ENE-DIC'!B47 -> 870000 | C11: =+'%'!B9 -> 0.2 | D11: =+B11*C11 -> 174000 | E11: =+'%'!C9 -> 0.1 | F11: =+B11*E11 -> 87000 | G11: =+'%'!D9 -> 0.2 | H11: =+B11*G11 -> 174000 | I11: =+'%'!E9 -> 0.15 | J11: =+B11*I11 -> 130500 | K11: =+F11+H11+J11 -> 391500 | L11: =+'%'!F9 -> 0 | M11: =+L11*B11 -> 0 | N11: =+M11 -> 0 | O11: 0.02 | P11: =+O11*B11 -> 17400 | Q11: =+'%'!H9 -> 0.1 | R11: =+Q11*B11 -> 87000 | S11: =+P11+R11 -> 104400 | T11: =+'%'!I9 -> 0 | U11: =+T11*B11 -> 0 | V11: =+'%'!J9 -> 0.2 | W11: =+V11*B11 -> 174000 | X11: =+U11+W11 -> 174000 | Y11: 0.03 | Z11: =+Y11*B11 -> 26100 | AA11: =+Z11 -> 26100 | AB11: =+(D11+K11+N11+S11+X11+AA11)-B11 -> 0 | AC11: =+C11+E11+G11+I11+L11+O11+Q11+T11+V11+Y11 -> 1
A12: TOTALES | B12: =SUM(B5:B11) -> 23381273 | D12: =SUM(D5:D11) -> 5956861 | F12: =SUM(F5:F11) -> 3098972 | H12: =SUM(H5:H11) -> 6305031.7 | J12: =SUM(J5:J11) -> 1690029.8 | K12: =SUM(K5:K11) -> 11094033 | M12: =SUM(M5:M11) -> 45555.6 | N12: =+M12 -> 45555.6 | P12: =SUM(P5:P11) -> 291311.2 | R12: =SUM(R5:R11) -> 933160.46 | S12: =+P12+R12 -> 1224471.7 | U12: =SUM(U5:U11) -> 911112 | W12: =SUM(W5:W11) -> 2479383.7 | X12: =+U12+W12 -> 3390495.7 | Z12: =SUM(Z5:Z11) -> 1669856 | AA12: =+Z12 -> 1669856 | AB12: =+(D12+K12+N12+S12+X12+AA12)-B12 -> 0 | AC12: =+C12+E12+G12+I12+L12+O12+Q12+T12+V12+Y12 -> 0
A15: Otros gastos diferentes a Nomina y Honorarios | B15: Valor total del gasto | C15: Aministracion | D15: Total del gasto cargado a Administración | E15: juanitas Pro | F15: valor | G15: Juanitas Plus | H15: valor | I15: Conferencias | J15: Valor | K15: total de gasto en proyectos educativos | L15: Mercados | M15: Valor | N15: Total mercados | O15: Ropero | P15: Valor | Q15: Eventos Asociación Eucaristias-Bonos-Quinquenios-Ajuares-Retiros y otros | R15: Valor | S15: Total del gasto llevado a la Inversion social | T15: Tienda escolar | U15: Valor | V15: Venta de uniformes | W15: Valor | X15: Total de gasto tienda y uniformes | Y15: Arriendos comerciales | Z15: Valor | AA15: Total del gasto y costo llevado a la Actividad comercial | AB15: casilla de prueba 1 | AC15: casilla de prueba 2 | AD15: total gasto inv social
A16: ASESORIA CONTABLE | B16: 1311360 | C16: 0.1 | D16: =+B16*C16 -> 131136 | E16: 0.05 | F16: =+B16*E16 -> 65568 | G16: 0.15 | H16: =+B16*G16 -> 196704 | I16: 0.01 | J16: =+B16*I16 -> 13113.6 | K16: =+F16+H16+J16 -> 275385.6 | L16: 0.01 | M16: =+L16*B16 -> 13113.6 | N16: =+M16 -> 13113.6 | O16: 0.03 | P16: =+O16*B16 -> 39340.8 | Q16: 0.05 | R16: =+Q16*B16 -> 65568 | S16: =+P16+R16 -> 104908.8 | T16: 0.15 | U16: =+T16*B16 -> 196704 | V16: 0.45 | W16: =+V16*B16 -> 590112 | X16: =+U16+W16 -> 786816 | Y16: 0 | Z16: =+Y16*B16 -> 0 | AA16: =+Z16 -> 0 | AB16: =+(D16+K16+N16+S16+X16+AA16)-B16 -> 0 | AC16: =+C16+E16+G16+I16+L16+O16+Q16+T16+V16+Y16 -> 1 | AD16: =+AA16+S16+K16 -> 380294.4
A17: ARL PRACTICANTE | B17: 0 | C17: 0 | D17: =+B17*C17 -> 0 | E17: 0.6 | F17: =+B17*E17 -> 0 | G17: 0.4 | H17: =+B17*G17 -> 0 | I17: 0 | J17: =+B17*I17 -> 0 | K17: =+F17+H17+J17 -> 0 | L17: 0 | M17: =+L17*B17 -> 0 | N17: =+M17 -> 0 | O17: 0 | P17: =+O17*B17 -> 0 | Q17: 0 | R17: =+Q17*B17 -> 0 | S17: =+P17+R17 -> 0 | T17: 0 | U17: =+T17*B17 -> 0 | V17: 0 | W17: =+V17*B17 -> 0 | X17: =+U17+W17 -> 0 | Y17: 0 | Z17: =+Y17*B17 -> 0 | AA17: =+Z17 -> 0 | AB17: =+(D17+K17+N17+S17+X17+AA17)-B17 -> 0 | AC17: =+C17+E17+G17+I17+L17+O17+Q17+T17+V17+Y17 -> 1 | AD17: =+AA17+S17+K17 -> 0
A18: AUXILIO DE TRANSPORTE PRACTICANTES | B18: 1000000 | C18: 0 | D18: =+B18*C18 -> 0 | E18: 0.6 | F18: =+B18*E18 -> 600000 | G18: 0.4 | H18: =+B18*G18 -> 400000 | I18: 0 | J18: =+B18*I18 -> 0 | K18: =+F18+H18+J18 -> 1000000 | L18: 0 | M18: =+L18*B18 -> 0 | N18: =+M18 -> 0 | O18: 0 | P18: =+O18*B18 -> 0 | Q18: 0 | R18: =+Q18*B18 -> 0 | S18: =+P18+R18 -> 0 | T18: 0 | U18: =+T18*B18 -> 0 | V18: 0 | W18: =+V18*B18 -> 0 | X18: =+U18+W18 -> 0 | Y18: 0 | Z18: =+Y18*B18 -> 0 | AA18: =+Z18 -> 0 | AB18: =+(D18+K18+N18+S18+X18+AA18)-B18 -> 0 | AC18: =+C18+E18+G18+I18+L18+O18+Q18+T18+V18+Y18 -> 1 | AD18: =+AA18+S18+K18 -> 1000000
A19: OTROS HONORARIOS | B19: =1500000+400000+650000 -> 2550000 | C19: 0.1 | D19: =+B19*C19 -> 255000 | E19: 0 | F19: =+B19*E19 -> 0 | G19: 0 | H19: =+B19*G19 -> 0 | I19: 0 | J19: =+B19*I19 -> 0 | K19: =+F19+H19+J19 -> 0 | L19: 0.01 | M19: =+L19*B19 -> 25500 | N19: =+M19 -> 25500 | O19: 0.1 | P19: =+O19*B19 -> 255000 | Q19: 0.15 | R19: =+Q19*B19 -> 382500 | S19: =+P19+R19 -> 637500 | T19: 0.2 | U19: =+T19*B19 -> 510000 | V19: 0.34 | W19: =+V19*B19 -> 867000 | X19: =+U19+W19 -> 1377000 | Y19: 0.1 | Z19: =+Y19*B19 -> 255000 | AA19: =+Z19 -> 255000 | AB19: =+(D19+K19+N19+S19+X19+AA19)-B19 -> 0 | AC19: =+C19+E19+G19+I19+L19+O19+Q19+T19+V19+Y19 -> 1 | AD19: =+AA19+S19+K19 -> 892500
A20: IMPUESTOS VARIOS | B20: 53248 | C20: 0.1 | D20: =+B20*C20 -> 5324.8 | E20: 0 | F20: =+B20*E20 -> 0 | G20: 0 | H20: =+B20*G20 -> 0 | I20: 0 | J20: =+B20*I20 -> 0 | K20: =+F20+H20+J20 -> 0 | L20: 0 | M20: =+L20*B20 -> 0 | N20: =+M20 -> 0 | O20: 0 | P20: =+O20*B20 -> 0 | Q20: 0 | R20: =+Q20*B20 -> 0 | S20: =+P20+R20 -> 0 | T20: 0.1 | U20: =+T20*B20 -> 5324.8 | V20: 0.7 | W20: =+V20*B20 -> 37273.6 | X20: =+U20+W20 -> 42598.4 | Y20: 0.1 | Z20: =+Y20*B20 -> 5324.8 | AA20: =+Z20 -> 5324.8 | AB20: =+(D20+K20+N20+S20+X20+AA20)-B20 -> 0 | AC20: =+C20+E20+G20+I20+L20+O20+Q20+T20+V20+Y20 -> 1 | AD20: =+AA20+S20+K20 -> 5324.8
A21: SEGUROS | C21: 0.1 | D21: =+B21*C21 -> 0 | E21: 0.05 | F21: =+B21*E21 -> 0 | G21: 0.05 | H21: =+B21*G21 -> 0 | I21: 0.01 | J21: =+B21*I21 -> 0 | K21: =+F21+H21+J21 -> 0 | L21: 0 | M21: =+L21*B21 -> 0 | N21: =+M21 -> 0 | O21: 0.05 | P21: =+O21*B21 -> 0 | Q21: 0.05 | R21: =+Q21*B21 -> 0 | S21: =+P21+R21 -> 0 | T21: 0 | U21: =+T21*B21 -> 0 | V21: 0.45 | W21: =+V21*B21 -> 0 | X21: =+U21+W21 -> 0 | Y21: 0.24 | Z21: =+Y21*B21 -> 0 | AA21: =+Z21 -> 0 | AB21: =+(D21+K21+N21+S21+X21+AA21)-B21 -> 0 | AC21: =+C21+E21+G21+I21+L21+O21+Q21+T21+V21+Y21 -> 1 | AD21: =+AA21+S21+K21 -> 0
A22: ADMINISTRACION DE LOCALES | B22: =97920+419894 -> 517814 | C22: 0 | D22: =+B22*C22 -> 0 | E22: 0 | F22: =+B22*E22 -> 0 | G22: 0 | H22: =+B22*G22 -> 0 | I22: 0 | J22: =+B22*I22 -> 0 | K22: =+F22+H22+J22 -> 0 | L22: 0 | M22: =+L22*B22 -> 0 | N22: =+M22 -> 0 | O22: 0 | P22: =+O22*B22 -> 0 | Q22: 0 | R22: =+Q22*B22 -> 0 | S22: =+P22+R22 -> 0 | T22: 0 | U22: =+T22*B22 -> 0 | V22: 0 | W22: =+V22*B22 -> 0 | X22: =+U22+W22 -> 0 | Y22: 1 | Z22: =+Y22*B22 -> 517814 | AA22: =+Z22 -> 517814 | AB22: =+(D22+K22+N22+S22+X22+AA22)-B22 -> 0 | AC22: =+C22+E22+G22+I22+L22+O22+Q22+T22+V22+Y22 -> 1 | AD22: =+AA22+S22+K22 -> 517814
A23: TELEFONIA | B23: =185338+16500 -> 201838 | C23: 0.1 | D23: =+B23*C23 -> 20183.8 | E23: 0.05 | F23: =+B23*E23 -> 10091.9 | G23: 0.15 | H23: =+B23*G23 -> 30275.7 | I23: 0 | J23: =+B23*I23 -> 0 | K23: =+F23+H23+J23 -> 40367.6 | L23: 0 | M23: =+L23*B23 -> 0 | N23: =+M23 -> 0 | O23: 0 | P23: =+O23*B23 -> 0 | Q23: 0.05 | R23: =+Q23*B23 -> 10091.9 | S23: =+P23+R23 -> 10091.9 | T23: 0.15 | U23: =+T23*B23 -> 30275.7 | V23: 0.45 | W23: =+V23*B23 -> 90827.1 | X23: =+U23+W23 -> 121102.8 | Y23: 0.05 | Z23: =+Y23*B23 -> 10091.9 | AA23: =+Z23 -> 10091.9 | AB23: =+(D23+K23+N23+S23+X23+AA23)-B23 -> 0 | AC23: =+C23+E23+G23+I23+L23+O23+Q23+T23+V23+Y23 -> 1 | AD23: =+AA23+S23+K23 -> 60551.4
A24: INTERNET | B24: 236032 | C24: 0.1 | D24: =+B24*C24 -> 23603.2 | E24: 0.05 | F24: =+B24*E24 -> 11801.6 | G24: 0.15 | H24: =+B24*G24 -> 35404.8 | I24: 0 | J24: =+B24*I24 -> 0 | K24: =+F24+H24+J24 -> 47206.4 | L24: 0 | M24: =+L24*B24 -> 0 | N24: =+M24 -> 0 | O24: 0 | P24: =+O24*B24 -> 0 | Q24: 0.05 | R24: =+Q24*B24 -> 11801.6 | S24: =+P24+R24 -> 11801.6 | T24: 0.15 | U24: =+T24*B24 -> 35404.8 | V24: 0.45 | W24: =+V24*B24 -> 106214.4 | X24: =+U24+W24 -> 141619.2 | Y24: 0.05 | Z24: =+Y24*B24 -> 11801.6 | AA24: =+Z24 -> 11801.6 | AB24: =+(D24+K24+N24+S24+X24+AA24)-B24 -> 0 | AC24: =+C24+E24+G24+I24+L24+O24+Q24+T24+V24+Y24 -> 1 | AD24: =+AA24+S24+K24 -> 70809.6
A25: ASEO Y VIGILANCIA | B25: 1209312 | C25: 0.1 | D25: =+B25*C25 -> 120931.2 | E25: 0 | F25: =+B25*E25 -> 0 | G25: 0 | H25: =+B25*G25 -> 0 | I25: 0.1 | J25: =+B25*I25 -> 120931.2 | K25: =+F25+H25+J25 -> 120931.2 | L25: 0 | M25: =+L25*B25 -> 0 | N25: =+M25 -> 0 | O25: 0.05 | P25: =+O25*B25 -> 60465.6 | Q25: 0.1 | R25: =+Q25*B25 -> 120931.2 | S25: =+P25+R25 -> 181396.8 | T25: 0.05 | U25: =+T25*B25 -> 60465.6 | V25: 0.6 | W25: =+V25*B25 -> 725587.2 | X25: =+U25+W25 -> 786052.8 | Y25: 0 | Z25: =+Y25*B25 -> 0 | AA25: =+Z25 -> 0 | AB25: =+(D25+K25+N25+S25+X25+AA25)-B25 -> 0 | AC25: =+C25+E25+G25+I25+L25+O25+Q25+T25+V25+Y25 -> 1 | AD25: =+AA25+S25+K25 -> 302328
A26: GOOGLE SUITE-LICENCIAS Y HOSTING | B26: =216000+1123119 -> 1339119 | C26: 0.1 | D26: =+B26*C26 -> 133911.9 | E26: 0 | F26: =+B26*E26 -> 0 | G26: 0.1 | H26: =+B26*G26 -> 133911.9 | I26: 0.02 | J26: =+B26*I26 -> 26782.38 | K26: =+F26+H26+J26 -> 160694.28 | L26: 0 | M26: =+L26*B26 -> 0 | N26: =+M26 -> 0 | O26: 0.1 | P26: =+O26*B26 -> 133911.9 | Q26: 0.05 | R26: =+Q26*B26 -> 66955.95 | S26: =+P26+R26 -> 200867.85 | T26: 0.02 | U26: =+T26*B26 -> 26782.38 | V26: 0.61 | W26: =+V26*B26 -> 816862.59 | X26: =+U26+W26 -> 843644.97 | Y26: 0 | Z26: =+Y26*B26 -> 0 | AA26: =+Z26 -> 0 | AB26: =+(D26+K26+N26+S26+X26+AA26)-B26 -> 0 | AC26: =+C26+E26+G26+I26+L26+O26+Q26+T26+V26+Y26 -> 1 | AD26: =+AA26+S26+K26 -> 361562.13
A27: COMPRA DE ACTIVOS OFICINA | C27: 0.1 | D27: =+B27*C27 -> 0 | E27: 0 | F27: =+B27*E27 -> 0 | G27: 0.1 | H27: =+B27*G27 -> 0 | I27: 0.02 | J27: =+B27*I27 -> 0 | K27: =+F27+H27+J27 -> 0 | L27: 0 | M27: =+L27*B27 -> 0 | N27: =+M27 -> 0 | O27: 0.1 | P27: =+O27*B27 -> 0 | Q27: 0.05 | R27: =+Q27*B27 -> 0 | S27: =+P27+R27 -> 0 | T27: 0.02 | U27: =+T27*B27 -> 0 | V27: 0.61 | W27: =+V27*B27 -> 0 | X27: =+U27+W27 -> 0 | Y27: 0 | Z27: =+Y27*B27 -> 0 | AA27: =+Z27 -> 0 | AB27: =+(D27+K27+N27+S27+X27+AA27)-B27 -> 0 | AC27: =+C27+E27+G27+I27+L27+O27+Q27+T27+V27+Y27 -> 1 | AD27: =+AA27+S27+K27 -> 0
A28: PUBLICIDAD Y PORTAL WEB | C28: 0.1 | D28: =+B28*C28 -> 0 | E28: 0.05 | F28: =+B28*E28 -> 0 | G28: 0.05 | H28: =+B28*G28 -> 0 | I28: 0.01 | J28: =+B28*I28 -> 0 | K28: =+F28+H28+J28 -> 0 | L28: 0 | M28: =+L28*B28 -> 0 | N28: =+M28 -> 0 | O28: 0.02 | P28: =+O28*B28 -> 0 | Q28: 0.25 | R28: =+Q28*B28 -> 0 | S28: =+P28+R28 -> 0 | T28: 0.02 | U28: =+T28*B28 -> 0 | V28: 0.5 | W28: =+V28*B28 -> 0 | X28: =+U28+W28 -> 0 | Y28: 0 | Z28: =+Y28*B28 -> 0 | AA28: =+Z28 -> 0 | AB28: =+(D28+K28+N28+S28+X28+AA28)-B28 -> 0 | AC28: =+C28+E28+G28+I28+L28+O28+Q28+T28+V28+Y28 -> 1 | AD28: =+AA28+S28+K28 -> 0
A29: MENSAJERIA | B29: 160000 | C29: 0.1 | D29: =+B29*C29 -> 16000 | E29: 0 | F29: =+B29*E29 -> 0 | G29: 0 | H29: =+B29*G29 -> 0 | I29: 0 | J29: =+B29*I29 -> 0 | K29: =+F29+H29+J29 -> 0 | L29: 0.1 | M29: =+L29*B29 -> 16000 | N29: =+M29 -> 16000 | O29: 0.1 | P29: =+O29*B29 -> 16000 | Q29: 0.28 | R29: =+Q29*B29 -> 44800 | S29: =+P29+R29 -> 60800 | T29: 0.02 | U29: =+T29*B29 -> 3200 | V29: 0.4 | W29: =+V29*B29 -> 64000 | X29: =+U29+W29 -> 67200 | Y29: 0 | Z29: =+Y29*B29 -> 0 | AA29: =+Z29 -> 0 | AB29: =+(D29+K29+N29+S29+X29+AA29)-B29 -> 0 | AC29: =+C29+E29+G29+I29+L29+O29+Q29+T29+V29+Y29 -> 1 | AD29: =+AA29+S29+K29 -> 60800
A30: SERVICIOS GENERALES | C30: 0.1 | D30: =+B30*C30 -> 0 | E30: 0 | F30: =+B30*E30 -> 0 | G30: 0 | H30: =+B30*G30 -> 0 | I30: 0 | J30: =+B30*I30 -> 0 | K30: =+F30+H30+J30 -> 0 | L30: 0.01 | M30: =+L30*B30 -> 0 | N30: =+M30 -> 0 | O30: 0.1 | P30: =+O30*B30 -> 0 | Q30: 0.2 | R30: =+Q30*B30 -> 0 | S30: =+P30+R30 -> 0 | T30: 0.05 | U30: =+T30*B30 -> 0 | V30: 0.5 | W30: =+V30*B30 -> 0 | X30: =+U30+W30 -> 0 | Y30: 0.04 | Z30: =+Y30*B30 -> 0 | AA30: =+Z30 -> 0 | AB30: =+(D30+K30+N30+S30+X30+AA30)-B30 -> 0 | AC30: =+C30+E30+G30+I30+L30+O30+Q30+T30+V30+Y30 -> 1 | AD30: =+AA30+S30+K30 -> 0
A31: TRANSPORTE FLETES Y ACARREOS | C31: 0.1 | D31: =+B31*C31 -> 0 | E31: 0 | F31: =+B31*E31 -> 0 | G31: 0 | H31: =+B31*G31 -> 0 | I31: 0 | J31: =+B31*I31 -> 0 | K31: =+F31+H31+J31 -> 0 | L31: 0.01 | M31: =+L31*B31 -> 0 | N31: =+M31 -> 0 | O31: 0.1 | P31: =+O31*B31 -> 0 | Q31: 0.2 | R31: =+Q31*B31 -> 0 | S31: =+P31+R31 -> 0 | T31: 0.05 | U31: =+T31*B31 -> 0 | V31: 0.3 | W31: =+V31*B31 -> 0 | X31: =+U31+W31 -> 0 | Y31: 0.24 | Z31: =+Y31*B31 -> 0 | AA31: =+Z31 -> 0 | AB31: =+(D31+K31+N31+S31+X31+AA31)-B31 -> 0 | AC31: =+C31+E31+G31+I31+L31+O31+Q31+T31+V31+Y31 -> 1 | AD31: =+AA31+S31+K31 -> 0
A32: GASTOS LEGALES | C32: 0.1 | D32: =+B32*C32 -> 0 | E32: 0 | F32: =+B32*E32 -> 0 | G32: 0 | H32: =+B32*G32 -> 0 | I32: 0 | J32: =+B32*I32 -> 0 | K32: =+F32+H32+J32 -> 0 | L32: 0.01 | M32: =+L32*B32 -> 0 | N32: =+M32 -> 0 | O32: 0.1 | P32: =+O32*B32 -> 0 | Q32: 0.2 | R32: =+Q32*B32 -> 0 | S32: =+P32+R32 -> 0 | T32: 0.05 | U32: =+T32*B32 -> 0 | V32: 0.54 | W32: =+V32*B32 -> 0 | X32: =+U32+W32 -> 0 | Y32: 0 | Z32: =+Y32*B32 -> 0 | AA32: =+Z32 -> 0 | AB32: =+(D32+K32+N32+S32+X32+AA32)-B32 -> 0 | AC32: =+C32+E32+G32+I32+L32+O32+Q32+T32+V32+Y32 -> 1 | AD32: =+AA32+S32+K32 -> 0
A33: GASTOS DE REPRESENTACION | B33: 104958 | C33: 0.1 | D33: =+B33*C33 -> 10495.8 | E33: 0 | F33: =+B33*E33 -> 0 | G33: 0 | H33: =+B33*G33 -> 0 | I33: 0 | J33: =+B33*I33 -> 0 | K33: =+F33+H33+J33 -> 0 | L33: 0.01 | M33: =+L33*B33 -> 1049.58 | N33: =+M33 -> 1049.58 | O33: 0.1 | P33: =+O33*B33 -> 10495.8 | Q33: 0.2 | R33: =+Q33*B33 -> 20991.6 | S33: =+P33+R33 -> 31487.4 | T33: 0.05 | U33: =+T33*B33 -> 5247.9 | V33: 0.54 | W33: =+V33*B33 -> 56677.32 | X33: =+U33+W33 -> 61925.22 | Y33: 0 | Z33: =+Y33*B33 -> 0 | AA33: =+Z33 -> 0 | AB33: =+(D33+K33+N33+S33+X33+AA33)-B33 -> 0 | AC33: =+C33+E33+G33+I33+L33+O33+Q33+T33+V33+Y33 -> 1 | AD33: =+AA33+S33+K33 -> 31487.4
A34: ADMINISTRACION DE REDES SOCIALES | C34: 0.1 | D34: =+B34*C34 -> 0 | E34: 0 | F34: =+B34*E34 -> 0 | G34: 0 | H34: =+B34*G34 -> 0 | I34: 0 | J34: =+B34*I34 -> 0 | K34: =+F34+H34+J34 -> 0 | L34: 0.01 | M34: =+L34*B34 -> 0 | N34: =+M34 -> 0 | O34: 0.1 | P34: =+O34*B34 -> 0 | Q34: 0.2 | R34: =+Q34*B34 -> 0 | S34: =+P34+R34 -> 0 | T34: 0.05 | U34: =+T34*B34 -> 0 | V34: 0.54 | W34: =+V34*B34 -> 0 | X34: =+U34+W34 -> 0 | Y34: 0 | Z34: =+Y34*B34 -> 0 | AA34: =+Z34 -> 0 | AB34: =+(D34+K34+N34+S34+X34+AA34)-B34 -> 0 | AC34: =+C34+E34+G34+I34+L34+O34+Q34+T34+V34+Y34 -> 1 | AD34: =+AA34+S34+K34 -> 0
A35: MANTENIMIENTO Y REPARACIONES | B35: 383180 | C35: 0.1 | D35: =+B35*C35 -> 38318 | E35: 0 | F35: =+B35*E35 -> 0 | G35: 0 | H35: =+B35*G35 -> 0 | I35: 0 | J35: =+B35*I35 -> 0 | K35: =+F35+H35+J35 -> 0 | L35: 0 | M35: =+L35*B35 -> 0 | N35: =+M35 -> 0 | O35: 0 | P35: =+O35*B35 -> 0 | Q35: 0 | R35: =+Q35*B35 -> 0 | S35: =+P35+R35 -> 0 | T35: 0 | U35: =+T35*B35 -> 0 | V35: 0.2 | W35: =+V35*B35 -> 76636 | X35: =+U35+W35 -> 76636 | Y35: 0.7 | Z35: =+Y35*B35 -> 268226 | AA35: =+Z35 -> 268226 | AB35: =+(D35+K35+N35+S35+X35+AA35)-B35 -> 0 | AC35: =+C35+E35+G35+I35+L35+O35+Q35+T35+V35+Y35 -> 1 | AD35: =+AA35+S35+K35 -> 268226
A36: GASTOS DIFERIDOS | B36: 188981 | C36: 0.1 | D36: =+B36*C36 -> 18898.1 | E36: 0 | F36: =+B36*E36 -> 0 | G36: 0 | H36: =+B36*G36 -> 0 | I36: 0 | J36: =+B36*I36 -> 0 | K36: =+F36+H36+J36 -> 0 | L36: 0.01 | M36: =+L36*B36 -> 1889.81 | N36: =+M36 -> 1889.81 | O36: 0.05 | P36: =+O36*B36 -> 9449.05 | Q36: 0.1 | R36: =+Q36*B36 -> 18898.1 | S36: =+P36+R36 -> 28347.15 | T36: 0.02 | U36: =+T36*B36 -> 3779.62 | V36: 0.4 | W36: =+V36*B36 -> 75592.4 | X36: =+U36+W36 -> 79372.02 | Y36: 0.32 | Z36: =+Y36*B36 -> 60473.92 | AA36: =+Z36 -> 60473.92 | AB36: =+(D36+K36+N36+S36+X36+AA36)-B36 -> 0 | AC36: =+C36+E36+G36+I36+L36+O36+Q36+T36+V36+Y36 -> 1 | AD36: =+AA36+S36+K36 -> 88821.07
A37: GASTOS EN EJECUCION DE PROYECTOS | B37: 8330131 | C37: 0 | D37: =+B37*C37 -> 0 | E37: 0 | F37: =+B37*E37 -> 0 | G37: 0 | H37: =+B37*G37 -> 0 | I37: 0 | J37: =+B37*I37 -> 0 | K37: =+F37+H37+J37 -> 0 | L37: 0 | M37: =+L37*B37 -> 0 | N37: =+M37 -> 0 | O37: 0 | P37: =+O37*B37 -> 0 | Q37: 1 | R37: =+Q37*B37 -> 8330131 | S37: =+P37+R37 -> 8330131 | T37: 0 | U37: =+T37*B37 -> 0 | V37: 0 | W37: =+V37*B37 -> 0 | X37: =+U37+W37 -> 0 | Y37: 0 | Z37: =+Y37*B37 -> 0 | AA37: =+Z37 -> 0 | AB37: =+(D37+K37+N37+S37+X37+AA37)-B37 -> 0 | AC37: =+C37+E37+G37+I37+L37+O37+Q37+T37+V37+Y37 -> 1 | AD37: =+AA37+S37+K37 -> 8330131
A38: PAPELERIA | B38: 710070 | C38: 0.1 | D38: =+B38*C38 -> 71007 | E38: 0 | F38: =+B38*E38 -> 0 | G38: 0 | H38: =+B38*G38 -> 0 | I38: 0 | J38: =+B38*I38 -> 0 | K38: =+F38+H38+J38 -> 0 | L38: 0.01 | M38: =+L38*B38 -> 7100.7 | N38: =+M38 -> 7100.7 | O38: 0.1 | P38: =+O38*B38 -> 71007 | Q38: 0.1 | R38: =+Q38*B38 -> 71007 | S38: =+P38+R38 -> 142014 | T38: 0.1 | U38: =+T38*B38 -> 71007 | V38: 0.59 | W38: =+V38*B38 -> 418941.3 | X38: =+U38+W38 -> 489948.3 | Y38: 0 | Z38: =+Y38*B38 -> 0 | AA38: =+Z38 -> 0 | AB38: =+(D38+K38+N38+S38+X38+AA38)-B38 -> 0 | AC38: =+C38+E38+G38+I38+L38+O38+Q38+T38+V38+Y38 -> 1 | AD38: =+AA38+S38+K38 -> 142014
A39: ASEO Y CAFETERIA | B39: 237609 | C39: 0.1 | D39: =+B39*C39 -> 23760.9 | E39: 0 | F39: =+B39*E39 -> 0 | G39: 0 | H39: =+B39*G39 -> 0 | I39: 0 | J39: =+B39*I39 -> 0 | K39: =+F39+H39+J39 -> 0 | L39: 0.01 | M39: =+L39*B39 -> 2376.09 | N39: =+M39 -> 2376.09 | O39: 0.1 | P39: =+O39*B39 -> 23760.9 | Q39: 0.1 | R39: =+Q39*B39 -> 23760.9 | S39: =+P39+R39 -> 47521.8 | T39: 0.1 | U39: =+T39*B39 -> 23760.9 | V39: 0.59 | W39: =+V39*B39 -> 140189.31 | X39: =+U39+W39 -> 163950.21 | Y39: 0 | Z39: =+Y39*B39 -> 0 | AA39: =+Z39 -> 0 | AB39: =+(D39+K39+N39+S39+X39+AA39)-B39 -> 0 | AC39: =+C39+E39+G39+I39+L39+O39+Q39+T39+V39+Y39 -> 1 | AD39: =+AA39+S39+K39 -> 47521.8
A40: TAXIS Y BUSES | B40: =404000+8000 -> 412000 | C40: 0.1 | D40: =+B40*C40 -> 41200 | E40: 0 | F40: =+B40*E40 -> 0 | G40: 0 | H40: =+B40*G40 -> 0 | I40: 0 | J40: =+B40*I40 -> 0 | K40: =+F40+H40+J40 -> 0 | L40: 0.01 | M40: =+L40*B40 -> 4120 | N40: =+M40 -> 4120 | O40: 0.1 | P40: =+O40*B40 -> 41200 | Q40: 0.1 | R40: =+Q40*B40 -> 41200 | S40: =+P40+R40 -> 82400 | T40: 0.1 | U40: =+T40*B40 -> 41200 | V40: 0.59 | W40: =+V40*B40 -> 243080 | X40: =+U40+W40 -> 284280 | Y40: 0 | Z40: =+Y40*B40 -> 0 | AA40: =+Z40 -> 0 | AB40: =+(D40+K40+N40+S40+X40+AA40)-B40 -> 0 | AC40: =+C40+E40+G40+I40+L40+O40+Q40+T40+V40+Y40 -> 1 | AD40: =+AA40+S40+K40 -> 82400
A41: PARQUEADEROS | B41: 20202 | C41: 0.1 | D41: =+B41*C41 -> 2020.2 | E41: 0 | F41: =+B41*E41 -> 0 | G41: 0 | H41: =+B41*G41 -> 0 | I41: 0 | J41: =+B41*I41 -> 0 | K41: =+F41+H41+J41 -> 0 | L41: 0.01 | M41: =+L41*B41 -> 202.02 | N41: =+M41 -> 202.02 | O41: 0.1 | P41: =+O41*B41 -> 2020.2 | Q41: 0.2 | R41: =+Q41*B41 -> 4040.4 | S41: =+P41+R41 -> 6060.6 | T41: 0.1 | U41: =+T41*B41 -> 2020.2 | V41: 0.49 | W41: =+V41*B41 -> 9898.98 | X41: =+U41+W41 -> 11919.18 | Y41: 0 | Z41: =+Y41*B41 -> 0 | AA41: =+Z41 -> 0 | AB41: =+(D41+K41+N41+S41+X41+AA41)-B41 -> 0 | AC41: =+C41+E41+G41+I41+L41+O41+Q41+T41+V41+Y41 -> 1 | AD41: =+AA41+S41+K41 -> 6060.6
A42: ATENCION EXALUMNAS | B42: 1530000 | C42: 0 | D42: =+B42*C42 -> 0 | E42: 0 | F42: =+B42*E42 -> 0 | G42: 0 | H42: =+B42*G42 -> 0 | I42: 0 | J42: =+B42*I42 -> 0 | K42: =+F42+H42+J42 -> 0 | L42: 0 | M42: =+L42*B42 -> 0 | N42: =+M42 -> 0 | O42: 0 | P42: =+O42*B42 -> 0 | Q42: 1 | R42: =+Q42*B42 -> 1530000 | S42: =+P42+R42 -> 1530000 | T42: 0 | U42: =+T42*B42 -> 0 | V42: 0 | W42: =+V42*B42 -> 0 | X42: =+U42+W42 -> 0 | Y42: 0 | Z42: =+Y42*B42 -> 0 | AA42: =+Z42 -> 0 | AB42: =+(D42+K42+N42+S42+X42+AA42)-B42 -> 0 | AC42: =+C42+E42+G42+I42+L42+O42+Q42+T42+V42+Y42 -> 1 | AD42: =+AA42+S42+K42 -> 1530000
A43: COSTO DE PROYECTO MERCADOS | B43: 2760000 | C43: 0 | D43: =+B43*C43 -> 0 | E43: 0 | F43: =+B43*E43 -> 0 | G43: 0 | H43: =+B43*G43 -> 0 | I43: 0 | J43: =+B43*I43 -> 0 | K43: =+F43+H43+J43 -> 0 | L43: 1 | M43: =+L43*B43 -> 2760000 | N43: =+M43 -> 2760000 | O43: 0 | P43: =+O43*B43 -> 0 | Q43: 0 | R43: =+Q43*B43 -> 0 | S43: =+P43+R43 -> 0 | T43: 0 | U43: =+T43*B43 -> 0 | V43: 0 | W43: =+V43*B43 -> 0 | X43: =+U43+W43 -> 0 | Y43: 0 | Z43: =+Y43*B43 -> 0 | AA43: =+Z43 -> 0 | AB43: =+(D43+K43+N43+S43+X43+AA43)-B43 -> 0 | AC43: =+C43+E43+G43+I43+L43+O43+Q43+T43+V43+Y43 -> 1 | AD43: =+AA43+S43+K43 -> 0
A44: COSTO PROYECTO ÉXITO | B44: 10763677 | C44: 0 | D44: =+B44*C44 -> 0 | E44: 0 | F44: =+B44*E44 -> 0 | G44: 0 | H44: =+B44*G44 -> 0 | I44: 0 | J44: =+B44*I44 -> 0 | K44: =+F44+H44+J44 -> 0 | L44: 1 | M44: =+L44*B44 -> 10763677 | N44: =+M44 -> 10763677 | O44: 0 | P44: =+O44*B44 -> 0 | Q44: 0 | R44: =+Q44*B44 -> 0 | S44: =+P44+R44 -> 0 | T44: 0 | U44: =+T44*B44 -> 0 | V44: 0 | W44: =+V44*B44 -> 0 | X44: =+U44+W44 -> 0 | Y44: 0 | Z44: =+Y44*B44 -> 0 | AA44: =+Z44 -> 0 | AB44: =+(D44+K44+N44+S44+X44+AA44)-B44 -> 0 | AC44: =+C44+E44+G44+I44+L44+O44+Q44+T44+V44+Y44 -> 1 | AD44: =+AA44+S44+K44 -> 0
A45: DONACIONES VARIAS | B45: 400000 | C45: 0 | D45: =+B45*C45 -> 0 | E45: 0 | F45: =+B45*E45 -> 0 | G45: 0 | H45: =+B45*G45 -> 0 | I45: 0 | J45: =+B45*I45 -> 0 | K45: =+F45+H45+J45 -> 0 | L45: 0 | M45: =+L45*B45 -> 0 | N45: =+M45 -> 0 | O45: 0 | P45: =+O45*B45 -> 0 | Q45: 0 | R45: =+Q45*B45 -> 0 | S45: =+P45+R45 -> 0 | T45: 0 | U45: =+T45*B45 -> 0 | V45: 0.5 | W45: =+V45*B45 -> 200000 | X45: =+U45+W45 -> 200000 | Y45: 0.5 | Z45: =+Y45*B45 -> 200000 | AA45: =+Z45 -> 200000 | AB45: =+(D45+K45+N45+S45+X45+AA45)-B45 -> 0 | AC45: =+C45+E45+G45+I45+L45+O45+Q45+T45+V45+Y45 -> 1 | AD45: =+AA45+S45+K45 -> 200000
A46: OTROS | C46: 0.1 | D46: =+B46*C46 -> 0 | E46: 0 | F46: =+B46*E46 -> 0 | G46: 0 | H46: =+B46*G46 -> 0 | I46: 0 | J46: =+B46*I46 -> 0 | K46: =+F46+H46+J46 -> 0 | L46: 0.01 | M46: =+L46*B46 -> 0 | N46: =+M46 -> 0 | O46: 0.1 | P46: =+O46*B46 -> 0 | Q46: 0.2 | R46: =+Q46*B46 -> 0 | S46: =+P46+R46 -> 0 | T46: 0.1 | U46: =+T46*B46 -> 0 | V46: 0.49 | W46: =+V46*B46 -> 0 | X46: =+U46+W46 -> 0 | Y46: 0 | Z46: =+Y46*B46 -> 0 | AA46: =+Z46 -> 0 | AB46: =+(D46+K46+N46+S46+X46+AA46)-B46 -> 0 | AC46: =+C46+E46+G46+I46+L46+O46+Q46+T46+V46+Y46 -> 1 | AD46: =+AA46+S46+K46 -> 0
A47: TOTALES | B47: =SUM(B16:B46) -> 34419531 | D47: =SUM(D16:D46) -> 911790.9 | F47: =SUM(F16:F46) -> 687461.5 | H47: =SUM(H16:H46) -> 796296.4 | J47: =SUM(J16:J46) -> 160827.18 | K47: =+J47+H47+F47 -> 1644585.1 | M47: =SUM(M16:M46) -> 13595029 | N47: =+M47 -> 13595029 | P47: =SUM(P16:P46) -> 662651.25 | R47: =SUM(R16:R46) -> 10742678 | S47: =+P47+R47 -> 11405329 | U47: =SUM(U16:U46) -> 1015172.9 | W47: =SUM(W16:W46) -> 4518892.2 | X47: =+U47+W47 -> 5534065.1 | Z47: =SUM(Z16:Z46) -> 1328732.2 | AA47: =+Z47 -> 1328732.2 | AB47: =+(D47+K47+N47+S47+X47+AA47)-B47 -> 0 | AC47: =+C47+E47+G47+I47+L47+O47+Q47+T47+V47+Y47 -> 0 | AD47: =SUM(AD16:AD46) -> 14378646
A50: Gastos Juanitas Pro directos | B50: Valor total del gasto | C50: Juanitas Plus | D50: Valor | E50: Juanitas Pro | F50: Valor | G50: Prueba 1 | H50: Prueba 2
A51: HONORARIOS DOCENTES | B51: 1442496 | C51: 0.5 | D51: =+B51*C51 -> 721248 | E51: 0.5 | F51: =+E51*B51 -> 721248 | G51: =+C51+E51 -> 1 | H51: =+(F51+D51)-B51 -> 0
A52: EQUIPOS MEDICOS | C52: 0.5 | D52: =+B52*C52 -> 0 | E52: 0.5 | F52: =+E52*B52 -> 0 | G52: =+C52+E52 -> 1 | H52: =+(F52+D52)-B52 -> 0
A53: REFRIGERIOS | B53: 396000 | C53: 0.5 | D53: =+B53*C53 -> 198000 | E53: 0.5 | F53: =+E53*B53 -> 198000 | G53: =+C53+E53 -> 1 | H53: =+(F53+D53)-B53 -> 0
A54: TRANSPORTES GRUPOS EDUCATIVOS | C54: 0.5 | D54: =+B54*C54 -> 0 | E54: 0.5 | F54: =+E54*B54 -> 0 | G54: =+C54+E54 -> 1 | H54: =+(F54+D54)-B54 -> 0
A55: AUXILIO DE TRANSPORTE JUANITAS | C55: 0.5 | D55: =+B55*C55 -> 0 | E55: 0.5 | F55: =+E55*B55 -> 0 | G55: =+C55+E55 -> 1 | H55: =+(F55+D55)-B55 -> 0
A56: MATERIALES DIDACTICOS | B56: 3928149 | C56: 0.5 | D56: =+B56*C56 -> 1964074.5 | E56: 0.5 | F56: =+E56*B56 -> 1964074.5 | G56: =+C56+E56 -> 1 | H56: =+(F56+D56)-B56 -> 0
A57: VIGILANCIA | C57: 0.5 | D57: =+B57*C57 -> 0 | E57: 0.5 | F57: =+E57*B57 -> 0 | G57: =+C57+E57 -> 1 | H57: =+(F57+D57)-B57 -> 0
A58: OTROS | B58: 338287 | C58: 0.5 | D58: =+B58*C58 -> 169143.5 | E58: 0.5 | F58: =+E58*B58 -> 169143.5 | G58: =+C58+E58 -> 1 | H58: =+(F58+D58)-B58 -> 0
A59: TOTAL GASTO DIRECTO JUANITAS PRO MES | B59: =SUM(B51:B58) -> 6104932 | D59: =SUM(D51:D58) -> 3052466 | F59: =SUM(F51:F58) -> 3052466 | G59: =+C59+E59 -> 0 | H59: =+(F59+D59)-B59 -> 0
A61: TOTAL GASTOS | B61: =+B12+B47+B59 -> 63905736
A63: GASTOS ADMINISTRATIVOS | B63: =+D12+D47 -> 6868651.9
A64: INVERSION SOCIAL PROYECTO EDUCATIVO | B64: =+B59+K12+K47 -> 18843551
A65: INVERSION SOCIAL PROYECTOS ASOEX | B65: =+S12+S47 -> 12629801
A66: GASTOS ACTIVIDADES COMERCIALES | B66: =+AA12+AA47 -> 2998588.2
A67: TOTAL GASTOS | B67: =SUM(B63:B66) -> 41340591
A68: PRUEBA | B68: =+B61-B67 -> 22565145

Sheet ER INTEGRAL 24
B1: ASOCIACIÓN DE EXALUMNAS DEL COLEGIO LA ENSEÑANZA
B2: NIT: 890.905.759-5
B3: Estado de Resultados por Períodos
B4: De enero a mayo 2024
B6: DESCRIPCIÓN | C6: ENERO | D6: FEBRERO | E6: MARZO | F6: ABRIL | G6: MAYO | H6: JUNIO | I6: JULIO | J6: AGO | K6: SEPT | L6: OCT | M6: NOV | N6: DIC | O6: TOTAL | P6: PART % | Q6: PYG
B7: INGRESOS
B8: INGRESOS POR ACTIVIDADES COMERCIALES
B9: VENTAS DE UNIFORMES | C9: 73603359 | D9: 8892438 | E9: 3258823 | F9: =+'ER AJUSTADO ENE-JUL CC 2024'!E9 -> 5262185 | G9: =+'ER AJUSTADO ENE-JUL CC 2024'!F9 -> 3824370 | H9: =+'ER AJUSTADO ENE-JUL CC 2024'!G9 -> 2928571 | I9: 5863025 | J9: 5566387 | K9: 6363865 | L9: 8692437 | M9: 16797479 | N9: 39300364 | O9: =SUM(C9:N9) -> 180353303 | P9: =+O9/$O$44 -> 0.195793
B10: ARRENDAMIENTOS | C10: 9226600 | D10: 9226600 | E10: 9226600 | F10: =+'ER AJUSTADO ENE-JUL CC 2024'!E10 -> 9226600 | G10: =+'ER AJUSTADO ENE-JUL CC 2024'!F10 -> 9226600 | H10: =+'ER AJUSTADO ENE-JUL CC 2024'!G10 -> 9226600 | I10: 9226600 | J10: 9445600 | K10: 9920000 | L10: 10461400 | M10: 10190400 | N10: 10190400 | O10: =SUM(C10:N10) -> 114794000 | P10: =+O10/$O$44 -> 0.12462129
B11: TOTAL POR ACTIVIDADES COMERCIALES | C11: =+C9+C10 -> 82829959 | D11: =+D9+D10 -> 18119038 | E11: =+E9+E10 -> 12485423 | F11: =+F9+F10 -> 14488785 | G11: =+G9+G10 -> 13050970 | H11: =+H9+H10 -> 12155171 | I11: =+I9+I10 -> 15089625 | J11: =+J9+J10 -> 15011987 | ... N11: =+N9+N10 -> 49490764 | O11: =SUM(O9:O10) -> 295147303 | P11: =SUM(P9:P10) -> 0.32041429
B12: INGRESOS POR DONACIONES
B13: APORTE DE EXALUMNAS | C13: 510000 | D13: 585000 | E13: 595000 | F13: 485000 | G13: =+'ER AJUSTADO ENE-JUL CC 2024'!F13 -> 505000 | H13: 515000 | I13: 1600000 | J13: 1925000 | K13: 505000 | L13: 545000 | M13: 545000 | N13: 655000 | O13: =SUM(C13:N13) -> 8970000 | P13: =+O13/$O$44 -> 0.0097379043
B14: CUOTA DE AFILIACIÓN | D14: 180000 | E14: 810000 | H14: 90000 | O14: =SUM(C14:N14) -> 1080000 | P14: =+O14/$O$44 -> 0.0011724567
B15: QUINQUENIOS | I15: 1805000 | J15: 4235000 | K15: 3215000 | L15: 5390000 | M15: 2100000 | O15: =SUM(C15:N15) -> 16745000 | P15: =+O15/$O$44 -> 0.018178507
B16: ALMUERZOS | H16: 1970000 | M16: 2100000 | O16: =SUM(C16:N16) -> 4070000 | P16: =+O16/$O$44 -> 0.0044184248
B17: TIENDA ESCOLAR | C17: 676500 | E17: 738900 | F17: 762400 | G17: =+'ER AJUSTADO ENE-JUL CC 2024'!F17 -> 824800 | H17: 594800 | I17: 114000 | J17: 339800 | K17: 623000 | L17: 280200 | M17: 538000 | N17: 215700 | O17: =SUM(C17:N17) -> 5708100 | P17: =+O17/$O$44 -> 0.0061967594
B18: CAMPAÑA ESPECIAL ALEX | C18: 3760000 | D18: 60000 | O18: =SUM(C18:N18) -> 3820000 | P18: =+O18/$O$44 -> 0.0041470228
B19: CONFERENCIA | O19: =SUM(C19:N19) -> 0 | P19: =+O19/$O$44 -> 0
B20: RETIRO | O20: =SUM(C20:N20) -> 0 | P20: =+O20/$O$44 -> 0
B21: ALMUERZO | O21: =SUM(C21:N21) -> 0 | P21: =+O21/$O$44 -> 0
B22: FOTOGRAFIA | O22: =SUM(C22:N22) -> 0 | P22: =+O22/$O$44 -> 0
B23: CAMPAÑA BONO (RIFA) | O23: =SUM(C23:N23) -> 0 | P23: =+O23/$O$44 -> 0
B24: PROYECTO AJUARES | N24: 70000 | O24: =SUM(C24:N24) -> 70000 | P24: =+O24/$O$44 -> 7.5992565e-05
B25: ROPERO | D25: 1025000 | E25: 582500 | F25: 3508000 | G25: =+'ER AJUSTADO ENE-JUL CC 2024'!F25 -> 988500 | H25: 1342000 | I25: 1436000 | J25: 977000 | K25: 1429000 | L25: 2091000 | M25: 2477000 | N25: 845000 | O25: =SUM(C25:N25) -> 16701000 | P25: =+O25/$O$44 -> 0.01813074
B26: BONO SOLIDARIO | C26: 0 | D26: 0 | E26: 0 | F26: 0 | G26: 0 | H26: 0 | I26: 0 | J26: 0 | K26: 2660000 | L26: 6920000 | O26: =SUM(C26:N26) -> 9580000 | P26: =+O26/$O$44 -> 0.010400125
B27: PROYECTO DE SEGURIDAD ALIMENTARIA | C27: 732000 | D27: 4350000 | E27: 2956000 | F27: 2911000 | G27: =+'ER AJUSTADO ENE-JUL CC 2024'!F26 -> 3570000 | H27: 3310000 | I27: 3435000 | J27: 5155000 | K27: 4215000 | L27: 4800000 | M27: 2915000 | N27: 5246000 | O27: =SUM(C27:N27) -> 43595000 | P27: =+O27/$O$44 -> 0.047327084
B28: PROYECTOS CESDE-COMFAMA-ASOCIACIÓN | C28: 0 | D28: 0 | E28: 0 | F28: 0 | G28: 0 | H28: 0 | I28: 0 | J28: 0 | K28: 0 | L28: 40000000 | O28: =SUM(C28:N28) -> 40000000 | P28: =+O28/$O$44 -> 0.043424323
B29: PROYECTO DE SEGURIDAD ALIMENTARIA ÉXITO-ASOCIACION | D29: 10557000 | E29: 10251000 | F29: 10557000 | G29: =+'ER AJUSTADO ENE-JUL CC 2024'!F27 -> 10404000 | H29: 10557000 | I29: 9945000 | J29: 10404000 | K29: 10557000 | L29: =10251000+530000 -> 10781000 | M29: 10147000 | N29: 10147000 | O29: =SUM(C29:N29) -> 114307000 | P29: =+O29/$O$44 -> 0.1240926
B30: DONACIONES DE TERCEROS PARTICULARES | O30: =SUM(C30:N30) -> 0 | P30: =+O30/$O$44 -> 0
B31: OTROS | C31: 100000 | E31: 1500000 | L31: 0 | O31: =SUM(C31:N31) -> 1600000 | P31: =+O31/$O$44 -> 0.0017369729
B32: TOTAL DONACIONES | C32: =SUM(C13:C31) -> 5778500 | D32: =SUM(D13:D31) -> 16757000 | E32: =SUM(E13:E31) -> 17433400 | F32: =SUM(F13:F31) -> 18223400 | G32: =SUM(G13:G31) -> 16292300 | H32: =SUM(H13:H31) -> 18378800 | I32: =SUM(I13:I31) -> 18335000 | J32: =SUM(J13:J31) -> 23035800 | ... P32: =SUM(P13:P31) -> 0.28903891
B33: INGRESOS POR EJECUCION DE PROYECTO EDUCATIVO
B34: PROYECTO JUANITAS PRO- RODRIGO ARROYAVE | I34: 5200000 | L34: 3000000 | M34: 0 | O34: =SUM(C34:N34) -> 8200000 | P34: =+O34/$O$44 -> 0.0089019861
B35: PROYECTO JUANITAS CORPORACION SAN BLAS | N35: 10000000 | O35: =SUM(C35:N35) -> 10000000
B36: JUANITAS PRO Y PLUS | C36: 0 | D36: 0 | E36: 56667231 | F36: =+'ER AJUSTADO ENE-JUL CC 2024'!E32 -> 83617208 | G36: =+'ER AJUSTADO ENE-JUL CC 2024'!F32 -> 4952876 | H36: 40774663 | I36: 36965872 | J36: 9126508 | K36: 55218889 | L36: 2185600 | M36: 27379524 | N36: 10008322 | O36: =SUM(C36:N36) -> 326896693 | P36: =+O36/$O$44 -> 0.35488169
B37: TOTAL PROYECTOS EDUCATIVOS | C37: =SUM(C34:C36) -> 0 | D37: =SUM(D34:D36) -> 0 | E37: =SUM(E34:E36) -> 56667231 | F37: =SUM(F34:F36) -> 83617208 | G37: =SUM(G34:G36) -> 4952876 | H37: =SUM(H34:H36) -> 40774663 | I37: =SUM(I34:I36) -> 42165872 | J37: =SUM(J34:J36) -> 9126508 | ... O37: =SUM(O34:O36) -> 345096693 | P37: =+O37/O44 -> 0.37463975
B38: INGRESOS NO OPERACIONALES
B39: INTERESES FINANCIEROS | C39: 649746 | D39: 686175 | E39: 546968 | F39: 147452 | G39: =+'ER AJUSTADO ENE-JUL CC 2024'!F35 -> 160593 | H39: 231923 | I39: 363033 | J39: 479523 | K39: 10372199 | L39: 228454 | M39: 438716 | N39: 237861 | O39: =SUM(C39:N39) -> 14542643 | P39: =+O39/$O$44 -> 0.015787611
B40: APROVECHAMIENTOS | F40: 2000 | L40: 0 | O40: =SUM(C40:N40) -> 2000 | P40: =+O40/$O$44 -> 2.1712161e-06
B41: REINTEGRO DE COSTOS Y GASTOS | F41: 108000 | L41: 0 | O41: =SUM(C41:N41) -> 108000 | P41: =+O41/$O$44 -> 0.00011724567
B42: AJUSTE AL PESO | D42: 0.72 | E42: 9 | I42: 2 | K42: -0.6 | L42: 0 | N42: 1 | O42: =SUM(C42:N42) -> 12.12 | P42: =+O42/$O$44 -> 1.315757e-08
B43: TOTAL INGRESOS NO OPERACIONALES | C43: =SUM(C39:C42) -> 649746 | D43: =SUM(D39:D42) -> 686175.72 | E43: =SUM(E39:E42) -> 546977 | F43: =SUM(F39:F42) -> 257452 | G43: =SUM(G39:G42) -> 160593 | H43: =SUM(H39:H42) -> 231923 | I43: =SUM(I39:I42) -> 363035 | J43: =SUM(J39:J42) -> 479523 | ... P43: =SUM(P39:P42) -> 0.015907041
B44: TOTAL DE INGRESOS | C44: =+C11+C32+C37+C43 -> 89258205 | D44: =+D11+D32+D37+D43 -> 35562214 | E44: =+E11+E32+E37+E43 -> 87133031 | F44: =+F11+F32+F37+F43 -> 116586845 | G44: =+G11+G32+G37+G43 -> 34456739 | H44: =+H11+H32+H37+H43 -> 71540557 | I44: =+I11+I32+I37+I43 -> 75953532 | J44: =+J11+J32+J37+J43 -> 47653818 | ... P44: =+P11+P32+P37+P43 -> 1
B46: GASTOS Y COSTOS
B47: GASTOS ADMINISTRATIVOS
B48: NOMINA Y HONORARIOS | C48: =+'EJECUCION SOC ENE 24'!D11 -> 2345766 | D48: =+'EJECUCION SOC FEB 24'!D12 -> 5956861 | E48: =+'EJECUCION SOCIAL MARZO 24'!D12 -> 5273131.2 | F48: =+'EJECUCION SOCIAL ABRIL 24'!D12 -> 5537309.6 | G48: =+'EJECUCION SOCIAL MAY 24'!D12 -> 6411405.8 | H48: 5429840.2 | I48: =+'EJECUCION SOCIAL JUL 24'!D12 -> 5465840.2 | J48: =+'EJECUCION SOCIAL AGO 24'!D12 -> 5465840.2 | K48: =+'EJECUCION SOCIAL SEPTIEMBRE'!D12 -> 5056720.2 | L48: =+'EJECUCUCION SOCIAL OCTUBRE'!D12 -> 6260737.7 | M48: =+'EJECUCION SOCIAL NOVIEMBRE'!D12 -> 5514907.7 | N48: =+'EJECUCION SOCIAL DICIEMBRE'!D12 -> 4826797.7 | O48: =SUM(C48:N48) -> 63545158 | P48: =+O48/$O$169 -> 0.076518314
B49: ASESORIA CONTABLE | C49: 131136 | D49: 131136 | E49: 131136 | F49: 131136 | G49: 131136 | H49: 131136 | I49: 131136 | J49: 131136 | K49: 131136 | L49: 131136 | M49: 131136 | N49: 131136 | O49: =SUM(C49:N49) -> 1573632 | P49: =+O49/$O$169 -> 0.0018948992
B50: ARL PRACTICANTE | C50: 0 | D50: 0 | E50: 0 | F50: 0 | G50: 0 | H50: 0 | I50: 0 | J50: 0 | K50: 0 | L50: 0 | M50: 0 | N50: 0 | O50: =SUM(C50:N50) -> 0 | P50: =+O50/$O$169 -> 0
B51: AUXILIO PRACTICANTE | D51: 0 | E51: 0 | F51: 0 | G51: 0 | H51: 0 | I51: 0 | J51: 0 | K51: 0 | L51: 0 | M51: 0 | N51: 0 | O51: =SUM(C51:N51) -> 0 | P51: =+O51/$O$169 -> 0
B52: OTROS HONORARIOS | C52: 64000 | D52: 255000 | E52: 0 | F52: 91000 | G52: 115000 | H52: 75000 | I52: 75000 | J52: 160000 | K52: 115000 | L52: 105000 | M52: 85000 | N52: 229000 | O52: =SUM(C52:N52) -> 1369000 | P52: =+O52/$O$169 -> 0.0016484902
B53: IMPUESTO PREDIAL | F53: 0 | G53: 0 | H53: 0 | I53: 0 | J53: 0 | K53: 0 | L53: 0 | M53: 0 | N53: 0 | O53: =SUM(C53:N53) -> 0 | P53: =+O53/$O$169 -> 0
B54: IMPUESTOS VARIOS | C54: 0 | D54: 5324.8 | E54: 2601.8 | F54: 705.5 | G54: 104500.2 | H54: 9711.4 | I54: 8059.3 | J54: 0 | K54: 760.7 | L54: 7095.4 | M54: 13702.2 | N54: 140916.2 | O54: =SUM(C54:N54) -> 293377.5 | P54: =+O54/$O$169 -> 0.00035327242
B55: SEGUROS | C55: 0 | D55: 0 | E55: 0 | F55: 0 | G55: 0 | H55: 206360 | I55: 0 | J55: 0 | K55: 0 | L55: 0 | M55: 0 | N55: 0 | O55: =SUM(C55:N55) -> 206360 | P55: =+O55/$O$169 -> 0.00024848973
B56: ADMINISTRACION DE LOCALES | C56: 0 | D56: 0 | E56: 0 | F56: 0 | G56: 0 | H56: 0 | I56: 0 | J56: 0 | K56: 0 | L56: 0 | M56: 0 | N56: 0 | O56: =SUM(C56:N56) -> 0 | P56: =+O56/$O$169 -> 0
B57: TELEFONIA | C57: 19507.5 | D57: 20183.8 | E57: 18533.8 | F57: 42841.4 | G57: 19121.7 | H57: 19121.7 | I57: 20111.7 | J57: 19121.7 | K57: 19121.7 | L57: 19121.7 | M57: 17349 | N57: 4139.5 | O57: =SUM(C57:N57) -> 238275.2 | P57: =+O57/$O$169 -> 0.00028692063
B58: INTERNET | C58: 20122.1 | D58: 23603.2 | E58: 23846.7 | F58: 0 | G58: 23981.9 | H58: 23895.8 | I58: 23820.5 | J58: 23944.4 | K58: 24180.8 | L58: 23944.4 | M58: 70267.5 | N58: 0 | O58: =SUM(C58:N58) -> 281607.3 | P58: =+O58/$O$169 -> 0.00033909926
B59: ASEO Y VIGILANCIA | C59: 20124.6 | D59: 120931.2 | E59: 0 | F59: 0 | G59: 0 | H59: 29433.4 | I59: 0 | J59: 0 | K59: 0 | L59: 0 | M59: 9550.8 | N59: 0 | O59: =SUM(C59:N59) -> 180040 | P59: =+O59/$O$169 -> 0.00021679633
B60: GOOGLE SUITE-LICENCIAS Y HOSTING | C60: 209220.5 | D60: 133911.9 | E60: 18072.2 | F60: 19453.6 | G60: 67741.2 | H60: 21785.6 | I60: 68932.4 | J60: 237877.5 | K60: 39630.8 | L60: 21154.7 | M60: 22325.7 | N60: 61652.4 | O60: =SUM(C60:N60) -> 921758.5 | P60: =+O60/$O$169 -> 0.0011099415
B61: COMPRA DE ACTIVOS OFICINA | C61: 419300 | D61: 0 | E61: 0 | F61: 0 | G61: 0 | H61: 0 | I61: 0 | J61: 0 | K61: 0 | L61: 0 | M61: 0 | N61: 0 | O61: =SUM(C61:N61) -> 419300 | P61: =+O61/$O$169 -> 0.00050490281
B62: PUBLICIDAD Y PORTAL WEB | C62: 0 | D62: 0 | E62: 0 | F62: 0 | G62: 0 | H62: 0 | I62: 0 | J62: 0 | K62: 0 | L62: 0 | M62: 0 | N62: 0 | O62: =SUM(C62:N62) -> 0 | P62: =+O62/$O$169 -> 0
B63: MENSAJERIA | C63: 0 | D63: 16000 | E63: 2000 | F63: 4400 | G63: 0 | H63: 1500 | I63: 0 | J63: 0 | K63: 7700 | L63: 5085 | M63: 0 | N63: 0 | O63: =SUM(C63:N63) -> 36685 | P63: =+O63/$O$169 -> 4.4174481e-05
B64: SERVICIOS GENERALES | C64: 0 | D64: 0 | E64: 0 | F64: 0 | G64: 0 | H64: 0 | I64: 0 | J64: 0 | K64: 0 | L64: 0 | M64: 0 | N64: 0 | O64: =SUM(C64:N64) -> 0 | P64: =+O64/$O$169 -> 0
B65: TRANSPORTE FLETES Y ACARREOS | C65: 0 | D65: 0 | E65: 0 | F65: 0 | G65: 35000 | H65: 0 | I65: 0 | J65: 0 | K65: 0 | L65: 0 | M65: 0 | N65: 0 | O65: =SUM(C65:N65) -> 35000 | P65: =+O65/$O$169 -> 4.2145477e-05
... B69: MANTENIMIENTO Y REPARACIONES | C69: 73714.3 | D69: 38318 | E69: 0 | F69: 30000 | G69: 0 | H69: 9000 | I69: 96000 | J69: 10000 | K69: 8000 | L69: 11408.4 | M69: 13990 | N69: 0 | O69: =SUM(C69:N69) -> 290430.7 | P69: =+O69/$O$169 -> 0.00034972401
B70: MANTENIMINETO CASA FATIMA | J70: 0 | K70: 0 | L70: 0 | M70: 0 | N70: 0 | O70: =SUM(C70:N70) -> 0 | P70: =+O70/$O$169 -> 0
B71: GASTOS DIFERIDOS | C71: 18898.1 | D71: 18898.1 | E71: 18898.1 | F71: 18898.1 | G71: 18898.1 | H71: 38617.3 | I71: 38617.3 | J71: 38617.3 | K71: 38617.3 | L71: 38617.3 | M71: 38617.3 | N71: 38617.3 | O71: =SUM(C71:N71) -> 364811.6 | P71: =+O71/$O$169 -> 0.00043929025
B72: GASTOS EN EJECUCIÓN DE PROYECTOS | C72: 0 | D72: 0 | E72: 0 | F72: 0 | G72: 0 | H72: 0 | I72: 0 | J72: 0 | K72: 0 | L72: 0 | M72: 0 | N72: 0 | O72: =SUM(C72:N72) -> 0 | P72: =+O72/$O$169 -> 0
B73: PAPELERIA | C73: 0 | D73: 71007 | E73: 20665.3 | F73: 9929.6 | G73: 4699 | H73: 79981.5 | I73: 5190 | J73: 44120.1 | K73: 11549.9 | L73: 59192.2 | M73: 12101.7 | N73: 0 | O73: =SUM(C73:N73) -> 318436.3 | P73: =+O73/$O$169 -> 0.00038344714
B74: ASEO Y CAFETERIA | C74: 21522.1 | D74: 23760.9 | E74: 30875.9 | F74: 13860.7 | G74: 23082.2 | H74: 0 | I74: 9403.6 | J74: 17715.2 | K74: 24638.9 | L74: 21002.8 | M74: 0 | N74: 4884.9 | O74: =SUM(C74:N74) -> 190747.2 | P74: =+O74/$O$169 -> 0.00022968948
B75: TAXIS Y BUSES | C75: 27640 | D75: 41200 | E75: 23965 | F75: 13800 | G75: 24560 | H75: 14500 | I75: 20200 | J75: 15050 | K75: 21700 | L75: 23100 | M75: 8750 | N75: 1000 | O75: =SUM(C75:N75) -> 235465 | P75: =+O75/$O$169 -> 0.00028353671
B76: PARQUEADEROS | C76: 420.2 | D76: 2020.2 | E76: 420.2 | F76: 2394.9 | G76: 420.2 | H76: 1260.5 | I76: 1680.7 | J76: 0 | K76: 2815.1 | L76: 420.2 | M76: 0 | N76: 840.4 | O76: =SUM(C76:N76) -> 12692.6 | P76: =+O76/$O$169 -> 1.5283877e-05
B77: ATENCION EXALUMNAS | C77: 0 | D77: 0 | E77: 0 | F77: 0 | G77: 0 | H77: 0 | J77: 0 | K77: 0 | L77: 0 | M77: 0 | N77: 0 | O77: =SUM(C77:N77) -> 0 | P77: =+O77/$O$169 -> 0
B78: INVERSION PROYECTO SEGURIDAD ALIMENTARIA ASOEX | C78: 0 | D78: 0 | E78: 0 | F78: 0 | G78: 0 | H78: 0 | J78: 0 | K78: 0 | L78: 0 | M78: 0 | N78: 0 | O78: =SUM(C78:N78) -> 0 | P78: =+O78/$O$169 -> 0
B79: INVERSION PROYECTO ÉXITO | C79: 0 | D79: 0 | E79: 0 | F79: 0 | G79: 0 | H79: 0 | J79: 0 | K79: 0 | L79: 0 | M79: 0 | N79: 0 | O79: =SUM(C79:N79) -> 0 | P79: =+O79/$O$169 -> 0
B80: INVERSION EN PROYECTO EDUCATIVO | F80: 0 | G80: 0 | H80: 0 | J80: 0 | K80: 0 | L80: 0 | M80: 0 | N80: 0 | O80: =SUM(C80:N80) -> 0 | P80: =+O80/$O$169 -> 0
B81: INVERSION PROYECTO CESDE-ASOEX | F81: 0 | G81: 0 | H81: 0 | J81: 0 | K81: 0 | L81: 0 | M81: 0 | N81: 0 | O81: =SUM(C81:N81) -> 0 | P81: =+O81/$O$169 -> 0
B82: DONACIONES VARIAS | C82: 0 | D82: 0 | E82: 0 | F82: 0 | G82: 0 | H82: 0 | J82: 0 | K82: 0 | L82: 0 | M82: 0 | N82: 0 | O82: =SUM(C82:N82) -> 0 | P82: =+O82/$O$169 -> 0
B83: OTROS | C83: 0 | D83: 0 | E83: 0 | F83: 0 | G83: 0 | H83: 20710 | J83: 0 | K83: 30072 | L83: 0 | M83: 0 | N83: 44730 | O83: =SUM(C83:N83) -> 95512 | P83: =+O83/$O$169 -> 0.00011501139
B84: TOTAL GASTOS ADMINISTRATIVOS | C84: =SUM(C48:C83) -> 3372161.4 | D84: =SUM(D48:D83) -> 6868651.9 | E84: =SUM(E48:E83) -> 5770616.2 | F84: =SUM(F48:F83) -> 5940971.6 | G84: =SUM(G48:G83) -> 7026596.3 | H84: =SUM(H48:H83) -> 6111853.4 | I84: =SUM(I48:I83) -> 5972196.1 | J84: =SUM(J48:J83) -> 6164212.4 | ... P84: =SUM(P48:P83) -> 0.085385425
B86: INVERSIÓN SOCIAL PROYECTOS ASOEX
B88: COSTO TECNICO OPERATIVO PROYECTO SOCIAL ASOEX
B89: NOMINA Y HONORARIOS | C89: =+'EJECUCION SOC ENE 24'!P11+'EJECUCION SOC ENE 24'!R11 -> 803116 | D89: =+'EJECUCION SOC FEB 24'!S12 -> 1224471.7 | E89: =+'EJECUCION SOCIAL MARZO 24'!P12+'EJECUCION SOCIAL MARZO 24'!R12 -> 1076671.7 | F89: =+'EJECUCION SOCIAL ABRIL 24'!P12+'EJECUCION SOCIAL ABRIL 24'!R12 -> 1121114.8 | G89: =+'EJECUCION SOCIAL MAY 24'!P12+'EJECUCION SOCIAL MAY 24'!R12 -> 1395764 | H89: =+'EJECUCION SOCIAL JUN 24'!P12+'EJECUCION SOCIAL JUN 24'!R12 -> 1099543.9 | I89: =+'EJECUCION SOCIAL JUL 24'!S12 -> 1121143.9 | J89: =+'EJECUCION SOCIAL AGO 24'!S12 -> 1121143.9 | K89: =+'EJECUCION SOCIAL SEPTIEMBRE'!S12 -> 968951.86 | L89: =+'EJECUCUCION SOCIAL OCTUBRE'!T12+'EJECUCUCION SOCIAL OCTUBRE'!V12 -> 1321530.5 | M89: =+'EJECUCION SOCIAL NOVIEMBRE'!W12 -> 939564.51 | N89: =+'EJECUCION SOCIAL DICIEMBRE'!W12 -> 835682.51 | O89: =SUM(C89:N89) -> 13028699 | P89: =+O89/$O$169 -> 0.015688592
B90: ASESORIA CONTABLE | C90: =+'EJECUCION SOC ENE 24'!S15 -> 104908.8 | D90: =+'EJECUCION SOC FEB 24'!S16 -> 104908.8 | E90: =+'EJECUCION SOCIAL MARZO 24'!S16 -> 104908.8 | F90: =+'EJECUCION SOCIAL ABRIL 24'!S16 -> 104908.8 | G90: 104908.8 | H90: 104908.8 | I90: 104908.8 | J90: 104908.8 | K90: 104908.8 | L90: 104908.8 | M90: 104908.8 | N90: 104908.8 | O90: =SUM(C90:N90) -> 1258905.6 | P90: =+O90/$O$169 -> 0.0015159193
B91: ARL PRACTICANTE | G91: 0 | H91: 0 | I91: 0 | J91: 0 | K91: 0 | L91: 0 | M91: 0 | N91: 0 | O91: =SUM(C91:N91) -> 0 | P91: =+O91/$O$169 -> 0
B92: AUXILIO DE TRANSPORTE PRACTICANTES | G92: 0 | H92: 0 | I92: 0 | J92: 0 | K92: 0 | L92: 0 | M92: 0 | N92: 0 | O92: =SUM(C92:N92) -> 0 | P92: =+O92/$O$169 -> 0
B93: OTROS HONORARIOS | C93: =+'EJECUCION SOC ENE 24'!S17 -> 160000 | D93: =+'EJECUCION SOC FEB 24'!S19 -> 637500 | F93: =+'EJECUCION SOCIAL ABRIL 24'!S19 -> 318500 | G93: 402500 | H93: 262500 | I93: 262500 | J93: 560000 | K93: 402500 | L93: 367500 | M93: 297500 | N93: 801500 | O93: =SUM(C93:N93) -> 4472500 | P93: =+O93/$O$169 -> 0.0053855899
B94: IMPUESTO PREDIAL | G94: 0 | H94: 0 | I94: 0 | J94: 0 | K94: 0 | L94: 0 | M94: 0 | N94: 0 | O94: =SUM(C94:N94) -> 0 | P94: =+O94/$O$169 -> 0
B95: OTROS IMPUESTOS | G95: 0 | H95: 0 | I95: 0 | J95: 0 | K95: 0 | L95: 0 | M95: 0 | N95: 0 | O95: =SUM(C95:N95) -> 0 | P95: =+O95/$O$169 -> 0
B96: SEGUROS | G96: 0 | H96: 206360 | I96: 0 | J96: 0 | K96: 0 | L96: 0 | M96: 0 | N96: 0 | O96: =SUM(C96:N96) -> 206360 | P96: =+O96/$O$169 -> 0.00024848973
B97: ADMINISTRACION DE LOCALES | G97: 0 | H97: 0 | I97: 0 | J97: 0 | K97: 0 | L97: 0 | M97: 0 | N97: 0 | O97: =SUM(C97:N97) -> 0 | P97: =+O97/$O$169 -> 0
B98: TELEFONIA | C98: =+'EJECUCION SOC ENE 24'!S21 -> 9753.75 | D98: 10091.9 | E98: 9266.9 | F98: =+'EJECUCION SOCIAL ABRIL 24'!S24 -> 21420.7 | G98: 9560.85 | H98: 9560.85 | I98: 10055.85 | J98: 9560.85 | K98: 9560.85 | L98: 9560.85 | M98: 8674.5 | N98: 2069.75 | O98: =SUM(C98:N98) -> 119137.6 | P98: =+O98/$O$169 -> 0.00014346031
B99: INTERNET | C99: =+'EJECUCION SOC ENE 24'!S22 -> 10061.05 | D99: 11801.6 | E99: 11923.35 | G99: 11990.95 | H99: 11947.9 | I99: 11910.25 | J99: 11972.2 | K99: 12090.4 | L99: 11972.2 | M99: 35133.75 | N99: 0 | O99: =SUM(C99:N99) -> 140803.65 | P99: =+O99/$O$169 -> 0.00016954963
B100: ASEO Y VIGILANCIA | C100: =+'EJECUCION SOC ENE 24'!S23 -> 30186.9 | D100: 181396.8 | E100: 0 | G100: 0 | H100: 44150.1 | I100: 0 | J100: 0 | K100: 0 | L100: 0 | M100: 14326.2 | N100: 0 | O100: =SUM(C100:N100) -> 270060 | P100: =+O100/$O$169 -> 0.0003251945
B101: GOOGLE SUITE-LICENCIAS Y HOSTING | C101: =+'EJECUCION SOC ENE 24'!S24 -> 313830.75 | D101: 200867.85 | E101: 27108.3 | F101: =+'EJECUCION SOCIAL ABRIL 24'!S27 -> 29180.4 | G101: 101611.8 | H101: 32678.4 | I101: 103398.6 | J101: 356816.25 | K101: 59446.2 | L101: 31732.05 | M101: 33488.55 | N101: 92478.6 | O101: =SUM(C101:N101) -> 1382637.8 | P101: =+O101/$O$169 -> 0.0016649122
B102: COMPRA DE ACTIVOS OFICINA | C102: =+'EJECUCION SOC ENE 24'!S25 -> 628950 | E102: 0 | G102: 0 | H102: 0 | I102: 0 | J102: 0 | K102: 0 | L102: 0 | M102: 0 | N102: 0 | O102: =SUM(C102:N102) -> 628950 | P102: =+O102/$O$169 -> 0.00075735422
B103: PUBLICIDAD Y PORTAL WEB | E103: 0 | G103: 0 | H103: 0 | I103: 0 | J103: 0 | K103: 0 | L103: 0 | M103: 0 | N103: 0 | O103: =SUM(C103:N103) -> 0 | P103: =+O103/$O$169 -> 0
B104: MENSAJERIA | D104: =+'EJECUCION SOC FEB 24'!S29 -> 60800 | E104: 7600 | F104: =+'EJECUCION SOCIAL ABRIL 24'!S30 -> 16720 | G104: 0 | H104: 5700 | I104: 0 | J104: 0 | K104: 29260 | L104: 19323 | M104: 0 | N104: 0 | O104: =SUM(C104:N104) -> 139403 | P104: =+O104/$O$169 -> 0.00016786303
B105: SERVICIOS GENERALES | G105: 0 | H105: 0 | I105: 0 | J105: 0 | K105: 0 | L105: 0 | M105: 0 | N105: 0 | O105: =SUM(C105:N105) -> 0 | P105: =+O105/$O$169 -> 0
B106: TRANSPORTE FLETES Y ACARREOS | G106: 105000 | H106: 0 | I106: 0 | J106: 0 | K106: 0 | L106: 0 | M106: 0 | N106: 0 | O106: =SUM(C106:N106) -> 105000 | P106: =+O106/$O$169 -> 0.00012643643
B107: GASTOS LEGALES | C107: =+'EJECUCION SOC ENE 24'!S30 -> 2370 | E107: =+'EJECUCION SOCIAL MARZO 24'!S32 -> 619410 | F107: =+'EJECUCION SOCIAL ABRIL 24'!S33 -> 2370 | G107: 141150 | H107: 0 | I107: 0 | J107: 2370 | K107: 2370 | L107: 0 | M107: 2370 | N107: 0 | O107: =SUM(C107:N107) -> 772410 | P107: =+O107/$O$169 -> 0.00093010251
...

Sheet EJECUCION SOCIAL MARZO 24
A1: EJECUCION SOCIAL ASOCIACION DE EXALUMNAS COLEGIO LA ENSEÑAÑZA
C2: ADMINISTRACION | E2: PROYECTOS EDUCATIVOS INVERSION SOCIAL | L2: INVERSION SOCIAL | T2: ACTIVIDAD COMERCIAL | AB2: PRUEBA
A3: CONCEPTO DEL GASTO | B3: GASTO O COSTO TOTAL | C3: CCA | D3: CCA | E3: CC1 | G3: CC2 | I3: CC3 | K3: CC1+CC2+CC3 | L3: CC4 | N3: CC4 | O3: CC5 | Q3: CC6 | S3: CC4+CC5+CC6 | T3: CC7 | V3: CC8 | X3: CC7+CC8 | Y3: CC9 | AA3: CC9
A4: Nomina y Honorarios | B4: Valor total del gasto | C4: Aministracion | D4: Total del gasto cargado a Administración | E4: juanitas Pro | F4: valor | G4: Juanitas Plus | H4: valor | I4: Conferencias | J4: Valor | K4: Total del gasto en Proyectos eduacativos | L4: Mercados | M4: Valor | N4: Total mercados | O4: Ropero | P4: Valor | Q4: Eventos Asociación Eucaristias-Bonos-Quinquenios-Ajuares-Retiros y otros | R4: Valor | S4: Total del gasto llevado a la Inversion social | T4: Tienda escolar | U4: Valor | V4: Venta de uniformes | W4: Valor | X4: Total tienda y uniformes | Y4: Arriendos comerciales | Z4: Valor | AA4: Total del gasto y costo llevado a la Actividad comercial | AB4: casilla de prueba 1 | AC4: casilla de prueba 2
A5: CLARA VICTORIA MONTEALEGRE | B5: =+' NOMINAS ENE-DIC'!I56+' NOMINAS ENE-DIC'!I66 -> 4555560 | C5: =+'%'!B4 -> 0.35 | D5: =+B5*C5 -> 1594446 | E5: =+'%'!C4 -> 0 | F5: =+B5*E5 -> 0 | G5: =+'%'!D4 -> 0 | H5: =+B5*G5 -> 0 | I5: =+'%'!E4 -> 0 | J5: =+B5*I5 -> 0 | K5: =+F5+H5+J5 -> 0 | L5: =+'%'!F4 -> 0.01 | M5: =+L5*B5 -> 45555.6 | N5: =+M5 -> 45555.6 | O5: =+'%'!G4 -> 0.02 | P5: =+O5*B5 -> 91111.2 | Q5: =+'%'!H4 -> 0.05 | R5: =+Q5*B5 -> 227778 | S5: =+P5+R5 -> 318889.2 | T5: =+'%'!I4 -> 0.2 | U5: =+T5*B5 -> 911112 | V5: =+'%'!J4 -> 0.27 | W5: =+V5*B5 -> 1230001.2 | X5: =+U5+W5 -> 2141113.2 | Y5: =+'%'!K4 -> 0.1 | Z5: =+Y5*B5 -> 455556 | AA5: =+Z5 -> 455556 | AB5: =+(D5+K5+N5+S5+X5+AA5)-B5 -> 0 | AC5: =+C5+E5+G5+I5+L5+O5+Q5+T5+V5+Y5 -> 1
A6: DAVID ALEJANDRO MUÑOZ RUIZ | B6: =+' NOMINAS ENE-DIC'!I58+' NOMINAS ENE-DIC'!I68 -> 3255585.2 | C6: =+'%'!B5 -> 0 | D6: =+B6*C6 -> 0 | E6: =+'%'!C5 -> 0.4 | F6: =+B6*E6 -> 1302234.1 | G6: =+'%'!D5 -> 0.6 | H6: =+B6*G6 -> 1953351.1 | I6: =+'%'!E5 -> 0 | J6: =+B6*I6 -> 0 | K6: =+F6+H6+J6 -> 3255585.2 | L6: =+'%'!F5 -> 0 | M6: =+L6*B6 -> 0 | N6: =+M6 -> 0 | O6: =+'%'!G5 -> 0 | P6: =+O6*B6 -> 0 | Q6: =+'%'!H5 -> 0 | R6: =+Q6*B6 -> 0 | S6: =+P6+R6 -> 0 | T6: =+'%'!I5 -> 0 | U6: =+T6*B6 -> 0 | V6: =+'%'!J5 -> 0 | W6: =+V6*B6 -> 0 | X6: =+U6+W6 -> 0 | Y6: =+'%'!K5 -> 0 | Z6: =+Y6*B6 -> 0 | AA6: =+Z6 -> 0 | AB6: =+(D6+K6+N6+S6+X6+AA6)-B6 -> 0 | AC6: =+C6+E6+G6+I6+L6+O6+Q6+T6+V6+Y6 -> 1
A7: VANESSA FORONDA LOPEZ | B7: =+' NOMINAS ENE-DIC'!I55+' NOMINAS ENE-DIC'!I65 -> 3227649.2 | C7: =+'%'!B7 -> 0 | D7: =+B7*C7 -> 0 | E7: =+'%'!C7 -> 0.25 | F7: =+B7*E7 -> 806912.3 | G7: =+'%'!D7 -> 0.45 | H7: =+B7*G7 -> 1452442.1 | I7: =+'%'!E7 -> 0.2 | J7: =+B7*I7 -> 645529.84 | K7: =+F7+H7+J7 -> 2904884.3 | L7: =+'%'!F7 -> 0 | M7: =+L7*B7 -> 0 | N7: =+M7 -> 0 | O7: =+'%'!G7 -> 0 | P7: =+O7*B7 -> 0 | Q7: =+'%'!H7 -> 0.05 | R7: =+Q7*B7 -> 161382.46 | S7: =+P7+R7 -> 161382.46 | T7: =+'%'!I7 -> 0 | U7: 0 | V7: =+'%'!J7 -> 0.05 | W7: =+V7*B7 -> 161382.46 | X7: =+U7+W7 -> 161382.46 | Y7: =+'%'!K7 -> 0 | Z7: =+Y7*B7 -> 0 | AA7: =+Z7 -> 0 | AB7: =+(D7+K7+N7+S7+X7+AA7)-B7 -> 0 | AC7: =+C7+E7+G7+I7+L7+O7+Q7+T7+V7+Y7 -> 1
A8: YUDY ALEJANDRA CARRASQUILLA TAMAYO | B8: =+' NOMINAS ENE-DIC'!I57+' NOMINAS ENE-DIC'!I67 -> 2164685.2 | C8: 1 | D8: =+B8*C8 -> 2164685.2 | E8: 0 | F8: =+B8*E8 -> 0 | G8: 0 | H8: =+B8*G8 -> 0 | I8: 0 | J8: =+B8*I8 -> 0 | K8: =+F8+H8+J8 -> 0 | L8: 0 | M8: =+L8*B8 -> 0 | N8: =+M8 -> 0 | O8: 0 | P8: =+O8*B8 -> 0 | Q8: 0 | R8: =+Q8*B8 -> 0 | S8: =+P8+R8 -> 0 | T8: 0 | U8: 0 | V8: 0 | W8: =+V8*B8 -> 0 | X8: =+U8+W8 -> 0 | Y8: 0 | Z8: =+Y8*B8 -> 0 | AA8: =+Z8 -> 0 | AB8: =+(D8+K8+N8+S8+X8+AA8)-B8 -> 0 | AC8: =+C8+E8+G8+I8+L8+O8+Q8+T8+V8+Y8 -> 1
A9: MARIA EUGENIA RESTREPO (Honorarios) | B9: =+' NOMINAS ENE-DIC'!B74 -> 4240000 | C9: =+'%'!B8 -> 0.2 | D9: =+B9*C9 -> 848000 | E9: =+'%'!C8 -> 0.1 | F9: =+B9*E9 -> 424000 | G9: =+'%'!D8 -> 0.3 | H9: =+B9*G9 -> 1272000 | I9: =+'%'!E8 -> 0.1 | J9: =+B9*I9 -> 424000 | K9: =+F9+H9+J9 -> 2120000 | L9: =+'%'!F8 -> 0 | M9: =+L9*B9 -> 0 | N9: =+M9 -> 0 | O9: 0.02 | P9: =+O9*B9 -> 84800 | Q9: =+'%'!H8 -> 0.05 | R9: =+Q9*B9 -> 212000 | S9: =+P9+R9 -> 296800 | T9: =+'%'!I8 -> 0 | U9: 0 | V9: =+'%'!J8 -> 0.1 | W9: =+V9*B9 -> 424000 | X9: =+U9+W9 -> 424000 | Y9: 0.13 | Z9: =+Y9*B9 -> 551200 | AA9: =+Z9 -> 551200 | AB9: =+(D9+K9+N9+S9+X9+AA9)-B9 -> 0 | AC9: =+C9+E9+G9+I9+L9+O9+Q9+T9+V9+Y9 -> 1
A10: LUZ MARIA GOMEZ SALDARRIAGA | B10: =+' NOMINAS ENE-DIC'!B75 -> 2000000 | C10: =+'%'!B8 -> 0.2 | D10: =+B10*C10 -> 400000 | E10: =+'%'!C8 -> 0.1 | F10: =+B10*E10 -> 200000 | G10: =+'%'!D8 -> 0.3 | H10: =+B10*G10 -> 600000 | I10: =+'%'!E8 -> 0.1 | J10: =+B10*I10 -> 200000 | K10: =+F10+H10+J10 -> 1000000 | L10: =+'%'!F8 -> 0 | M10: =+L10*B10 -> 0 | N10: =+M10 -> 0 | O10: 0.02 | P10: =+O10*B10 -> 40000 | Q10: =+'%'!H8 -> 0.05 | R10: =+Q10*B10 -> 100000 | S10: =+P10+R10 -> 140000 | T10: =+'%'!I8 -> 0 | U10: =+T10*B10 -> 0 | V10: =+'%'!J8 -> 0.1 | W10: =+V10*B10 -> 200000 | X10: =+U10+W10 -> 200000 | Y10: 0.13 | Z10: =+Y10*B10 -> 260000 | AA10: =+Z10 -> 260000 | AB10: =+(D10+K10+N10+S10+X10+AA10)-B10 -> 0 | AC10: =+C10+E10+G10+I10+L10+O10+Q10+T10+V10+Y10 -> 1
A11: DAVID CORRALES RODAS (Honorarios) | B11: =+' NOMINAS ENE-DIC'!B73 -> 1330000 | C11: =+'%'!B9 -> 0.2 | D11: =+B11*C11 -> 266000 | E11: =+'%'!C9 -> 0.1 | F11: =+B11*E11 -> 133000 | G11: =+'%'!D9 -> 0.2 | H11: =+B11*G11 -> 266000 | I11: =+'%'!E9 -> 0.15 | J11: =+B11*I11 -> 199500 | K11: =+F11+H11+J11 -> 598500 | L11: =+'%'!F9 -> 0 | M11: =+L11*B11 -> 0 | N11: =+M11 -> 0 | O11: 0.02 | P11: =+O11*B11 -> 26600 | Q11: =+'%'!H9 -> 0.1 | R11: =+Q11*B11 -> 133000 | S11: =+P11+R11 -> 159600 | T11: =+'%'!I9 -> 0 | U11: =+T11*B11 -> 0 | V11: =+'%'!J9 -> 0.2 | W11: =+V11*B11 -> 266000 | X11: =+U11+W11 -> 266000 | Y11: 0.03 | Z11: =+Y11*B11 -> 39900 | AA11: =+Z11 -> 39900 | AB11: =+(D11+K11+N11+S11+X11+AA11)-B11 -> 0 | AC11: =+C11+E11+G11+I11+L11+O11+Q11+T11+V11+Y11 -> 1
A12: TOTALES | B12: =SUM(B5:B11) -> 20773480 | D12: =SUM(D5:D11) -> 5273131.2 | F12: =SUM(F5:F11) -> 2866146.4 | H12: =SUM(H5:H11) -> 5543793.3 | J12: =SUM(J5:J11) -> 1469029.8 | K12: =SUM(K5:K11) -> 9878969.5 | M12: =SUM(M5:M11) -> 45555.6 | N12: =+M12 -> 45555.6 | P12: =SUM(P5:P11) -> 242511.2 | R12: =SUM(R5:R11) -> 834160.46 | S12: =+P12+R12 -> 1076671.7 | U12: =SUM(U5:U11) -> 911112 | W12: =SUM(W5:W11) -> 2281383.7 | X12: =+U12+W12 -> 3192495.7 | Z12: =SUM(Z5:Z11) -> 1306656 | AA12: =+Z12 -> 1306656 | AB12: =+(D12+K12+N12+S12+X12+AA12)-B12 -> 0 | AC12: =+C12+E12+G12+I12+L12+O12+Q12+T12+V12+Y12 -> 0
A15: Otros gastos diferentes a Nomina y Honorarios | B15: Valor total del gasto | C15: Aministracion | D15: Total del gasto cargado a Administración | E15: juanitas Pro | F15: valor | G15: Juanitas Plus | H15: valor | I15: Conferencias | J15: Valor | K15: total de gasto en proyectos educativos | L15: Mercados | M15: Valor | N15: Total mercados | O15: Ropero | P15: Valor | Q15: Eventos Asociación Eucaristias-Bonos-Quinquenios-Ajuares-Retiros y otros | R15: Valor | S15: Total del gasto llevado a la Inversion social | T15: Tienda escolar | U15: Valor | V15: Venta de uniformes | W15: Valor | X15: Total tienda y uniformes | Y15: Arriendos comerciales | Z15: Valor | AA15: Total del gasto y costo llevado a la Actividad comercial | AB15: casilla de prueba 1 | AC15: casilla de prueba 2 | AD15: total gasto inv social
A16: ASESORIA CONTABLE | B16: 1311360 | C16: 0.1 | D16: =+B16*C16 -> 131136 | E16: 0.05 | F16: =+B16*E16 -> 65568 | G16: 0.15 | H16: =+B16*G16 -> 196704 | I16: 0.01 | J16: =+B16*I16 -> 13113.6 | K16: =+F16+H16+J16 -> 275385.6 | L16: 0.01 | M16: =+L16*B16 -> 13113.6 | N16: =+M16 -> 13113.6 | O16: 0.03 | P16: =+O16*B16 -> 39340.8 | Q16: 0.05 | R16: =+Q16*B16 -> 65568 | S16: =+P16+R16 -> 104908.8 | T16: 0.15 | U16: =+T16*B16 -> 196704 | V16: 0.45 | W16: =+V16*B16 -> 590112 | X16: =+U16+W16 -> 786816 | Y16: 0 | Z16: =+Y16*B16 -> 0 | AA16: =+Z16 -> 0 | AB16: =+(D16+K16+N16+S16+X16+AA16)-B16 -> 0 | AC16: =+C16+E16+G16+I16+L16+O16+Q16+T16+V16+Y16 -> 1 | AD16: =+AA16+S16+K16 -> 380294.4
A17: ARL PRACTICANTE | B17: 13744 | C17: 0 | D17: =+B17*C17 -> 0 | E17: 0.6 | F17: =+B17*E17 -> 8246.4 | G17: 0.4 | H17: =+B17*G17 -> 5497.6 | I17: 0 | J17: =+B17*I17 -> 0 | K17: =+F17+H17+J17 -> 13744 | L17: 0 | M17: =+L17*B17 -> 0 | N17: =+M17 -> 0 | O17: 0 | P17: =+O17*B17 -> 0 | Q17: 0 | R17: =+Q17*B17 -> 0 | S17: =+P17+R17 -> 0 | T17: 0 | U17: =+T17*B17 -> 0 | V17: 0 | W17: =+V17*B17 -> 0 | X17: =+U17+W17 -> 0 | Y17: 0 | Z17: =+Y17*B17 -> 0 | AA17: =+Z17 -> 0 | AB17: =+(D17+K17+N17+S17+X17+AA17)-B17 -> 0 | AC17: =+C17+E17+G17+I17+L17+O17+Q17+T17+V17+Y17 -> 1 | AD17: =+AA17+S17+K17 -> 13744
A18: AUXILIO DE TRANSPORTE PRACTICANTES | B18: 1000000 | C18: 0 | D18: =+B18*C18 -> 0 | E18: 0.6 | F18: =+B18*E18 -> 600000 | G18: 0.4 | H18: =+B18*G18 -> 400000 | I18: 0 | J18: =+B18*I18 -> 0 | K18: =+F18+H18+J18 -> 1000000 | L18: 0 | M18: =+L18*B18 -> 0 | N18: =+M18 -> 0 | O18: 0 | P18: =+O18*B18 -> 0 | Q18: 0 | R18: =+Q18*B18 -> 0 | S18: =+P18+R18 -> 0 | T18: 0 | U18: =+T18*B18 -> 0 | V18: 0 | W18: =+V18*B18 -> 0 | X18: =+U18+W18 -> 0 | Y18: 0 | Z18: =+Y18*B18 -> 0 | AA18: =+Z18 -> 0 | AB18: =+(D18+K18+N18+S18+X18+AA18)-B18 -> 0 | AC18: =+C18+E18+G18+I18+L18+O18+Q18+T18+V18+Y18 -> 1 | AD18: =+AA18+S18+K18 -> 1000000
A19: OTROS HONORARIOS | C19: 0.1 | D19: =+B19*C19 -> 0 | E19: 0 | F19: =+B19*E19 -> 0 | G19: 0 | H19: =+B19*G19 -> 0 | I19: 0 | J19: =+B19*I19 -> 0 | K19: =+F19+H19+J19 -> 0 | L19: 0.01 | M19: =+L19*B19 -> 0 | N19: =+M19 -> 0 | O19: 0.1 | P19: =+O19*B19 -> 0 | Q19: 0.15 | R19: =+Q19*B19 -> 0 | S19: =+P19+R19 -> 0 | T19: 0.2 | U19: =+T19*B19 -> 0 | V19: 0.34 | W19: =+V19*B19 -> 0 | X19: =+U19+W19 -> 0 | Y19: 0.1 | Z19: =+Y19*B19 -> 0 | AA19: =+Z19 -> 0 | AB19: =+(D19+K19+N19+S19+X19+AA19)-B19 -> 0 | AC19: =+C19+E19+G19+I19+L19+O19+Q19+T19+V19+Y19 -> 1 | AD19: =+AA19+S19+K19 -> 0
A20: IMPUESTOS VARIOS | B20: 26018 | C20: 0.1 | D20: =+B20*C20 -> 2601.8 | E20: 0 | F20: =+B20*E20 -> 0 | G20: 0 | H20: =+B20*G20 -> 0 | I20: 0 | J20: =+B20*I20 -> 0 | K20: =+F20+H20+J20 -> 0 | L20: 0 | M20: =+L20*B20 -> 0 | N20: =+M20 -> 0 | O20: 0 | P20: =+O20*B20 -> 0 | Q20: 0 | R20: =+Q20*B20 -> 0 | S20: =+P20+R20 -> 0 | T20: 0.1 | U20: =+T20*B20 -> 2601.8 | V20: 0.7 | W20: =+V20*B20 -> 18212.6 | X20: =+U20+W20 -> 20814.4 | Y20: 0.1 | Z20: =+Y20*B20 -> 2601.8 | AA20: =+Z20 -> 2601.8 | AB20: =+(D20+K20+N20+S20+X20+AA20)-B20 -> 0 | AC20: =+C20+E20+G20+I20+L20+O20+Q20+T20+V20+Y20 -> 1 | AD20: =+AA20+S20+K20 -> 2601.8
A21: SEGUROS | C21: 0.1 | D21: =+B21*C21 -> 0 | E21: 0.05 | F21: =+B21*E21 -> 0 | G21: 0.05 | H21: =+B21*G21 -> 0 | I21: 0.01 | J21: =+B21*I21 -> 0 | K21: =+F21+H21+J21 -> 0 | L21: 0 | M21: =+L21*B21 -> 0 | N21: =+M21 -> 0 | O21: 0.05 | P21: =+O21*B21 -> 0 | Q21: 0.05 | R21: =+Q21*B21 -> 0 | S21: =+P21+R21 -> 0 | T21: 0 | U21: =+T21*B21 -> 0 | V21: 0.45 | W21: =+V21*B21 -> 0 | X21: =+U21+W21 -> 0 | Y21: 0.24 | Z21: =+Y21*B21 -> 0 | AA21: =+Z21 -> 0 | AB21: =+(D21+K21+N21+S21+X21+AA21)-B21 -> 0 | AC21: =+C21+E21+G21+I21+L21+O21+Q21+T21+V21+Y21 -> 1 | AD21: =+AA21+S21+K21 -> 0
A22: ADMINISTRACION DE LOCALES | B22: =97920+419847 -> 517767 | C22: 0 | D22: =+B22*C22 -> 0 | E22: 0 | F22: =+B22*E22 -> 0 | G22: 0 | H22: =+B22*G22 -> 0 | I22: 0 | J22: =+B22*I22 -> 0 | K22: =+F22+H22+J22 -> 0 | L22: 0 | M22: =+L22*B22 -> 0 | N22: =+M22 -> 0 | O22: 0 | P22: =+O22*B22 -> 0 | Q22: 0 | R22: =+Q22*B22 -> 0 | S22: =+P22+R22 -> 0 | T22: 0 | U22: =+T22*B22 -> 0 | V22: 0 | W22: =+V22*B22 -> 0 | X22: =+U22+W22 -> 0 | Y22: 1 | Z22: =+Y22*B22 -> 517767 | AA22: =+Z22 -> 517767 | AB22: =+(D22+K22+N22+S22+X22+AA22)-B22 -> 0 | AC22: =+C22+E22+G22+I22+L22+O22+Q22+T22+V22+Y22 -> 1 | AD22: =+AA22+S22+K22 -> 517767
A23: TELEFONIA | B23: 185338 | C23: 0.1 | D23: =+B23*C23 -> 18533.8 | E23: 0.05 | F23: =+B23*E23 -> 9266.9 | G23: 0.15 | H23: =+B23*G23 -> 27800.7 | I23: 0 | J23: =+B23*I23 -> 0 | K23: =+F23+H23+J23 -> 37067.6 | L23: 0 | M23: =+L23*B23 -> 0 | N23: =+M23 -> 0 | O23: 0 | P23: =+O23*B23 -> 0 | Q23: 0.05 | R23: =+Q23*B23 -> 9266.9 | S23: =+P23+R23 -> 9266.9 | T23: 0.15 | U23: =+T23*B23 -> 27800.7 | V23: 0.45 | W23: =+V23*B23 -> 83402.1 | X23: =+U23+W23 -> 111202.8 | Y23: 0.05 | Z23: =+Y23*B23 -> 9266.9 | AA23: =+Z23 -> 9266.9 | AB23: =+(D23+K23+N23+S23+X23+AA23)-B23 -> 0 | AC23: =+C23+E23+G23+I23+L23+O23+Q23+T23+V23+Y23 -> 1 | AD23: =+AA23+S23+K23 -> 55601.4
A24: INTERNET | B24: 238467 | C24: 0.1 | D24: =+B24*C24 -> 23846.7 | E24: 0.05 | F24: =+B24*E24 -> 11923.35 | G24: 0.15 | H24: =+B24*G24 -> 35770.05 | I24: 0 | J24: =+B24*I24 -> 0 | K24: =+F24+H24+J24 -> 47693.4 | L24: 0 | M24: =+L24*B24 -> 0 | N24: =+M24 -> 0 | O24: 0 | P24: =+O24*B24 -> 0 | Q24: 0.05 | R24: =+Q24*B24 -> 11923.35 | S24: =+P24+R24 -> 11923.35 | T24: 0.15 | U24: =+T24*B24 -> 35770.05 | V24: 0.45 | W24: =+V24*B24 -> 107310.15 | X24: =+U24+W24 -> 143080.2 | Y24: 0.05 | Z24: =+Y24*B24 -> 11923.35 | AA24: =+Z24 -> 11923.35 | AB24: =+(D24+K24+N24+S24+X24+AA24)-B24 -> 0 | AC24: =+C24+E24+G24+I24+L24+O24+Q24+T24+V24+Y24 -> 1 | AD24: =+AA24+S24+K24 -> 71540.1
A25: ASEO Y VIGILANCIA | C25: 0.1 | D25: =+B25*C25 -> 0 | E25: 0 | F25: =+B25*E25 -> 0 | G25: 0 | H25: =+B25*G25 -> 0 | I25: 0.1 | J25: =+B25*I25 -> 0 | K25: =+F25+H25+J25 -> 0 | L25: 0 | M25: =+L25*B25 -> 0 | N25: =+M25 -> 0 | O25: 0.05 | P25: =+O25*B25 -> 0 | Q25: 0.1 | R25: =+Q25*B25 -> 0 | S25: =+P25+R25 -> 0 | T25: 0.05 | U25: =+T25*B25 -> 0 | V25: 0.6 | W25: =+V25*B25 -> 0 | X25: =+U25+W25 -> 0 | Y25: 0 | Z25: =+Y25*B25 -> 0 | AA25: =+Z25 -> 0 | AB25: =+(D25+K25+N25+S25+X25+AA25)-B25 -> 0 | AC25: =+C25+E25+G25+I25+L25+O25+Q25+T25+V25+Y25 -> 1 | AD25: =+AA25+S25+K25 -> 0
A26: GOOGLE SUITE-LICENCIAS Y HOSTING | B26: 180722 | C26: 0.1 | D26: =+B26*C26 -> 18072.2 | E26: 0 | F26: =+B26*E26 -> 0 | G26: 0.1 | H26: =+B26*G26 -> 18072.2 | I26: 0.02 | J26: =+B26*I26 -> 3614.44 | K26: =+F26+H26+J26 -> 21686.64 | L26: 0 | M26: =+L26*B26 -> 0 | N26: =+M26 -> 0 | O26: 0.1 | P26: =+O26*B26 -> 18072.2 | Q26: 0.05 | R26: =+Q26*B26 -> 9036.1 | S26: =+P26+R26 -> 27108.3 | T26: 0.02 | U26: =+T26*B26 -> 3614.44 | V26: 0.61 | W26: =+V26*B26 -> 110240.42 | X26: =+U26+W26 -> 113854.86 | Y26: 0 | Z26: =+Y26*B26 -> 0 | AA26: =+Z26 -> 0 | AB26: =+(D26+K26+N26+S26+X26+AA26)-B26 -> 0 | AC26: =+C26+E26+G26+I26+L26+O26+Q26+T26+V26+Y26 -> 1 | AD26: =+AA26+S26+K26 -> 48794.94
A27: COMPRA DE ACTIVOS OFICINA | C27: 0.1 | D27: =+B27*C27 -> 0 | E27: 0 | F27: =+B27*E27 -> 0 | G27: 0.1 | H27: =+B27*G27 -> 0 | I27: 0.02 | J27: =+B27*I27 -> 0 | K27: =+F27+H27+J27 -> 0 | L27: 0 | M27: =+L27*B27 -> 0 | N27: =+M27 -> 0 | O27: 0.1 | P27: =+O27*B27 -> 0 | Q27: 0.05 | R27: =+Q27*B27 -> 0 | S27: =+P27+R27 -> 0 | T27: 0.02 | U27: =+T27*B27 -> 0 | V27: 0.61 | W27: =+V27*B27 -> 0 | X27: =+U27+W27 -> 0 | Y27: 0 | Z27: =+Y27*B27 -> 0 | AA27: =+Z27 -> 0 | AB27: =+(D27+K27+N27+S27+X27+AA27)-B27 -> 0 | AC27: =+C27+E27+G27+I27+L27+O27+Q27+T27+V27+Y27 -> 1 | AD27: =+AA27+S27+K27 -> 0
A28: PUBLICIDAD Y PORTAL WEB | C28: 0.1 | D28: =+B28*C28 -> 0 | E28: 0.05 | F28: =+B28*E28 -> 0 | G28: 0.05 | H28: =+B28*G28 -> 0 | I28: 0.01 | J28: =+B28*I28 -> 0 | K28: =+F28+H28+J28 -> 0 | L28: 0 | M28: =+L28*B28 -> 0 | N28: =+M28 -> 0 | O28: 0.02 | P28: =+O28*B28 -> 0 | Q28: 0.25 | R28: =+Q28*B28 -> 0 | S28: =+P28+R28 -> 0 | T28: 0.02 | U28: =+T28*B28 -> 0 | V28: 0.5 | W28: =+V28*B28 -> 0 | X28: =+U28+W28 -> 0 | Y28: 0 | Z28: =+Y28*B28 -> 0 | AA28: =+Z28 -> 0 | AB28: =+(D28+K28+N28+S28+X28+AA28)-B28 -> 0 | AC28: =+C28+E28+G28+I28+L28+O28+Q28+T28+V28+Y28 -> 1 | AD28: =+AA28+S28+K28 -> 0
A29: MENSAJERIA | B29: 20000 | C29: 0.1 | D29: =+B29*C29 -> 2000 | E29: 0 | F29: =+B29*E29 -> 0 | G29: 0 | H29: =+B29*G29 -> 0 | I29: 0 | J29: =+B29*I29 -> 0 | K29: =+F29+H29+J29 -> 0 | L29: 0.1 | M29: =+L29*B29 -> 2000 | N29: =+M29 -> 2000 | O29: 0.1 | P29: =+O29*B29 -> 2000 | Q29: 0.28 | R29: =+Q29*B29 -> 5600 | S29: =+P29+R29 -> 7600 | T29: 0.02 | U29: =+T29*B29 -> 400 | V29: 0.4 | W29: =+V29*B29 -> 8000 | X29: =+U29+W29 -> 8400 | Y29: 0 | Z29: =+Y29*B29 -> 0 | AA29: =+Z29 -> 0 | AB29: =+(D29+K29+N29+S29+X29+AA29)-B29 -> 0 | AC29: =+C29+E29+G29+I29+L29+O29+Q29+T29+V29+Y29 -> 1 | AD29: =+AA29+S29+K29 -> 7600
A30: SERVICIOS GENERALES | C30: 0.1 | D30: =+B30*C30 -> 0 | E30: 0 | F30: =+B30*E30 -> 0 | G30: 0 | H30: =+B30*G30 -> 0 | I30: 0 | J30: =+B30*I30 -> 0 | K30: =+F30+H30+J30 -> 0 | L30: 0.01 | M30: =+L30*B30 -> 0 | N30: =+M30 -> 0 | O30: 0.1 | P30: =+O30*B30 -> 0 | Q30: 0.2 | R30: =+Q30*B30 -> 0 | S30: =+P30+R30 -> 0 | T30: 0.05 | U30: =+T30*B30 -> 0 | V30: 0.5 | W30: =+V30*B30 -> 0 | X30: =+U30+W30 -> 0 | Y30: 0.04 | Z30: =+Y30*B30 -> 0 | AA30: =+Z30 -> 0 | AB30: =+(D30+K30+N30+S30+X30+AA30)-B30 -> 0 | AC30: =+C30+E30+G30+I30+L30+O30+Q30+T30+V30+Y30 -> 1 | AD30: =+AA30+S30+K30 -> 0
A31: TRANSPORTE FLETES Y ACARREOS | C31: 0.1 | D31: =+B31*C31 -> 0 | E31: 0 | F31: =+B31*E31 -> 0 | G31: 0 | H31: =+B31*G31 -> 0 | I31: 0 | J31: =+B31*I31 -> 0 | K31: =+F31+H31+J31 -> 0 | L31: 0.01 | M31: =+L31*B31 -> 0 | N31: =+M31 -> 0 | O31: 0.1 | P31: =+O31*B31 -> 0 | Q31: 0.2 | R31: =+Q31*B31 -> 0 | S31: =+P31+R31 -> 0 | T31: 0.05 | U31: =+T31*B31 -> 0 | V31: 0.3 | W31: =+V31*B31 -> 0 | X31: =+U31+W31 -> 0 | Y31: 0.24 | Z31: =+Y31*B31 -> 0 | AA31: =+Z31 -> 0 | AB31: =+(D31+K31+N31+S31+X31+AA31)-B31 -> 0 | AC31: =+C31+E31+G31+I31+L31+O31+Q31+T31+V31+Y31 -> 1 | AD31: =+AA31+S31+K31 -> 0
A32: GASTOS LEGALES | B32: 2064700 | C32: 0.1 | D32: =+B32*C32 -> 206470 | E32: 0 | F32: =+B32*E32 -> 0 | G32: 0 | H32: =+B32*G32 -> 0 | I32: 0 | J32: =+B32*I32 -> 0 | K32: =+F32+H32+J32 -> 0 | L32: 0.01 | M32: =+L32*B32 -> 20647 | N32: =+M32 -> 20647 | O32: 0.1 | P32: =+O32*B32 -> 206470 | Q32: 0.2 | R32: =+Q32*B32 -> 412940 | S32: =+P32+R32 -> 619410 | T32: 0.05 | U32: =+T32*B32 -> 103235 | V32: 0.54 | W32: =+V32*B32 -> 1114938 | X32: =+U32+W32 -> 1218173 | Y32: 0 | Z32: =+Y32*B32 -> 0 | AA32: =+Z32 -> 0 | AB32: =+(D32+K32+N32+S32+X32+AA32)-B32 -> 0 | AC32: =+C32+E32+G32+I32+L32+O32+Q32+T32+V32+Y32 -> 1 | AD32: =+AA32+S32+K32 -> 619410
A33: GASTOS DE REPRESENTACION | C33: 0.1 | D33: =+B33*C33 -> 0 | E33: 0 | F33: =+B33*E33 -> 0 | G33: 0 | H33: =+B33*G33 -> 0 | I33: 0 | J33: =+B33*I33 -> 0 | K33: =+F33+H33+J33 -> 0 | L33: 0.01 | M33: =+L33*B33 -> 0 | N33: =+M33 -> 0 | O33: 0.1 | P33: =+O33*B33 -> 0 | Q33: 0.2 | R33: =+Q33*B33 -> 0 | S33: =+P33+R33 -> 0 | T33: 0.05 | U33: =+T33*B33 -> 0 | V33: 0.54 | W33: =+V33*B33 -> 0 | X33: =+U33+W33 -> 0 | Y33: 0 | Z33: =+Y33*B33 -> 0 | AA33: =+Z33 -> 0 | AB33: =+(D33+K33+N33+S33+X33+AA33)-B33 -> 0 | AC33: =+C33+E33+G33+I33+L33+O33+Q33+T33+V33+Y33 -> 1 | AD33: =+AA33+S33+K33 -> 0
A34: ADMINISTRACION DE REDES SOCIALES | C34: 0.1 | D34: =+B34*C34 -> 0 | E34: 0 | F34: =+B34*E34 -> 0 | G34: 0 | H34: =+B34*G34 -> 0 | I34: 0 | J34: =+B34*I34 -> 0 | K34: =+F34+H34+J34 -> 0 | L34: 0.01 | M34: =+L34*B34 -> 0 | N34: =+M34 -> 0 | O34: 0.1 | P34: =+O34*B34 -> 0 | Q34: 0.2 | R34: =+Q34*B34 -> 0 | S34: =+P34+R34 -> 0 | T34: 0.05 | U34: =+T34*B34 -> 0 | V34: 0.54 | W34: =+V34*B34 -> 0 | X34: =+U34+W34 -> 0 | Y34: 0 | Z34: =+Y34*B34 -> 0 | AA34: =+Z34 -> 0 | AB34: =+(D34+K34+N34+S34+X34+AA34)-B34 -> 0 | AC34: =+C34+E34+G34+I34+L34+O34+Q34+T34+V34+Y34 -> 1 | AD34: =+AA34+S34+K34 -> 0
A35: MANTENIMIENTO Y REPARACIONES | C35: 0.1 | D35: =+B35*C35 -> 0 | E35: 0 | F35: =+B35*E35 -> 0 | G35: 0 | H35: =+B35*G35 -> 0 | I35: 0 | J35: =+B35*I35 -> 0 | K35: =+F35+H35+J35 -> 0 | L35: 0 | M35: =+L35*B35 -> 0 | N35: =+M35 -> 0 | O35: 0 | P35: =+O35*B35 -> 0 | Q35: 0 | R35: =+Q35*B35 -> 0 | S35: =+P35+R35 -> 0 | T35: 0 | U35: =+T35*B35 -> 0 | V35: 0.2 | W35: =+V35*B35 -> 0 | X35: =+U35+W35 -> 0 | Y35: 0.7 | Z35: =+Y35*B35 -> 0 | AA35: =+Z35 -> 0 | AB35: =+(D35+K35+N35+S35+X35+AA35)-B35 -> 0 | AC35: =+C35+E35+G35+I35+L35+O35+Q35+T35+V35+Y35 -> 1 | AD35: =+AA35+S35+K35 -> 0
A36: GASTOS DIFERIDOS | B36: 188981 | C36: 0.1 | D36: =+B36*C36 -> 18898.1 | E36: 0 | F36: =+B36*E36 -> 0 | G36: 0 | H36: =+B36*G36 -> 0 | I36: 0 | J36: =+B36*I36 -> 0 | K36: =+F36+H36+J36 -> 0 | L36: 0.01 | M36: =+L36*B36 -> 1889.81 | N36: =+M36 -> 1889.81 | O36: 0.05 | P36: =+O36*B36 -> 9449.05 | Q36: 0.1 | R36: =+Q36*B36 -> 18898.1 | S36: =+P36+R36 -> 28347.15 | T36: 0.02 | U36: =+T36*B36 -> 3779.62 | V36: 0.4 | W36: =+V36*B36 -> 75592.4 | X36: =+U36+W36 -> 79372.02 | Y36: 0.32 | Z36: =+Y36*B36 -> 60473.92 | AA36: =+Z36 -> 60473.92 | AB36: =+(D36+K36+N36+S36+X36+AA36)-B36 -> 0 | AC36: =+C36+E36+G36+I36+L36+O36+Q36+T36+V36+Y36 -> 1 | AD36: =+AA36+S36+K36 -> 88821.07
A37: GASTOS EN EJECUCION DE PROYECTOS | B37: 596131 | C37: 0 | D37: =+B37*C37 -> 0 | E37: 0 | F37: =+B37*E37 -> 0 | G37: 0 | H37: =+B37*G37 -> 0 | I37: 0 | J37: =+B37*I37 -> 0 | K37: =+F37+H37+J37 -> 0 | L37: 0 | M37: =+L37*B37 -> 0 | N37: =+M37 -> 0 | O37: 0 | P37: =+O37*B37 -> 0 | Q37: 1 | R37: =+Q37*B37 -> 596131 | S37: =+P37+R37 -> 596131 | T37: 0 | U37: =+T37*B37 -> 0 | V37: 0 | W37: =+V37*B37 -> 0 | X37: =+U37+W37 -> 0 | Y37: 0 | Z37: =+Y37*B37 -> 0 | AA37: =+Z37 -> 0 | AB37: =+(D37+K37+N37+S37+X37+AA37)-B37 -> 0 | AC37: =+C37+E37+G37+I37+L37+O37+Q37+T37+V37+Y37 -> 1 | AD37: =+AA37+S37+K37 -> 596131
A38: PAPELERIA | B38: 206653 | C38: 0.1 | D38: =+B38*C38 -> 20665.3 | E38: 0 | F38: =+B38*E38 -> 0 | G38: 0 | H38: =+B38*G38 -> 0 | I38: 0 | J38: =+B38*I38 -> 0 | K38: =+F38+H38+J38 -> 0 | L38: 0.01 | M38: =+L38*B38 -> 2066.53 | N38: =+M38 -> 2066.53 | O38: 0.1 | P38: =+O38*B38 -> 20665.3 | Q38: 0.1 | R38: =+Q38*B38 -> 20665.3 | S38: =+P38+R38 -> 41330.6 | T38: 0.1 | U38: =+T38*B38 -> 20665.3 | V38: 0.59 | W38: =+V38*B38 -> 121925.27 | X38: =+U38+W38 -> 142590.57 | Y38: 0 | Z38: =+Y38*B38 -> 0 | AA38: =+Z38 -> 0 | AB38: =+(D38+K38+N38+S38+X38+AA38)-B38 -> 0 | AC38: =+C38+E38+G38+I38+L38+O38+Q38+T38+V38+Y38 -> 1 | AD38: =+AA38+S38+K38 -> 41330.6
A39: ASEO Y CAFETERIA | B39: 308759 | C39: 0.1 | D39: =+B39*C39 -> 30875.9 | E39: 0 | F39: =+B39*E39 -> 0 | G39: 0 | H39: =+B39*G39 -> 0 | I39: 0 | J39: =+B39*I39 -> 0 | K39: =+F39+H39+J39 -> 0 | L39: 0.01 | M39: =+L39*B39 -> 3087.59 | N39: =+M39 -> 3087.59 | O39: 0.1 | P39: =+O39*B39 -> 30875.9 | Q39: 0.1 | R39: =+Q39*B39 -> 30875.9 | S39: =+P39+R39 -> 61751.8 | T39: 0.1 | U39: =+T39*B39 -> 30875.9 | V39: 0.59 | W39: =+V39*B39 -> 182167.81 | X39: =+U39+W39 -> 213043.71 | Y39: 0 | Z39: =+Y39*B39 -> 0 | AA39: =+Z39 -> 0 | AB39: =+(D39+K39+N39+S39+X39+AA39)-B39 -> 0 | AC39: =+C39+E39+G39+I39+L39+O39+Q39+T39+V39+Y39 -> 1 | AD39: =+AA39+S39+K39 -> 61751.8
A40: TAXIS Y BUSES | B40: 239650 | C40: 0.1 | D40: =+B40*C40 -> 23965 | E40: 0 | F40: =+B40*E40 -> 0 | G40: 0 | H40: =+B40*G40 -> 0 | I40: 0 | J40: =+B40*I40 -> 0 | K40: =+F40+H40+J40 -> 0 | L40: 0.01 | M40: =+L40*B40 -> 2396.5 | N40: =+M40 -> 2396.5 | O40: 0.1 | P40: =+O40*B40 -> 23965 | Q40: 0.1 | R40: =+Q40*B40 -> 23965 | S40: =+P40+R40 -> 47930 | T40: 0.1 | U40: =+T40*B40 -> 23965 | V40: 0.59 | W40: =+V40*B40 -> 141393.5 | X40: =+U40+W40 -> 165358.5 | Y40: 0 | Z40: =+Y40*B40 -> 0 | AA40: =+Z40 -> 0 | AB40: =+(D40+K40+N40+S40+X40+AA40)-B40 -> 0 | AC40: =+C40+E40+G40+I40+L40+O40+Q40+T40+V40+Y40 -> 1 | AD40: =+AA40+S40+K40 -> 47930
A41: PARQUEADEROS | B41: 4202 | C41: 0.1 | D41: =+B41*C41 -> 420.2 | E41: 0 | F41: =+B41*E41 -> 0 | G41: 0 | H41: =+B41*G41 -> 0 | I41: 0 | J41: =+B41*I41 -> 0 | K41: =+F41+H41+J41 -> 0 | L41: 0.01 | M41: =+L41*B41 -> 42.02 | N41: =+M41 -> 42.02 | O41: 0.1 | P41: =+O41*B41 -> 420.2 | Q41: 0.2 | R41: =+Q41*B41 -> 840.4 | S41: =+P41+R41 -> 1260.6 | T41: 0.1 | U41: =+T41*B41 -> 420.2 | V41: 0.49 | W41: =+V41*B41 -> 2058.98 | X41: =+U41+W41 -> 2479.18 | Y41: 0 | Z41: =+Y41*B41 -> 0 | AA41: =+Z41 -> 0 | AB41: =+(D41+K41+N41+S41+X41+AA41)-B41 -> 0 | AC41: =+C41+E41+G41+I41+L41+O41+Q41+T41+V41+Y41 -> 1 | AD41: =+AA41+S41+K41 -> 1260.6
A42: ATENCION EXALUMNAS | B42: 361102 | C42: 0 | D42: =+B42*C42 -> 0 | E42: 0 | F42: =+B42*E42 -> 0 | G42: 0 | H42: =+B42*G42 -> 0 | I42: 0 | J42: =+B42*I42 -> 0 | K42: =+F42+H42+J42 -> 0 | L42: 0 | M42: =+L42*B42 -> 0 | N42: =+M42 -> 0 | O42: 0 | P42: =+O42*B42 -> 0 | Q42: 1 | R42: =+Q42*B42 -> 361102 | S42: =+P42+R42 -> 361102 | T42: 0 | U42: =+T42*B42 -> 0 | V42: 0 | W42: =+V42*B42 -> 0 | X42: =+U42+W42 -> 0 | Y42: 0 | Z42: =+Y42*B42 -> 0 | AA42: =+Z42 -> 0 | AB42: =+(D42+K42+N42+S42+X42+AA42)-B42 -> 0 | AC42: =+C42+E42+G42+I42+L42+O42+Q42+T42+V42+Y42 -> 1 | AD42: =+AA42+S42+K42 -> 361102
A43: COSTO DE PROYECTO MERCADOS | B43: 2880000 | C43: 0 | D43: =+B43*C43 -> 0 | E43: 0 | F43: =+B43*E43 -> 0 | G43: 0 | H43: =+B43*G43 -> 0 | I43: 0 | J43: =+B43*I43 -> 0 | K43: =+F43+H43+J43 -> 0 | L43: 1 | M43: =+L43*B43 -> 2880000 | N43: =+M43 -> 2880000 | O43: 0 | P43: =+O43*B43 -> 0 | Q43: 0 | R43: =+Q43*B43 -> 0 | S43: =+P43+R43 -> 0 | T43: 0 | U43: =+T43*B43 -> 0 | V43: 0 | W43: =+V43*B43 -> 0 | X43: =+U43+W43 -> 0 | Y43: 0 | Z43: =+Y43*B43 -> 0 | AA43: =+Z43 -> 0 | AB43: =+(D43+K43+N43+S43+X43+AA43)-B43 -> 0 | AC43: =+C43+E43+G43+I43+L43+O43+Q43+T43+V43+Y43 -> 1 | AD43: =+AA43+S43+K43 -> 0
A44: COSTO PROYECTO ÉXITO | B44: 10307300 | C44: 0 | D44: =+B44*C44 -> 0 | E44: 0 | F44: =+B44*E44 -> 0 | G44: 0 | H44: =+B44*G44 -> 0 | I44: 0 | J44: =+B44*I44 -> 0 | K44: =+F44+H44+J44 -> 0 | L44: 1 | M44: =+L44*B44 -> 10307300 | N44: =+M44 -> 10307300 | O44: 0 | P44: =+O44*B44 -> 0 | Q44: 0 | R44: =+Q44*B44 -> 0 | S44: =+P44+R44 -> 0 | T44: 0 | U44: =+T44*B44 -> 0 | V44: 0 | W44: =+V44*B44 -> 0 | X44: =+U44+W44 -> 0 | Y44: 0 | Z44: =+Y44*B44 -> 0 | AA44: =+Z44 -> 0 | AB44: =+(D44+K44+N44+S44+X44+AA44)-B44 -> 0 | AC44: =+C44+E44+G44+I44+L44+O44+Q44+T44+V44+Y44 -> 1 | AD44: =+AA44+S44+K44 -> 0
A45: DONACIONES VARIAS | C45: 0 | D45: =+B45*C45 -> 0 | E45: 0 | F45: =+B45*E45 -> 0 | G45: 0 | H45: =+B45*G45 -> 0 | I45: 0 | J45: =+B45*I45 -> 0 | K45: =+F45+H45+J45 -> 0 | L45: 0 | M45: =+L45*B45 -> 0 | N45: =+M45 -> 0 | O45: 0 | P45: =+O45*B45 -> 0 | Q45: 0 | R45: =+Q45*B45 -> 0 | S45: =+P45+R45 -> 0 | T45: 0 | U45: =+T45*B45 -> 0 | V45: 0.5 | W45: =+V45*B45 -> 0 | X45: =+U45+W45 -> 0 | Y45: 0.5 | Z45: =+Y45*B45 -> 0 | AA45: =+Z45 -> 0 | AB45: =+(D45+K45+N45+S45+X45+AA45)-B45 -> 0 | AC45: =+C45+E45+G45+I45+L45+O45+Q45+T45+V45+Y45 -> 1 | AD45: =+AA45+S45+K45 -> 0
A46: OTROS | C46: 0.1 | D46: =+B46*C46 -> 0 | E46: 0 | F46: =+B46*E46 -> 0 | G46: 0 | H46: =+B46*G46 -> 0 | I46: 0 | J46: =+B46*I46 -> 0 | K46: =+F46+H46+J46 -> 0 | L46: 0.01 | M46: =+L46*B46 -> 0 | N46: =+M46 -> 0 | O46: 0.1 | P46: =+O46*B46 -> 0 | Q46: 0.2 | R46: =+Q46*B46 -> 0 | S46: =+P46+R46 -> 0 | T46: 0.1 | U46: =+T46*B46 -> 0 | V46: 0.49 | W46: =+V46*B46 -> 0 | X46: =+U46+W46 -> 0 | Y46: 0 | Z46: =+Y46*B46 -> 0 | AA46: =+Z46 -> 0 | AB46: =+(D46+K46+N46+S46+X46+AA46)-B46 -> 0 | AC46: =+C46+E46+G46+I46+L46+O46+Q46+T46+V46+Y46 -> 1 | AD46: =+AA46+S46+K46 -> 0
A47: TOTALES | B47: =SUM(B16:B46) -> 20650894 | D47: =SUM(D16:D46) -> 497485 | F47: =SUM(F16:F46) -> 695004.65 | H47: =SUM(H16:H46) -> 683844.55 | J47: =SUM(J16:J46) -> 16728.04 | K47: =+J47+H47+F47 -> 1395577.2 | M47: =SUM(M16:M46) -> 13232543 | N47: =+M47 -> 13232543 | P47: =SUM(P16:P46) -> 351258.45 | R47: =SUM(R16:R46) -> 1566812 | S47: =+P47+R47 -> 1918070.5 | U47: =SUM(U16:U46) -> 449832.01 | W47: =SUM(W16:W46) -> 2555353.2 | X47: =+U47+W47 -> 3005185.2 | Z47: =SUM(Z16:Z46) -> 602032.97 | AA47: =+Z47 -> 602032.97 | AB47: =+(D47+K47+N47+S47+X47+AA47)-B47 -> 0 | AC47: =+C47+E47+G47+I47+L47+O47+Q47+T47+V47+Y47 -> 0 | AD47: =SUM(AD16:AD46) -> 3915680.7
A50: Gastos Juanitas Pro directos | B50: Valor total del gasto | C50: Juanitas Plus | D50: Valor | E50: Juanitas Pro | F50: Valor | G50: Prueba 1 | H50: Prueba 2
A51: HONORARIOS DOCENTES | B51: =721248+6371024 -> 7092272 | C51: 0.5 | D51: =+B51*C51 -> 3546136 | E51: 0.5 | F51: =+E51*B51 -> 3546136 | G51: =+C51+E51 -> 1 | H51: =+(F51+D51)-B51 -> 0
A52: EQUIPOS MEDICOS | B52: 3790055 | C52: 0.5 | D52: =+B52*C52 -> 1895027.5 | E52: 0.5 | F52: =+E52*B52 -> 1895027.5 | G52: =+C52+E52 -> 1 | H52: =+(F52+D52)-B52 -> 0
A53: REFRIGERIOS | B53: 4341600 | C53: 0.5 | D53: =+B53*C53 -> 2170800 | E53: 0.5 | F53: =+E53*B53 -> 2170800 | G53: =+C53+E53 -> 1 | H53: =+(F53+D53)-B53 -> 0
A54: TRANSPORTES GRUPOS EDUCATIVOS | C54: 0.5 | D54: =+B54*C54 -> 0 | E54: 0.5 | F54: =+E54*B54 -> 0 | G54: =+C54+E54 -> 1 | H54: =+(F54+D54)-B54 -> 0
A55: AUXILIO DE TRANSPORTE JUANITAS | B55: 470000 | C55: 0.5 | D55: =+B55*C55 -> 235000 | E55: 0.5 | F55: =+E55*B55 -> 235000 | G55: =+C55+E55 -> 1 | H55: =+(F55+D55)-B55 -> 0
A56: MATERIALES DIDACTICOS | C56: 0.5 | D56: =+B56*C56 -> 0 | E56: 0.5 | F56: =+E56*B56 -> 0 | G56: =+C56+E56 -> 1 | H56: =+(F56+D56)-B56 -> 0
A57: HONORARIOS CONFERENCISTA | B57: 1500000 | C57: 0.5 | D57: =+B57*C57 -> 750000 | E57: 0.5 | F57: =+E57*B57 -> 750000 | G57: =+C57+E57 -> 1
A58: VIGILANCIA | C58: 0.5 | D58: =+B58*C58 -> 0 | E58: 0.5 | F58: =+E58*B58 -> 0 | G58: =+C58+E58 -> 1 | H58: =+(F58+D58)-B58 -> 0
A59: OTROS | B59: 325231 | C59: 0.5 | D59: =+B59*C59 -> 162615.5 | E59: 0.5 | F59: =+E59*B59 -> 162615.5 | G59: =+C59+E59 -> 1 | H59: =+(F59+D59)-B59 -> 0
A60: TOTAL GASTO DIRECTO JUANITAS PRO MES | B60: =SUM(B51:B59) -> 17519158 | D60: =SUM(D51:D59) -> 8759579 | F60: =SUM(F51:F59) -> 8759579 | G60: =+C60+E60 -> 0 | H60: =+(F60+D60)-B60 -> 0
A62: TOTAL GASTOS | B62: =+B12+B47+B60 -> 58943532
A64: GASTOS ADMINISTRATIVOS | B64: =+D12+D47 -> 5770616.2
A65: INVERSION SOCIAL PROYECTO EDUCATIVO | B65: =+B60+K12+K47 -> 28793705
A66: INVERSION SOCIAL PROYECTOS ASOEX | B66: =+S12+S47 -> 2994742.2
A67: GASTOS ACTIVIDADES COMERCIALES | B67: =+AA12+AA47 -> 1908689
A68: TOTAL GASTOS | B68: =SUM(B64:B67) -> 39467752
A69: PRUEBA | B69: =+B62-B68 -> 19475780

Sheet EJECUCION SOCIAL ABRIL 24
A1: EJECUCION SOCIAL ASOCIACION DE EXALUMNAS COLEGIO LA ENSEÑAÑZA
C2: ADMINISTRACION | E2: PROYECTOS EDUCATIVOS INVERSION SOCIAL | L2: INVERSION SOCIAL | T2: ACTIVIDAD COMERCIAL | AB2: PRUEBA
A3: CONCEPTO DEL GASTO | B3: GASTO O COSTO TOTAL | C3: CCA | D3: CCA | E3: CC1 | G3: CC2 | I3: CC3 | K3: CC1+CC2+CC3 | L3: CC4 | N3: CC4 | O3: CC5 | Q3: CC6 | S3: CC4+CC5+CC6 | T3: CC7 | V3: CC8 | X3: CC7+CC8 | Y3: CC9 | AA3: CC9
A4: Nomina y Honorarios | B4: Valor total del gasto | C4: Aministracion | D4: Total del gasto cargado a Administración | E4: juanitas Pro | F4: valor | G4: Juanitas Plus | H4: valor | I4: Conferencias | J4: Valor | K4: Total del gasto en Proyectos eduacativos | L4: Mercados | M4: Valor | N4: Total mercados | O4: Ropero | P4: Valor | Q4: Eventos Asociación Eucaristias-Bonos-Quinquenios-Ajuares-Retiros y otros | R4: Valor | S4: Total del gasto llevado a la Inversion social | T4: Tienda escolar | U4: Valor | V4: Venta de uniformes | W4: Valor | X4: Total tienda y uniformes | Y4: Arriendos comerciales | Z4: Valor | AA4: Total del gasto y costo llevado a la Actividad comercial | AB4: casilla de prueba 1 | AC4: casilla de prueba 2
A5: CLARA VICTORIA MONTEALEGRE | B5: =+' NOMINAS ENE-DIC'!I81+' NOMINAS ENE-DIC'!I91 -> 6377784 | C5: =+'%'!B4 -> 0.35 | D5: =+B5*C5 -> 2232224.4 | E5: =+'%'!C4 -> 0 | F5: =+B5*E5 -> 0 | G5: =+'%'!D4 -> 0 | H5: =+B5*G5 -> 0 | I5: =+'%'!E4 -> 0 | J5: =+B5*I5 -> 0 | K5: =+F5+H5+J5 -> 0 | L5: =+'%'!F4 -> 0.01 | M5: =+L5*B5 -> 63777.84 | N5: =+M5 -> 63777.84 | O5: =+'%'!G4 -> 0.02 | P5: =+O5*B5 -> 127555.68 | Q5: =+'%'!H4 -> 0.05 | R5: =+Q5*B5 -> 318889.2 | S5: =+P5+R5 -> 446444.88 | T5: =+'%'!I4 -> 0.2 | U5: =+T5*B5 -> 1275556.8 | V5: =+'%'!J4 -> 0.27 | W5: =+V5*B5 -> 1722001.7 | X5: =+U5+W5 -> 2997558.5 | Y5: =+'%'!K4 -> 0.1 | Z5: =+Y5*B5 -> 637778.4 | AA5: =+Z5 -> 637778.4 | AB5: =+(D5+K5+N5+S5+X5+AA5)-B5 -> 0 | AC5: =+C5+E5+G5+I5+L5+O5+Q5+T5+V5+Y5 -> 1
A6: DAVID ALEJANDRO MUÑOZ RUIZ | B6: =+' NOMINAS ENE-DIC'!I83+' NOMINAS ENE-DIC'!I93 -> 4445798.2 | C6: =+'%'!B5 -> 0 | D6: =+B6*C6 -> 0 | E6: =+'%'!C5 -> 0.4 | F6: =+B6*E6 -> 1778319.3 | G6: =+'%'!D5 -> 0.6 | H6: =+B6*G6 -> 2667478.9 | I6: =+'%'!E5 -> 0 | J6: =+B6*I6 -> 0 | K6: =+F6+H6+J6 -> 4445798.2 | L6: =+'%'!F5 -> 0 | M6: =+L6*B6 -> 0 | N6: =+M6 -> 0 | O6: =+'%'!G5 -> 0 | P6: =+O6*B6 -> 0 | Q6: =+'%'!H5 -> 0 | R6: =+Q6*B6 -> 0 | S6: =+P6+R6 -> 0 | T6: =+'%'!I5 -> 0 | U6: =+T6*B6 -> 0 | V6: =+'%'!J5 -> 0 | W6: =+V6*B6 -> 0 | X6: =+U6+W6 -> 0 | Y6: =+'%'!K5 -> 0 | Z6: =+Y6*B6 -> 0 | AA6: =+Z6 -> 0 | AB6: =+(D6+K6+N6+S6+X6+AA6)-B6 -> 0 | AC6: =+C6+E6+G6+I6+L6+O6+Q6+T6+V6+Y6 -> 1
A7: VANESSA FORONDA LOPEZ | B7: =+' NOMINAS ENE-DIC'!I80+' NOMINAS ENE-DIC'!I90 -> 4443798.2 | C7: =+'%'!B7 -> 0 | D7: =+B7*C7 -> 0 | E7: =+'%'!C7 -> 0.25 | F7: =+B7*E7 -> 1110949.6 | G7: =+'%'!D7 -> 0.45 | H7: =+B7*G7 -> 1999709.2 | I7: =+'%'!E7 -> 0.2 | J7: =+B7*I7 -> 888759.64 | K7: =+F7+H7+J7 -> 3999418.4 | L7: =+'%'!F7 -> 0 | M7: =+L7*B7 -> 0 | N7: =+M7 -> 0 | O7: =+'%'!G7 -> 0 | P7: =+O7*B7 -> 0 | Q7: =+'%'!H7 -> 0.05 | R7: =+Q7*B7 -> 222189.91 | S7: =+P7+R7 -> 222189.91 | T7: =+'%'!I7 -> 0 | U7: 0 | V7: =+'%'!J7 -> 0.05 | W7: =+V7*B7 -> 222189.91 | X7: =+U7+W7 -> 222189.91 | Y7: =+'%'!K7 -> 0 | Z7: =+Y7*B7 -> 0 | AA7: =+Z7 -> 0 | AB7: =+(D7+K7+N7+S7+X7+AA7)-B7 -> 0 | AC7: =+C7+E7+G7+I7+L7+O7+Q7+T7+V7+Y7 -> 1
A8: YUDY ALEJANDRA CARRASQUILLA TAMAYO | B8: =+' NOMINAS ENE-DIC'!I82+' NOMINAS ENE-DIC'!I92 -> 2162285.2 | C8: 1 | D8: =+B8*C8 -> 2162285.2 | E8: 0 | F8: =+B8*E8 -> 0 | G8: 0 | H8: =+B8*G8 -> 0 | I8: 0 | J8: =+B8*I8 -> 0 | K8: =+F8+H8+J8 -> 0 | L8: 0 | M8: =+L8*B8 -> 0 | N8: =+M8 -> 0 | O8: 0 | P8: =+O8*B8 -> 0 | Q8: 0 | R8: =+Q8*B8 -> 0 | S8: =+P8+R8 -> 0 | T8: 0 | U8: 0 | V8: 0 | W8: =+V8*B8 -> 0 | X8: =+U8+W8 -> 0 | Y8: 0 | Z8: =+Y8*B8 -> 0 | AA8: =+Z8 -> 0 | AB8: =+(D8+K8+N8+S8+X8+AA8)-B8 -> 0 | AC8: =+C8+E8+G8+I8+L8+O8+Q8+T8+V8+Y8 -> 1
A9: MARIA EUGENIA RESTREPO (Honorarios) | B9: =+' NOMINAS ENE-DIC'!B99 -> 4664000 | C9: =+'%'!B8 -> 0.2 | D9: =+B9*C9 -> 932800 | E9: =+'%'!C8 -> 0.1 | F9: =+B9*E9 -> 466400 | G9: =+'%'!D8 -> 0.3 | H9: =+B9*G9 -> 1399200 | I9: =+'%'!E8 -> 0.1 | J9: =+B9*I9 -> 466400 | K9: =+F9+H9+J9 -> 2332000 | L9: =+'%'!F8 -> 0 | M9: =+L9*B9 -> 0 | N9: =+M9 -> 0 | O9: 0.02 | P9: =+O9*B9 -> 93280 | Q9: =+'%'!H8 -> 0.05 | R9: =+Q9*B9 -> 233200 | S9: =+P9+R9 -> 326480 | T9: =+'%'!I8 -> 0 | U9: 0 | V9: =+'%'!J8 -> 0.1 | W9: =+V9*B9 -> 466400 | X9: =+U9+W9 -> 466400 | Y9: 0.13 | Z9: =+Y9*B9 -> 606320 | AA9: =+Z9 -> 606320 | AB9: =+(D9+K9+N9+S9+X9+AA9)-B9 -> 0 | AC9: =+C9+E9+G9+I9+L9+O9+Q9+T9+V9+Y9 -> 1
A10: LUZ MARIA GOMEZ SALDARRIAGA | B10: =+' NOMINAS ENE-DIC'!D100 -> 0 | C10: =+'%'!B8 -> 0.2 | D10: =+B10*C10 -> 0 | E10: =+'%'!C8 -> 0.1 | F10: =+B10*E10 -> 0 | G10: =+'%'!D8 -> 0.3 | H10: =+B10*G10 -> 0 | I10: =+'%'!E8 -> 0.1 | J10: =+B10*I10 -> 0 | K10: =+F10+H10+J10 -> 0 | L10: =+'%'!F8 -> 0 | M10: =+L10*B10 -> 0 | N10: =+M10 -> 0 | O10: 0.02 | P10: =+O10*B10 -> 0 | Q10: =+'%'!H8 -> 0.05 | R10: =+Q10*B10 -> 0 | S10: =+P10+R10 -> 0 | T10: =+'%'!I8 -> 0 | U10: =+T10*B10 -> 0 | V10: =+'%'!J8 -> 0.1 | W10: =+V10*B10 -> 0 | X10: =+U10+W10 -> 0 | Y10: 0.13 | Z10: =+Y10*B10 -> 0 | AA10: =+Z10 -> 0 | AB10: =+(D10+K10+N10+S10+X10+AA10)-B10 -> 0 | AC10: =+C10+E10+G10+I10+L10+O10+Q10+T10+V10+Y10 -> 1
A11: DAVID CORRALES RODAS (Honorarios) | B11: =+' NOMINAS ENE-DIC'!D98 -> 1050000 | C11: =+'%'!B9 -> 0.2 | D11: =+B11*C11 -> 210000 | E11: =+'%'!C9 -> 0.1 | F11: =+B11*E11 -> 105000 | G11: =+'%'!D9 -> 0.2 | H11: =+B11*G11 -> 210000 | I11: =+'%'!E9 -> 0.15 | J11: =+B11*I11 -> 157500 | K11: =+F11+H11+J11 -> 472500 | L11: =+'%'!F9 -> 0 | M11: =+L11*B11 -> 0 | N11: =+M11 -> 0 | O11: 0.02 | P11: =+O11*B11 -> 21000 | Q11: =+'%'!H9 -> 0.1 | R11: =+Q11*B11 -> 105000 | S11: =+P11+R11 -> 126000 | T11: =+'%'!I9 -> 0 | U11: =+T11*B11 -> 0 | V11: =+'%'!J9 -> 0.2 | W11: =+V11*B11 -> 210000 | X11: =+U11+W11 -> 210000 | Y11: 0.03 | Z11: =+Y11*B11 -> 31500 | AA11: =+Z11 -> 31500 | AB11: =+(D11+K11+N11+S11+X11+AA11)-B11 -> 0 | AC11: =+C11+E11+G11+I11+L11+O11+Q11+T11+V11+Y11 -> 1
A12: TOTALES | B12: =SUM(B5:B11) -> 23143666 | D12: =SUM(D5:D11) -> 5537309.6 | F12: =SUM(F5:F11) -> 3460668.8 | H12: =SUM(H5:H11) -> 6276388.1 | J12: =SUM(J5:J11) -> 1512659.6 | K12: =SUM(K5:K11) -> 11249717 | M12: =SUM(M5:M11) -> 63777.84 | N12: =+M12 -> 63777.84 | P12: =SUM(P5:P11) -> 241835.68 | R12: =SUM(R5:R11) -> 879279.11 | S12: =+P12+R12 -> 1121114.8 | U12: =SUM(U5:U11) -> 1275556.8 | W12: =SUM(W5:W11) -> 2620591.6 | X12: =+U12+W12 -> 3896148.4 | Z12: =SUM(Z5:Z11) -> 1275598.4 | AA12: =+Z12 -> 1275598.4 | AB12: =+(D12+K12+N12+S12+X12+AA12)-B12 -> 0 | AC12: =+C12+E12+G12+I12+L12+O12+Q12+T12+V12+Y12 -> 0
A15: Otros gastos diferentes a Nomina y Honorarios | B15: Valor total del gasto | C15: Aministracion | D15: Total del gasto cargado a Administración | E15: juanitas Pro | F15: valor | G15: Juanitas Plus | H15: valor | I15: Conferencias | J15: Valor | K15: total de gasto en proyectos educativos | L15: Mercados | M15: Valor | N15: Total mercados | O15: Ropero | P15: Valor | Q15: Eventos Asociación Eucaristias-Bonos-Quinquenios-Ajuares-Retiros y otros | R15: Valor | S15: Total del gasto llevado a la Inversion social | T15: Tienda escolar | U15: Valor | V15: Venta de uniformes | W15: Valor | X15: Total tienda y uniformes | Y15: Arriendos comerciales | Z15: Valor | AA15: Total del gasto y costo llevado a la Actividad comercial | AB15: casilla de prueba 1 | AC15: casilla de prueba 2 | AD15: total gasto inv social
A16: ASESORIA CONTABLE | B16: 1311360 | C16: 0.1 | D16: =+B16*C16 -> 131136 | E16: 0.05 | F16: =+B16*E16 -> 65568 | G16: 0.15 | H16: =+B16*G16 -> 196704 | I16: 0.01 | J16: =+B16*I16 -> 13113.6 | K16: =+F16+H16+J16 -> 275385.6 | L16: 0.01 | M16: =+L16*B16 -> 13113.6 | N16: =+M16 -> 13113.6 | O16: 0.03 | P16: =+O16*B16 -> 39340.8 | Q16: 0.05 | R16: =+Q16*B16 -> 65568 | S16: =+P16+R16 -> 104908.8 | T16: 0.15 | U16: =+T16*B16 -> 196704 | V16: 0.45 | W16: =+V16*B16 -> 590112 | X16: =+U16+W16 -> 786816 | Y16: 0 | Z16: =+Y16*B16 -> 0 | AA16: =+Z16 -> 0 | AB16: =+(D16+K16+N16+S16+X16+AA16)-B16 -> 0 | AC16: =+C16+E16+G16+I16+L16+O16+Q16+T16+V16+Y16 -> 1 | AD16: =+AA16+S16+K16 -> 380294.4
A17: ARL PRACTICANTE | C17: 0 | D17: =+B17*C17 -> 0 | E17: 0.6 | F17: =+B17*E17 -> 0 | G17: 0.4 | H17: =+B17*G17 -> 0 | I17: 0 | J17: =+B17*I17 -> 0 | K17: =+F17+H17+J17 -> 0 | L17: 0 | M17: =+L17*B17 -> 0 | N17: =+M17 -> 0 | O17: 0 | P17: =+O17*B17 -> 0 | Q17: 0 | R17: =+Q17*B17 -> 0 | S17: =+P17+R17 -> 0 | T17: 0 | U17: =+T17*B17 -> 0 | V17: 0 | W17: =+V17*B17 -> 0 | X17: =+U17+W17 -> 0 | Y17: 0 | Z17: =+Y17*B17 -> 0 | AA17: =+Z17 -> 0 | AB17: =+(D17+K17+N17+S17+X17+AA17)-B17 -> 0 | AC17: =+C17+E17+G17+I17+L17+O17+Q17+T17+V17+Y17 -> 1 | AD17: =+AA17+S17+K17 -> 0
A18: AUXILIO DE TRANSPORTE PRACTICANTES | B18: 1000000 | C18: 0 | D18: =+B18*C18 -> 0 | E18: 0.6 | F18: =+B18*E18 -> 600000 | G18: 0.4 | H18: =+B18*G18 -> 400000 | I18: 0 | J18: =+B18*I18 -> 0 | K18: =+F18+H18+J18 -> 1000000 | L18: 0 | M18: =+L18*B18 -> 0 | N18: =+M18 -> 0 | O18: 0 | P18: =+O18*B18 -> 0 | Q18: 0 | R18: =+Q18*B18 -> 0 | S18: =+P18+R18 -> 0 | T18: 0 | U18: =+T18*B18 -> 0 | V18: 0 | W18: =+V18*B18 -> 0 | X18: =+U18+W18 -> 0 | Y18: 0 | Z18: =+Y18*B18 -> 0 | AA18: =+Z18 -> 0 | AB18: =+(D18+K18+N18+S18+X18+AA18)-B18 -> 0 | AC18: =+C18+E18+G18+I18+L18+O18+Q18+T18+V18+Y18 -> 1 | AD18: =+AA18+S18+K18 -> 1000000
A19: OTROS HONORARIOS | B19: 910000 | C19: 0.1 | D19: =+B19*C19 -> 91000 | E19: 0 | F19: =+B19*E19 -> 0 | G19: 0 | H19: =+B19*G19 -> 0 | I19: 0 | J19: =+B19*I19 -> 0 | K19: =+F19+H19+J19 -> 0 | L19: 0.01 | M19: =+L19*B19 -> 9100 | N19: =+M19 -> 9100 | O19: 0.2 | P19: =+O19*B19 -> 182000 | Q19: 0.15 | R19: =+Q19*B19 -> 136500 | S19: =+P19+R19 -> 318500 | T19: 0.2 | U19: =+T19*B19 -> 182000 | V19: 0.24 | W19: =+V19*B19 -> 218400 | X19: =+U19+W19 -> 400400 | Y19: 0.1 | Z19: =+Y19*B19 -> 91000 | AA19: =+Z19 -> 91000 | AB19: =+(D19+K19+N19+S19+X19+AA19)-B19 -> 0 | AC19: =+C19+E19+G19+I19+L19+O19+Q19+T19+V19+Y19 -> 1 | AD19: =+AA19+S19+K19 -> 409500
A20: IMPUESTO PREDIAL | B20: 3953130 | C20: 0 | D20: =+B20*C20 -> 0 | E20: 0 | F20: =+B20*E20 -> 0 | G20: 0 | H20: =+B20*G20 -> 0 | I20: 0 | J20: =+B20*I20 -> 0 | K20: =+F20+H20+J20 -> 0 | L20: 0 | M20: =+L20*B20 -> 0 | N20: =+M20 -> 0 | O20: 0 | P20: =+O20*B20 -> 0 | Q20: 0 | R20: =+Q20*B20 -> 0 | S20: =+P20+R20 -> 0 | T20: 0 | U20: =+T20*B20 -> 0 | V20: 0 | W20: =+V20*B20 -> 0 | X20: =+U20+W20 -> 0 | Y20: 1 | Z20: =+Y20*B20 -> 3953130 | AA20: =+Z20 -> 3953130 | AB20: =+(D20+K20+N20+S20+X20+AA20)-B20 -> 0 | AC20: =+C20+E20+G20+I20+L20+O20+Q20+T20+V20+Y20 -> 1 | AD20: =+AA20+S20+K20 -> 3953130
A21: OTROS IMPUESTOS | B21: 7055 | C21: 0.1 | D21: =+B21*C21 -> 705.5 | E21: 0 | F21: =+B21*E21 -> 0 | G21: 0 | H21: =+B21*G21 -> 0 | I21: 0 | J21: =+B21*I21 -> 0 | K21: =+F21+H21+J21 -> 0 | L21: 0 | M21: =+L21*B21 -> 0 | N21: =+M21 -> 0 | O21: 0 | P21: =+O21*B21 -> 0 | Q21: 0 | R21: =+Q21*B21 -> 0 | S21: =+P21+R21 -> 0 | T21: 0.1 | U21: =+T21*B21 -> 705.5 | V21: 0.7 | W21: =+V21*B21 -> 4938.5 | X21: =+U21+W21 -> 5644 | Y21: 0.1 | Z21: =+Y21*B21 -> 705.5 | AA21: =+Z21 -> 705.5 | AB21: =+(D21+K21+N21+S21+X21+AA21)-B21 -> 0 | AC21: =+C21+E21+G21+I21+L21+O21+Q21+T21+V21+Y21 -> 1 | AD21: =+AA21+S21+K21 -> 705.5
A22: SEGUROS | C22: 0.1 | D22: =+B22*C22 -> 0 | E22: 0.05 | F22: =+B22*E22 -> 0 | G22: 0.05 | H22: =+B22*G22 -> 0 | I22: 0.01 | J22: =+B22*I22 -> 0 | K22: =+F22+H22+J22 -> 0 | L22: 0 | M22: =+L22*B22 -> 0 | N22: =+M22 -> 0 | O22: 0.05 | P22: =+O22*B22 -> 0 | Q22: 0.05 | R22: =+Q22*B22 -> 0 | S22: =+P22+R22 -> 0 | T22: 0 | U22: =+T22*B22 -> 0 | V22: 0.45 | W22: =+V22*B22 -> 0 | X22: =+U22+W22 -> 0 | Y22: 0.24 | Z22: =+Y22*B22 -> 0 | AA22: =+Z22 -> 0 | AB22: =+(D22+K22+N22+S22+X22+AA22)-B22 -> 0 | AC22: =+C22+E22+G22+I22+L22+O22+Q22+T22+V22+Y22 -> 1 | AD22: =+AA22+S22+K22 -> 0
A23: ADMINISTRACION DE LOCALES | B23: =97920+419847 -> 517767 | C23: 0 | D23: =+B23*C23 -> 0 | E23: 0 | F23: =+B23*E23 -> 0 | G23: 0 | H23: =+B23*G23 -> 0 | I23: 0 | J23: =+B23*I23 -> 0 | K23: =+F23+H23+J23 -> 0 | L23: 0 | M23: =+L23*B23 -> 0 | N23: =+M23 -> 0 | O23: 0 | P23: =+O23*B23 -> 0 | Q23: 0 | R23: =+Q23*B23 -> 0 | S23: =+P23+R23 -> 0 | T23: 0 | U23: =+T23*B23 -> 0 | V23: 0 | W23: =+V23*B23 -> 0 | X23: =+U23+W23 -> 0 | Y23: 1 | Z23: =+Y23*B23 -> 517767 | AA23: =+Z23 -> 517767 | AB23: =+(D23+K23+N23+S23+X23+AA23)-B23 -> 0 | AC23: =+C23+E23+G23+I23+L23+O23+Q23+T23+V23+Y23 -> 1 | AD23: =+AA23+S23+K23 -> 517767
A24: TELEFONIA | B24: 428414 | C24: 0.1 | D24: =+B24*C24 -> 42841.4 | E24: 0.05 | F24: =+B24*E24 -> 21420.7 | G24: 0.15 | H24: =+B24*G24 -> 64262.1 | I24: 0 | J24: =+B24*I24 -> 0 | K24: =+F24+H24+J24 -> 85682.8 | L24: 0 | M24: =+L24*B24 -> 0 | N24: =+M24 -> 0 | O24: 0 | P24: =+O24*B24 -> 0 | Q24: 0.05 | R24: =+Q24*B24 -> 21420.7 | S24: =+P24+R24 -> 21420.7 | T24: 0.15 | U24: =+T24*B24 -> 64262.1 | V24: 0.45 | W24: =+V24*B24 -> 192786.3 | X24: =+U24+W24 -> 257048.4 | Y24: 0.05 | Z24: =+Y24*B24 -> 21420.7 | AA24: =+Z24 -> 21420.7 | AB24: =+(D24+K24+N24+S24+X24+AA24)-B24 -> 0 | AC24: =+C24+E24+G24+I24+L24+O24+Q24+T24+V24+Y24 -> 1 | AD24: =+AA24+S24+K24 -> 128524.2
A25: INTERNET | C25: 0.1 | D25: =+B25*C25 -> 0 | E25: 0.05 | F25: =+B25*E25 -> 0 | G25: 0.15 | H25: =+B25*G25 -> 0 | I25: 0 | J25: =+B25*I25 -> 0 | K25: =+F25+H25+J25 -> 0 | L25: 0 | M25: =+L25*B25 -> 0 | N25: =+M25 -> 0 | O25: 0 | P25: =+O25*B25 -> 0 | Q25: 0.05 | R25: =+Q25*B25 -> 0 | S25: =+P25+R25 -> 0 | T25: 0.15 | U25: =+T25*B25 -> 0 | V25: 0.45 | W25: =+V25*B25 -> 0 | X25: =+U25+W25 -> 0 | Y25: 0.05 | Z25: =+Y25*B25 -> 0 | AA25: =+Z25 -> 0 | AB25: =+(D25+K25+N25+S25+X25+AA25)-B25 -> 0 | AC25: =+C25+E25+G25+I25+L25+O25+Q25+T25+V25+Y25 -> 1 | AD25: =+AA25+S25+K25 -> 0
A26: ASEO Y VIGILANCIA | C26: 0.1 | D26: =+B26*C26 -> 0 | E26: 0 | F26: =+B26*E26 -> 0 | G26: 0 | H26: =+B26*G26 -> 0 | I26: 0.1 | J26: =+B26*I26 -> 0 | K26: =+F26+H26+J26 -> 0 | L26: 0 | M26: =+L26*B26 -> 0 | N26: =+M26 -> 0 | O26: 0.05 | P26: =+O26*B26 -> 0 | Q26: 0.1 | R26: =+Q26*B26 -> 0 | S26: =+P26+R26 -> 0 | T26: 0.05 | U26: =+T26*B26 -> 0 | V26: 0.6 | W26: =+V26*B26 -> 0 | X26: =+U26+W26 -> 0 | Y26: 0 | Z26: =+Y26*B26 -> 0 | AA26: =+Z26 -> 0 | AB26: =+(D26+K26+N26+S26+X26+AA26)-B26 -> 0 | AC26: =+C26+E26+G26+I26+L26+O26+Q26+T26+V26+Y26 -> 1 | AD26: =+AA26+S26+K26 -> 0
A27: GOOGLE SUITE-LICENCIAS Y HOSTING | B27: 194536 | C27: 0.1 | D27: =+B27*C27 -> 19453.6 | E27: 0 | F27: =+B27*E27 -> 0 | G27: 0.1 | H27: =+B27*G27 -> 19453.6 | I27: 0.02 | J27: =+B27*I27 -> 3890.72 | K27: =+F27+H27+J27 -> 23344.32 | L27: 0 | M27: =+L27*B27 -> 0 | N27: =+M27 -> 0 | O27: 0.1 | P27: =+O27*B27 -> 19453.6 | Q27: 0.05 | R27: =+Q27*B27 -> 9726.8 | S27: =+P27+R27 -> 29180.4 | T27: 0.02 | U27: =+T27*B27 -> 3890.72 | V27: 0.61 | W27: =+V27*B27 -> 118666.96 | X27: =+U27+W27 -> 122557.68 | Y27: 0 | Z27: =+Y27*B27 -> 0 | AA27: =+Z27 -> 0 | AB27: =+(D27+K27+N27+S27+X27+AA27)-B27 -> 0 | AC27: =+C27+E27+G27+I27+L27+O27+Q27+T27+V27+Y27 -> 1 | AD27: =+AA27+S27+K27 -> 52524.72
A28: COMPRA DE ACTIVOS OFICINA | C28: 0.1 | D28: =+B28*C28 -> 0 | E28: 0 | F28: =+B28*E28 -> 0 | G28: 0.1 | H28: =+B28*G28 -> 0 | I28: 0.02 | J28: =+B28*I28 -> 0 | K28: =+F28+H28+J28 -> 0 | L28: 0 | M28: =+L28*B28 -> 0 | N28: =+M28 -> 0 | O28: 0.1 | P28: =+O28*B28 -> 0 | Q28: 0.05 | R28: =+Q28*B28 -> 0 | S28: =+P28+R28 -> 0 | T28: 0.02 | U28: =+T28*B28 -> 0 | V28: 0.61 | W28: =+V28*B28 -> 0 | X28: =+U28+W28 -> 0 | Y28: 0 | Z28: =+Y28*B28 -> 0 | AA28: =+Z28 -> 0 | AB28: =+(D28+K28+N28+S28+X28+AA28)-B28 -> 0 | AC28: =+C28+E28+G28+I28+L28+O28+Q28+T28+V28+Y28 -> 1 | AD28: =+AA28+S28+K28 -> 0
A29: PUBLICIDAD Y PORTAL WEB | C29: 0.1 | D29: =+B29*C29 -> 0 | E29: 0.05 | F29: =+B29*E29 -> 0 | G29: 0.05 | H29: =+B29*G29 -> 0 | I29: 0.01 | J29: =+B29*I29 -> 0 | K29: =+F29+H29+J29 -> 0 | L29: 0 | M29: =+L29*B29 -> 0 | N29: =+M29 -> 0 | O29: 0.02 | P29: =+O29*B29 -> 0 | Q29: 0.25 | R29: =+Q29*B29 -> 0 | S29: =+P29+R29 -> 0 | T29: 0.02 | U29: =+T29*B29 -> 0 | V29: 0.5 | W29: =+V29*B29 -> 0 | X29: =+U29+W29 -> 0 | Y29: 0 | Z29: =+Y29*B29 -> 0 | AA29: =+Z29 -> 0 | AB29: =+(D29+K29+N29+S29+X29+AA29)-B29 -> 0 | AC29: =+C29+E29+G29+I29+L29+O29+Q29+T29+V29+Y29 -> 1 | AD29: =+AA29+S29+K29 -> 0
A30: MENSAJERIA | B30: 44000 | C30: 0.1 | D30: =+B30*C30 -> 4400 | E30: 0 | F30: =+B30*E30 -> 0 | G30: 0 | H30: =+B30*G30 -> 0 | I30: 0 | J30: =+B30*I30 -> 0 | K30: =+F30+H30+J30 -> 0 | L30: 0.1 | M30: =+L30*B30 -> 4400 | N30: =+M30 -> 4400 | O30: 0.1 | P30: =+O30*B30 -> 4400 | Q30: 0.28 | R30: =+Q30*B30 -> 12320 | S30: =+P30+R30 -> 16720 | T30: 0.02 | U30: =+T30*B30 -> 880 | V30: 0.4 | W30: =+V30*B30 -> 17600 | X30: =+U30+W30 -> 18480 | Y30: 0 | Z30: =+Y30*B30 -> 0 | AA30: =+Z30 -> 0 | AB30: =+(D30+K30+N30+S30+X30+AA30)-B30 -> 0 | AC30: =+C30+E30+G30+I30+L30+O30+Q30+T30+V30+Y30 -> 1 | AD30: =+AA30+S30+K30 -> 16720
A31: SERVICIOS GENERALES | C31: 0.1 | D31: =+B31*C31 -> 0 | E31: 0 | F31: =+B31*E31 -> 0 | G31: 0 | H31: =+B31*G31 -> 0 | I31: 0 | J31: =+B31*I31 -> 0 | K31: =+F31+H31+J31 -> 0 | L31: 0.01 | M31: =+L31*B31 -> 0 | N31: =+M31 -> 0 | O31: 0.1 | P31: =+O31*B31 -> 0 | Q31: 0.2 | R31: =+Q31*B31 -> 0 | S31: =+P31+R31 -> 0 | T31: 0.05 | U31: =+T31*B31 -> 0 | V31: 0.5 | W31: =+V31*B31 -> 0 | X31: =+U31+W31 -> 0 | Y31: 0.04 | Z31: =+Y31*B31 -> 0 | AA31: =+Z31 -> 0 | AB31: =+(D31+K31+N31+S31+X31+AA31)-B31 -> 0 | AC31: =+C31+E31+G31+I31+L31+O31+Q31+T31+V31+Y31 -> 1 | AD31: =+AA31+S31+K31 -> 0
A32: TRANSPORTE FLETES Y ACARREOS | C32: 0.1 | D32: =+B32*C32 -> 0 | E32: 0 | F32: =+B32*E32 -> 0 | G32: 0 | H32: =+B32*G32 -> 0 | I32: 0 | J32: =+B32*I32 -> 0 | K32: =+F32+H32+J32 -> 0 | L32: 0.01 | M32: =+L32*B32 -> 0 | N32: =+M32 -> 0 | O32: 0.1 | P32: =+O32*B32 -> 0 | Q32: 0.2 | R32: =+Q32*B32 -> 0 | S32: =+P32+R32 -> 0 | T32: 0.05 | U32: =+T32*B32 -> 0 | V32: 0.3 | W32: =+V32*B32 -> 0 | X32: =+U32+W32 -> 0 | Y32: 0.24 | Z32: =+Y32*B32 -> 0 | AA32: =+Z32 -> 0 | AB32: =+(D32+K32+N32+S32+X32+AA32)-B32 -> 0 | AC32: =+C32+E32+G32+I32+L32+O32+Q32+T32+V32+Y32 -> 1 | AD32: =+AA32+S32+K32 -> 0
A33: GASTOS LEGALES | B33: 7900 | C33: 0.1 | D33: =+B33*C33 -> 790 | E33: 0 | F33: =+B33*E33 -> 0 | G33: 0 | H33: =+B33*G33 -> 0 | I33: 0 | J33: =+B33*I33 -> 0 | K33: =+F33+H33+J33 -> 0 | L33: 0.01 | M33: =+L33*B33 -> 79 | N33: =+M33 -> 79 | O33: 0.1 | P33: =+O33*B33 -> 790 | Q33: 0.2 | R33: =+Q33*B33 -> 1580 | S33: =+P33+R33 -> 2370 | T33: 0.05 | U33: =+T33*B33 -> 395 | V33: 0.54 | W33: =+V33*B33 -> 4266 | X33: =+U33+W33 -> 4661 | Y33: 0 | Z33: =+Y33*B33 -> 0 | AA33: =+Z33 -> 0 | AB33: =+(D33+K33+N33+S33+X33+AA33)-B33 -> 0 | AC33: =+C33+E33+G33+I33+L33+O33+Q33+T33+V33+Y33 -> 1 | AD33: =+AA33+S33+K33 -> 2370
A34: GASTOS DE REPRESENTACION | B34: 244522 | C34: 0.1 | D34: =+B34*C34 -> 24452.2 | E34: 0 | F34: =+B34*E34 -> 0 | G34: 0 | H34: =+B34*G34 -> 0 | I34: 0 | J34: =+B34*I34 -> 0 | K34: =+F34+H34+J34 -> 0 | L34: 0.01 | M34: =+L34*B34 -> 2445.22 | N34: =+M34 -> 2445.22 | O34: 0.1 | P34: =+O34*B34 -> 24452.2 | Q34: 0.2 | R34: =+Q34*B34 -> 48904.4 | S34: =+P34+R34 -> 73356.6 | T34: 0.05 | U34: =+T34*B34 -> 12226.1 | V34: 0.54 | W34: =+V34*B34 -> 132041.88 | X34: =+U34+W34 -> 144267.98 | Y34: 0 | Z34: =+Y34*B34 -> 0 | AA34: =+Z34 -> 0 | AB34: =+(D34+K34+N34+S34+X34+AA34)-B34 -> 0 | AC34: =+C34+E34+G34+I34+L34+O34+Q34+T34+V34+Y34 -> 1 | AD34: =+AA34+S34+K34 -> 73356.6
A35: ADMINISTRACION DE REDES SOCIALES | C35: 0.1 | D35: =+B35*C35 -> 0 | E35: 0 | F35: =+B35*E35 -> 0 | G35: 0 | H35: =+B35*G35 -> 0 | I35: 0 | J35: =+B35*I35 -> 0 | K35: =+F35+H35+J35 -> 0 | L35: 0.01 | M35: =+L35*B35 -> 0 | N35: =+M35 -> 0 | O35: 0.1 | P35: =+O35*B35 -> 0 | Q35: 0.2 | R35: =+Q35*B35 -> 0 | S35: =+P35+R35 -> 0 | T35: 0.05 | U35: =+T35*B35 -> 0 | V35: 0.54 | W35: =+V35*B35 -> 0 | X35: =+U35+W35 -> 0 | Y35: 0 | Z35: =+Y35*B35 -> 0 | AA35: =+Z35 -> 0 | AB35: =+(D35+K35+N35+S35+X35+AA35)-B35 -> 0 | AC35: =+C35+E35+G35+I35+L35+O35+Q35+T35+V35+Y35 -> 1 | AD35: =+AA35+S35+K35 -> 0
A36: MANTENIMIENTO Y REPARACIONES | B36: 300000 | C36: 0.1 | D36: =+B36*C36 -> 30000 | E36: 0 | F36: =+B36*E36 -> 0 | G36: 0 | H36: =+B36*G36 -> 0 | I36: 0 | J36: =+B36*I36 -> 0 | K36: =+F36+H36+J36 -> 0 | L36: 0 | M36: =+L36*B36 -> 0 | N36: =+M36 -> 0 | O36: 0 | P36: =+O36*B36 -> 0 | Q36: 0 | R36: =+Q36*B36 -> 0 | S36: =+P36+R36 -> 0 | T36: 0 | U36: =+T36*B36 -> 0 | V36: 0.2 | W36: =+V36*B36 -> 60000 | X36: =+U36+W36 -> 60000 | Y36: 0.7 | Z36: =+Y36*B36 -> 210000 | AA36: =+Z36 -> 210000 | AB36: =+(D36+K36+N36+S36+X36+AA36)-B36 -> 0 | AC36: =+C36+E36+G36+I36+L36+O36+Q36+T36+V36+Y36 -> 1 | AD36: =+AA36+S36+K36 -> 210000
A37: GASTOS DIFERIDOS | B37: 188981 | C37: 0.1 | D37: =+B37*C37 -> 18898.1 | E37: 0 | F37: =+B37*E37 -> 0 | G37: 0 | H37: =+B37*G37 -> 0 | I37: 0 | J37: =+B37*I37 -> 0 | K37: =+F37+H37+J37 -> 0 | L37: 0.01 | M37: =+L37*B37 -> 1889.81 | N37: =+M37 -> 1889.81 | O37: 0.05 | P37: =+O37*B37 -> 9449.05 | Q37: 0.1 | R37: =+Q37*B37 -> 18898.1 | S37: =+P37+R37 -> 28347.15 | T37: 0.02 | U37: =+T37*B37 -> 3779.62 | V37: 0.4 | W37: =+V37*B37 -> 75592.4 | X37: =+U37+W37 -> 79372.02 | Y37: 0.32 | Z37: =+Y37*B37 -> 60473.92 | AA37: =+Z37 -> 60473.92 | AB37: =+(D37+K37+N37+S37+X37+AA37)-B37 -> 0 | AC37: =+C37+E37+G37+I37+L37+O37+Q37+T37+V37+Y37 -> 1 | AD37: =+AA37+S37+K37 -> 88821.07
A38: GASTOS EN EJECUCION DE PROYECTOS | B38: 3934 | C38: 0 | D38: =+B38*C38 -> 0 | E38: 0 | F38: =+B38*E38 -> 0 | G38: 0 | H38: =+B38*G38 -> 0 | I38: 0 | J38: =+B38*I38 -> 0 | K38: =+F38+H38+J38 -> 0 | L38: 0 | M38: =+L38*B38 -> 0 | N38: =+M38 -> 0 | O38: 0 | P38: =+O38*B38 -> 0 | Q38: 1 | R38: =+Q38*B38 -> 3934 | S38: =+P38+R38 -> 3934 | T38: 0 | U38: =+T38*B38 -> 0 | V38: 0 | W38: =+V38*B38 -> 0 | X38: =+U38+W38 -> 0 | Y38: 0 | Z38: =+Y38*B38 -> 0 | AA38: =+Z38 -> 0 | AB38: =+(D38+K38+N38+S38+X38+AA38)-B38 -> 0 | AC38: =+C38+E38+G38+I38+L38+O38+Q38+T38+V38+Y38 -> 1 | AD38: =+AA38+S38+K38 -> 3934
A39: PAPELERIA | B39: 99296 | C39: 0.1 | D39: =+B39*C39 -> 9929.6 | E39: 0 | F39: =+B39*E39 -> 0 | G39: 0 | H39: =+B39*G39 -> 0 | I39: 0 | J39: =+B39*I39 -> 0 | K39: =+F39+H39+J39 -> 0 | L39: 0.01 | M39: =+L39*B39 -> 992.96 | N39: =+M39 -> 992.96 | O39: 0.1 | P39: =+O39*B39 -> 9929.6 | Q39: 0.1 | R39: =+Q39*B39 -> 9929.6 | S39: =+P39+R39 -> 19859.2 | T39: 0.1 | U39: =+T39*B39 -> 9929.6 | V39: 0.59 | W39: =+V39*B39 -> 58584.64 | X39: =+U39+W39 -> 68514.24 | Y39: 0 | Z39: =+Y39*B39 -> 0 | AA39: =+Z39 -> 0 | AB39: =+(D39+K39+N39+S39+X39+AA39)-B39 -> 0 | AC39: =+C39+E39+G39+I39+L39+O39+Q39+T39+V39+Y39 -> 1 | AD39: =+AA39+S39+K39 -> 19859.2
A40: ASEO Y CAFETERIA | B40: =18600+120007 -> 138607 | C40: 0.1 | D40: =+B40*C40 -> 13860.7 | E40: 0 | F40: =+B40*E40 -> 0 | G40: 0 | H40: =+B40*G40 -> 0 | I40: 0 | J40: =+B40*I40 -> 0 | K40: =+F40+H40+J40 -> 0 | L40: 0.01 | M40: =+L40*B40 -> 1386.07 | N40: =+M40 -> 1386.07 | O40: 0.1 | P40: =+O40*B40 -> 13860.7 | Q40: 0.1 | R40: =+Q40*B40 -> 13860.7 | S40: =+P40+R40 -> 27721.4 | T40: 0.1 | U40: =+T40*B40 -> 13860.7 | V40: 0.59 | W40: =+V40*B40 -> 81778.13 | X40: =+U40+W40 -> 95638.83 | Y40: 0 | Z40: =+Y40*B40 -> 0 | AA40: =+Z40 -> 0 | AB40: =+(D40+K40+N40+S40+X40+AA40)-B40 -> 0 | AC40: =+C40+E40+G40+I40+L40+O40+Q40+T40+V40+Y40 -> 1 | AD40: =+AA40+S40+K40 -> 27721.4
A41: TAXIS Y BUSES | B41: =45000+53000+40000 -> 138000 | C41: 0.1 | D41: =+B41*C41 -> 13800 | E41: 0 | F41: =+B41*E41 -> 0 | G41: 0 | H41: =+B41*G41 -> 0 | I41: 0 | J41: =+B41*I41 -> 0 | K41: =+F41+H41+J41 -> 0 | L41: 0.01 | M41: =+L41*B41 -> 1380 | N41: =+M41 -> 1380 | O41: 0.1 | P41: =+O41*B41 -> 13800 | Q41: 0.1 | R41: =+Q41*B41 -> 13800 | S41: =+P41+R41 -> 27600 | T41: 0.1 | U41: =+T41*B41 -> 13800 | V41: 0.59 | W41: =+V41*B41 -> 81420 | X41: =+U41+W41 -> 95220 | Y41: 0 | Z41: =+Y41*B41 -> 0 | AA41: =+Z41 -> 0 | AB41: =+(D41+K41+N41+S41+X41+AA41)-B41 -> 0 | AC41: =+C41+E41+G41+I41+L41+O41+Q41+T41+V41+Y41 -> 1 | AD41: =+AA41+S41+K41 -> 27600
A42: PARQUEADEROS | B42: 23949 | C42: 0.1 | D42: =+B42*C42 -> 2394.9 | E42: 0 | F42: =+B42*E42 -> 0 | G42: 0 | H42: =+B42*G42 -> 0 | I42: 0 | J42: =+B42*I42 -> 0 | K42: =+F42+H42+J42 -> 0 | L42: 0.01 | M42: =+L42*B42 -> 239.49 | N42: =+M42 -> 239.49 | O42: 0.1 | P42: =+O42*B42 -> 2394.9 | Q42: 0.2 | R42: =+Q42*B42 -> 4789.8 | S42: =+P42+R42 -> 7184.7 | T42: 0.1 | U42: =+T42*B42 -> 2394.9 | V42: 0.49 | W42: =+V42*B42 -> 11735.01 | X42: =+U42+W42 -> 14129.91 | Y42: 0 | Z42: =+Y42*B42 -> 0 | AA42: =+Z42 -> 0 | AB42: =+(D42+K42+N42+S42+X42+AA42)-B42 -> 0 | AC42: =+C42+E42+G42+I42+L42+O42+Q42+T42+V42+Y42 -> 1 | AD42: =+AA42+S42+K42 -> 7184.7
A43: ATENCION EXALUMNAS | B43: 351136 | C43: 0 | D43: =+B43*C43 -> 0 | E43: 0 | F43: =+B43*E43 -> 0 | G43: 0 | H43: =+B43*G43 -> 0 | I43: 0 | J43: =+B43*I43 -> 0 | K43: =+F43+H43+J43 -> 0 | L43: 0 | M43: =+L43*B43 -> 0 | N43: =+M43 -> 0 | O43: 0 | P43: =+O43*B43 -> 0 | Q43: 1 | R43: =+Q43*B43 -> 351136 | S43: =+P43+R43 -> 351136 | T43: 0 | U43: =+T43*B43 -> 0 | V43: 0 | W43: =+V43*B43 -> 0 | X43: =+U43+W43 -> 0 | Y43: 0 | Z43: =+Y43*B43 -> 0 | AA43: =+Z43 -> 0 | AB43: =+(D43+K43+N43+S43+X43+AA43)-B43 -> 0 | AC43: =+C43+E43+G43+I43+L43+O43+Q43+T43+V43+Y43 -> 1 | AD43: =+AA43+S43+K43 -> 351136
A44: COSTO DE PROYECTO MERCADOS | B44: 4500000 | C44: 0 | D44: =+B44*C44 -> 0 | E44: 0 | F44: =+B44*E44 -> 0 | G44: 0 | H44: =+B44*G44 -> 0 | I44: 0 | J44: =+B44*I44 -> 0 | K44: =+F44+H44+J44 -> 0 | L44: 1 | M44: =+L44*B44 -> 4500000 | N44: =+M44 -> 4500000 | O44: 0 | P44: =+O44*B44 -> 0 | Q44: 0 | R44: =+Q44*B44 -> 0 | S44: =+P44+R44 -> 0 | T44: 0 | U44: =+T44*B44 -> 0 | V44: 0 | W44: =+V44*B44 -> 0 | X44: =+U44+W44 -> 0 | Y44: 0 | Z44: =+Y44*B44 -> 0 | AA44: =+Z44 -> 0 | AB44: =+(D44+K44+N44+S44+X44+AA44)-B44 -> 0 | AC44: =+C44+E44+G44+I44+L44+O44+Q44+T44+V44+Y44 -> 1 | AD44: =+AA44+S44+K44 -> 0
A45: COSTO PROYECTO ÉXITO | B45: =531200+10557000 -> 11088200 | C45: 0 | D45: =+B45*C45 -> 0 | E45: 0 | F45: =+B45*E45 -> 0 | G45: 0 | H45: =+B45*G45 -> 0 | I45: 0 | J45: =+B45*I45 -> 0 | K45: =+F45+H45+J45 -> 0 | L45: 1 | M45: 11088200 | N45: =+M45 -> 11088200 | O45: 0 | P45: =+O45*B45 -> 0 | Q45: 0 | R45: =+Q45*B45 -> 0 | S45: =+P45+R45 -> 0 | T45: 0 | U45: =+T45*B45 -> 0 | V45: 0 | W45: =+V45*B45 -> 0 | X45: =+U45+W45 -> 0 | Y45: 0 | Z45: =+Y45*B45 -> 0 | AA45: =+Z45 -> 0 | AB45: =+(D45+K45+N45+S45+X45+AA45)-B45 -> 0 | AC45: =+C45+E45+G45+I45+L45+O45+Q45+T45+V45+Y45 -> 1 | AD45: =+AA45+S45+K45 -> 0
A46: COSTO PROYECTO CESDE-ASOEX | B46: 2618300 | C46: 0 | D46: =+B46*C46 -> 0 | E46: 0 | F46: =+B46*E46 -> 0 | G46: 0 | H46: =+B46*G46 -> 0 | I46: 0 | J46: =+B46*I46 -> 0 | K46: =+F46+H46+J46 -> 0 | L46: 0 | M46: =+L46*B46 -> 0 | N46: =+M46 -> 0 | O46: 0 | P46: =+O46*B46 -> 0 | Q46: 0 | R46: =+Q46*B46 -> 0 | S46: =+P46+R46 -> 0 | T46: 0 | U46: =+T46*B46 -> 0 | V46: 0 | W46: =+V46*B46 -> 0 | X46: =+U46+W46 -> 0 | Y46: 1 | Z46: =+Y46*B46 -> 2618300 | AA46: =+Z46 -> 2618300 | AB46: =+(D46+K46+N46+S46+X46+AA46)-B46 -> 0 | AC46: =+C46+E46+G46+I46+L46+O46+Q46+T46+V46+Y46 -> 1 | AD46: =+AA46+S46+K46 -> 2618300
A47: DONACION FONDO EDUCATIVO | B47: 47112772 | C47: 0 | D47: =+B47*C47 -> 0 | E47: 0 | F47: =+B47*E47 -> 0 | G47: 0 | H47: =+B47*G47 -> 0 | I47: 0 | J47: =+B47*I47 -> 0 | K47: =+F47+H47+J47 -> 0 | L47: 0 | M47: =+L47*B47 -> 0 | N47: =+M47 -> 0 | O47: 0 | P47: =+O47*B47 -> 0 | Q47: 0 | R47: =+Q47*B47 -> 0 | S47: =+P47+R47 -> 0 | T47: 0 | U47: 0 | V47: 0 | W47: =+V47*B47 -> 0 | X47: =+U47+W47 -> 0 | Y47: 1 | Z47: =+Y47*B47 -> 47112772 | AA47: =+Z47 -> 47112772 | AB47: =+(D47+K47+N47+S47+X47+AA47)-B47 -> 0 | AC47: =+C47+E47+G47+I47+L47+O47+Q47+T47+V47+Y47 -> 1 | AD47: =+AA47+S47+K47 -> 47112772
A48: DONACIONES VARIAS | B48: =100000+800000 -> 900000 | C48: 0 | D48: =+B48*C48 -> 0 | E48: 0 | F48: =+B48*E48 -> 0 | G48: 0 | H48: =+B48*G48 -> 0 | I48: 0 | J48: =+B48*I48 -> 0 | K48: =+F48+H48+J48 -> 0 | L48: 0 | M48: =+L48*B48 -> 0 | N48: =+M48 -> 0 | O48: 0 | P48: =+O48*B48 -> 0 | Q48: 0 | R48: =+Q48*B48 -> 0 | S48: =+P48+R48 -> 0 | T48: 0 | U48: =+T48*B48 -> 0 | V48: 0.5 | W48: =+V48*B48 -> 450000 | X48: =+U48+W48 -> 450000 | Y48: 0.5 | Z48: =+Y48*B48 -> 450000 | AA48: =+Z48 -> 450000 | AB48: =+(D48+K48+N48+S48+X48+AA48)-B48 -> 0 | AC48: =+C48+E48+G48+I48+L48+O48+Q48+T48+V48+Y48 -> 1 | AD48: =+AA48+S48+K48 -> 450000
A49: OTROS | C49: 0.1 | D49: =+B49*C49 -> 0 | E49: 0 | F49: =+B49*E49 -> 0 | G49: 0 | H49: =+B49*G49 -> 0 | I49: 0 | J49: =+B49*I49 -> 0 | K49: =+F49+H49+J49 -> 0 | L49: 0.01 | M49: =+L49*B49 -> 0 | N49: =+M49 -> 0 | O49: 0.1 | P49: =+O49*B49 -> 0 | Q49: 0.2 | R49: =+Q49*B49 -> 0 | S49: =+P49+R49 -> 0 | T49: 0.1 | U49: =+T49*B49 -> 0 | V49: 0.49 | W49: =+V49*B49 -> 0 | X49: =+U49+W49 -> 0 | Y49: 0 | Z49: =+Y49*B49 -> 0 | AA49: =+Z49 -> 0 | AB49: =+(D49+K49+N49+S49+X49+AA49)-B49 -> 0 | AC49: =+C49+E49+G49+I49+L49+O49+Q49+T49+V49+Y49 -> 1 | AD49: =+AA49+S49+K49 -> 0
A50: TOTALES | B50: =SUM(B16:B49) -> 76081859 | D50: =SUM(D16:D49) -> 403662 | F50: =SUM(F16:F49) -> 686988.7 | H50: =SUM(H16:H49) -> 680419.7 | J50: =SUM(J16:J49) -> 17004.32 | K50: =+J50+H50+F50 -> 1384412.7 | M50: =SUM(M16:M49) -> 15623226 | N50: =+M50 -> 15623226 | P50: =SUM(P16:P49) -> 319870.85 | R50: =SUM(R16:R49) -> 712368.1 | S50: =+P50+R50 -> 1032238.9 | U50: =SUM(U16:U49) -> 504828.24 | W50: =SUM(W16:W49) -> 2097921.8 | X50: =+U50+W50 -> 2602750.1 | Z50: =SUM(Z16:Z49) -> 55035569 | AA50: =+Z50 -> 55035569 | AB50: =+(D50+K50+N50+S50+X50+AA50)-B50 -> 0 | AC50: =+C50+E50+G50+I50+L50+O50+Q50+T50+V50+Y50 -> 0 | AD50: =SUM(AD16:AD49) -> 57452221
A53: Gastos Juanitas Pro directos | B53: Valor total del gasto | C53: Juanitas Plus | D53: Valor | E53: Juanitas Pro | F53: Valor | G53: Prueba 1 | H53: Prueba 2
A54: HONORARIOS DOCENTES | B54: 8233928 | C54: 0.5 | D54: =+B54*C54 -> 4116964 | E54: 0.5 | F54: =+E54*B54 -> 4116964 | G54: =+C54+E54 -> 1 | H54: =+(F54+D54)-B54 -> 0
A55: EQUIPOS MEDICOS | B55: 1173168 | C55: 0.5 | D55: =+B55*C55 -> 586584 | E55: 0.5 | F55: =+E55*B55 -> 586584 | G55: =+C55+E55 -> 1 | H55: =+(F55+D55)-B55 -> 0
A56: REFRIGERIOS | B56: 4732500 | C56: 0.5 | D56: =+B56*C56 -> 2366250 | E56: 0.5 | F56: =+E56*B56 -> 2366250 | G56: =+C56+E56 -> 1 | H56: =+(F56+D56)-B56 -> 0
A57: TRANSPORTES GRUPOS EDUCATIVOS | C57: 0.5 | D57: =+B57*C57 -> 0 | E57: 0.5 | F57: =+E57*B57 -> 0 | G57: =+C57+E57 -> 1 | H57: =+(F57+D57)-B57 -> 0
A58: AUXILIO DE TRANSPORTE JUANITAS | B58: 1052000 | C58: 0.5 | D58: =+B58*C58 -> 526000 | E58: 0.5 | F58: =+E58*B58 -> 526000 | G58: =+C58+E58 -> 1 | H58: =+(F58+D58)-B58 -> 0
A59: MATERIALES DIDACTICOS | C59: 0.5 | D59: =+B59*C59 -> 0 | E59: 0.5 | F59: =+E59*B59 -> 0 | G59: =+C59+E59 -> 1 | H59: =+(F59+D59)-B59 -> 0
A60: VIGILANCIA | C60: 0.5 | D60: =+B60*C60 -> 0 | E60: 0.5 | F60: =+E60*B60 -> 0 | G60: =+C60+E60 -> 1 | H60: =+(F60+D60)-B60 -> 0
A61: OTROS | C61: 0.5 | D61: =+B61*C61 -> 0 | E61: 0.5 | F61: =+E61*B61 -> 0 | G61: =+C61+E61 -> 1 | H61: =+(F61+D61)-B61 -> 0
A62: TOTAL GASTO DIRECTO JUANITAS PRO MES | B62: =SUM(B54:B61) -> 15191596 | D62: =SUM(D54:D61) -> 7595798 | F62: =SUM(F54:F61) -> 7595798 | G62: =+C62+E62 -> 0 | H62: =+(F62+D62)-B62 -> 0
A64: TOTAL GASTOS | B64: =+B12+B50+B62 -> 1.1441712e+08
A66: GASTOS ADMINISTRATIVOS | B66: =+D12+D50 -> 5940971.6
A67: INVERSION SOCIAL PROYECTO EDUCATIVO | B67: =+B62+K12+K50 -> 27825725
A68: INVERSION SOCIAL PROYECTOS ASOEX | B68: =+S12+S50 -> 2153353.7
A69: GASTOS ACTIVIDADES COMERCIALES | B69: =+AA12+AA50 -> 56311168
A70: TOTAL GASTOS | B70: =SUM(B66:B69) -> 92231218
A71: PRUEBA | B71: =+B64-B70 -> 22185902

Sheet EJECUCION SOCIAL MAY 24
A1: EJECUCION SOCIAL ASOCIACION DE EXALUMNAS COLEGIO LA ENSEÑAÑZA
C2: ADMINISTRACION | E2: PROYECTOS EDUCATIVOS INVERSION SOCIAL | L2: INVERSION SOCIAL | T2: ACTIVIDAD COMERCIAL | AB2: PRUEBA
A3: CONCEPTO DEL GASTO | B3: GASTO O COSTO TOTAL | C3: CCA | D3: CCA | E3: CC1 | G3: CC2 | I3: CC3 | K3: CC1+CC2+CC3 | L3: CC4 | N3: CC4 | O3: CC5 | Q3: CC6 | S3: CC5+CC6 | T3: CC7 | V3: CC8 | X3: CC7+CC8 | Y3: CC9 | AA3: CC9
A4: Nomina y Honorarios | B4: Valor total del gasto | C4: Aministracion | D4: Total del gasto cargado a Administración | E4: juanitas Pro | F4: valor | G4: Juanitas Plus | H4: valor | I4: Conferencias | J4: Valor | K4: Total del gasto en Proyectos eduacativos | L4: Mercados | M4: Valor | N4: Total gastos mercados | O4: Ropero | P4: Valor | Q4: Eventos Asociación Eucaristias-Bonos-Quinquenios-Ajuares-Retiros y otros | R4: Valor | S4: Total del gasto llevado a la Inversion social | T4: Tienda escolar | U4: Valor | V4: Venta de uniformes | W4: Valor | X4: Total tienda y uniformes | Y4: Arriendos comerciales | Z4: Valor | AA4: Total del gasto y costo llevado a la Actividad comercial | AB4: casilla de prueba 1 | AC4: casilla de prueba 2
A5: CLARA VICTORIA MONTEALEGRE | B5: =+' NOMINAS ENE-DIC'!I106+' NOMINAS ENE-DIC'!I116 -> 6685487.3 | C5: =+'%'!B4 -> 0.35 | D5: =+B5*C5 -> 2339920.6 | E5: =+'%'!C4 -> 0 | F5: =+B5*E5 -> 0 | G5: =+'%'!D4 -> 0 | H5: =+B5*G5 -> 0 | I5: =+'%'!E4 -> 0 | J5: =+B5*I5 -> 0 | K5: =+F5+H5+J5 -> 0 | L5: =+'%'!F4 -> 0.01 | M5: =+L5*B5 -> 66854.873 | N5: =+M5 -> 66854.873 | O5: =+'%'!G4 -> 0.02 | P5: =+O5*B5 -> 133709.75 | Q5: =+'%'!H4 -> 0.05 | R5: =+Q5*B5 -> 334274.36 | S5: =+P5+R5 -> 467984.11 | T5: =+'%'!I4 -> 0.2 | U5: =+T5*B5 -> 1337097.5 | V5: =+'%'!J4 -> 0.27 | W5: =+V5*B5 -> 1805081.6 | X5: =+U5+W5 -> 3142179 | Y5: =+'%'!K4 -> 0.1 | Z5: =+Y5*B5 -> 668548.73 | AA5: =+Z5 -> 668548.73 | AB5: =+(D5+K5+N5+S5+X5+AA5)-B5 -> 0 | AC5: =+C5+E5+G5+I5+L5+O5+Q5+T5+V5+Y5 -> 1
A6: DAVID ALEJANDRO MUÑOZ RUIZ | B6: =+' NOMINAS ENE-DIC'!I108+' NOMINAS ENE-DIC'!I118 -> 4648969.4 | C6: =+'%'!B5 -> 0 | D6: =+B6*C6 -> 0 | E6: =+'%'!C5 -> 0.4 | F6: =+B6*E6 -> 1859587.8 | G6: =+'%'!D5 -> 0.6 | H6: =+B6*G6 -> 2789381.6 | I6: =+'%'!E5 -> 0 | J6: =+B6*I6 -> 0 | K6: =+F6+H6+J6 -> 4648969.4 | L6: =+'%'!F5 -> 0 | M6: =+L6*B6 -> 0 | N6: =+M6 -> 0 | O6: =+'%'!G5 -> 0 | P6: =+O6*B6 -> 0 | Q6: =+'%'!H5 -> 0 | R6: =+Q6*B6 -> 0 | S6: =+P6+R6 -> 0 | T6: =+'%'!I5 -> 0 | U6: =+T6*B6 -> 0 | V6: =+'%'!J5 -> 0 | W6: =+V6*B6 -> 0 | X6: =+U6+W6 -> 0 | Y6: =+'%'!K5 -> 0 | Z6: =+Y6*B6 -> 0 | AA6: =+Z6 -> 0 | AB6: =+(D6+K6+N6+S6+X6+AA6)-B6 -> 0 | AC6: =+C6+E6+G6+I6+L6+O6+Q6+T6+V6+Y6 -> 1
A7: VANESSA FORONDA LOPEZ | B7: =+' NOMINAS ENE-DIC'!I105+' NOMINAS ENE-DIC'!I115 -> 4337998.4 | C7: =+'%'!B7 -> 0 | D7: =+B7*C7 -> 0 | E7: =+'%'!C7 -> 0.25 | F7: =+B7*E7 -> 1084499.6 | G7: =+'%'!D7 -> 0.45 | H7: =+B7*G7 -> 1952099.3 | I7: =+'%'!E7 -> 0.2 | J7: =+B7*I7 -> 867599.68 | K7: =+F7+H7+J7 -> 3904198.6 | L7: =+'%'!F7 -> 0 | M7: =+L7*B7 -> 0 | N7: =+M7 -> 0 | O7: =+'%'!G7 -> 0 | P7: =+O7*B7 -> 0 | Q7: =+'%'!H7 -> 0.05 | R7: =+Q7*B7 -> 216899.92 | S7: =+P7+R7 -> 216899.92 | T7: =+'%'!I7 -> 0 | U7: 0 | V7: =+'%'!J7 -> 0.05 | W7: =+V7*B7 -> 216899.92 | X7: =+U7+W7 -> 216899.92 | Y7: =+'%'!K7 -> 0 | Z7: =+Y7*B7 -> 0 | AA7: =+Z7 -> 0 | AB7: =+(D7+K7+N7+S7+X7+AA7)-B7 -> 0 | AC7: =+C7+E7+G7+I7+L7+O7+Q7+T7+V7+Y7 -> 1
A8: YUDY ALEJANDRA CARRASQUILLA TAMAYO | B8: =+' NOMINAS ENE-DIC'!I107+' NOMINAS ENE-DIC'!I117 -> 2164685.2 | C8: 1 | D8: =+B8*C8 -> 2164685.2 | E8: 0 | F8: =+B8*E8 -> 0 | G8: 0 | H8: =+B8*G8 -> 0 | I8: 0 | J8: =+B8*I8 -> 0 | K8: =+F8+H8+J8 -> 0 | L8: 0 | M8: =+L8*B8 -> 0 | N8: =+M8 -> 0 | O8: 0 | P8: =+O8*B8 -> 0 | Q8: 0 | R8: =+Q8*B8 -> 0 | S8: =+P8+R8 -> 0 | T8: 0 | U8: 0 | V8: 0 | W8: =+V8*B8 -> 0 | X8: =+U8+W8 -> 0 | Y8: 0 | Z8: =+Y8*B8 -> 0 | AA8: =+Z8 -> 0 | AB8: =+(D8+K8+N8+S8+X8+AA8)-B8 -> 0 | AC8: =+C8+E8+G8+I8+L8+O8+Q8+T8+V8+Y8 -> 1
A9: MARIA EUGENIA RESTREPO (Honorarios) | B9: =+' NOMINAS ENE-DIC'!B124 -> 4664000 | C9: =+'%'!B8 -> 0.2 | D9: =+B9*C9 -> 932800 | E9: =+'%'!C8 -> 0.1 | F9: =+B9*E9 -> 466400 | G9: =+'%'!D8 -> 0.3 | H9: =+B9*G9 -> 1399200 | I9: =+'%'!E8 -> 0.1 | J9: =+B9*I9 -> 466400 | K9: =+F9+H9+J9 -> 2332000 | L9: =+'%'!F8 -> 0 | M9: =+L9*B9 -> 0 | N9: =+M9 -> 0 | O9: 0.02 | P9: =+O9*B9 -> 93280 | Q9: =+'%'!H8 -> 0.05 | R9: =+Q9*B9 -> 233200 | S9: =+P9+R9 -> 326480 | T9: =+'%'!I8 -> 0 | U9: 0 | V9: =+'%'!J8 -> 0.1 | W9: =+V9*B9 -> 466400 | X9: =+U9+W9 -> 466400 | Y9: 0.13 | Z9: =+Y9*B9 -> 606320 | AA9: =+Z9 -> 606320 | AB9: =+(D9+K9+N9+S9+X9+AA9)-B9 -> 0 | AC9: =+C9+E9+G9+I9+L9+O9+Q9+T9+V9+Y9 -> 1
A10: LUZ MARIA GOMEZ SALDARRIAGA | B10: =+' NOMINAS ENE-DIC'!B125 -> 4000000 | C10: =+'%'!B8 -> 0.2 | D10: =+B10*C10 -> 800000 | E10: =+'%'!C8 -> 0.1 | F10: =+B10*E10 -> 400000 | G10: =+'%'!D8 -> 0.3 | H10: =+B10*G10 -> 1200000 | I10: =+'%'!E8 -> 0.1 | J10: =+B10*I10 -> 400000 | K10: =+F10+H10+J10 -> 2000000 | L10: =+'%'!F8 -> 0 | M10: =+L10*B10 -> 0 | N10: =+M10 -> 0 | O10: 0.02 | P10: =+O10*B10 -> 80000 | Q10: =+'%'!H8 -> 0.05 | R10: =+Q10*B10 -> 200000 | S10: =+P10+R10 -> 280000 | T10: =+'%'!I8 -> 0 | U10: =+T10*B10 -> 0 | V10: =+'%'!J8 -> 0.1 | W10: =+V10*B10 -> 400000 | X10: =+U10+W10 -> 400000 | Y10: 0.13 | Z10: =+Y10*B10 -> 520000 | AA10: =+Z10 -> 520000 | AB10: =+(D10+K10+N10+S10+X10+AA10)-B10 -> 0 | AC10: =+C10+E10+G10+I10+L10+O10+Q10+T10+V10+Y10 -> 1
A11: DAVID CORRALES RODAS (Honorarios) | B11: =+' NOMINAS ENE-DIC'!D123 -> 870000 | C11: =+'%'!B9 -> 0.2 | D11: =+B11*C11 -> 174000 | E11: =+'%'!C9 -> 0.1 | F11: =+B11*E11 -> 87000 | G11: =+'%'!D9 -> 0.2 | H11: =+B11*G11 -> 174000 | I11: =+'%'!E9 -> 0.15 | J11: =+B11*I11 -> 130500 | K11: =+F11+H11+J11 -> 391500 | L11: =+'%'!F9 -> 0 | M11: =+L11*B11 -> 0 | N11: =+M11 -> 0 | O11: 0.02 | P11: =+O11*B11 -> 17400 | Q11: =+'%'!H9 -> 0.1 | R11: =+Q11*B11 -> 87000 | S11: =+P11+R11 -> 104400 | T11: =+'%'!I9 -> 0 | U11: =+T11*B11 -> 0 | V11: =+'%'!J9 -> 0.2 | W11: =+V11*B11 -> 174000 | X11: =+U11+W11 -> 174000 | Y11: 0.03 | Z11: =+Y11*B11 -> 26100 | AA11: =+Z11 -> 26100 | AB11: =+(D11+K11+N11+S11+X11+AA11)-B11 -> 0 | AC11: =+C11+E11+G11+I11+L11+O11+Q11+T11+V11+Y11 -> 1
A12: TOTALES | B12: =SUM(B5:B11) -> 27371140 | D12: =SUM(D5:D11) -> 6411405.8 | F12: =SUM(F5:F11) -> 3897487.4 | H12: =SUM(H5:H11) -> 7514680.9 | J12: =SUM(J5:J11) -> 1864499.7 | K12: =SUM(K5:K11) -> 13276668 | M12: =SUM(M5:M11) -> 66854.873 | N12: =+M12 -> 66854.873 | P12: =SUM(P5:P11) -> 324389.75 | R12: =SUM(R5:R11) -> 1071374.3 | S12: =+P12+R12 -> 1395764 | U12: =SUM(U5:U11) -> 1337097.5 | W12: =SUM(W5:W11) -> 3062381.5 | X12: =+U12+W12 -> 4399478.9 | Z12: =SUM(Z5:Z11) -> 1820968.7 | AA12: =+Z12 -> 1820968.7 | AB12: =+(D12+K12+N12+S12+X12+AA12)-B12 -> 0 | AC12: =+C12+E12+G12+I12+L12+O12+Q12+T12+V12+Y12 -> 0
A15: Otros gastos diferentes a Nomina y Honorarios | B15: Valor total del gasto | C15: Aministracion | D15: Total del gasto cargado a Administración | E15: juanitas Pro | F15: valor | G15: Juanitas Plus | H15: valor | I15: Conferencias | J15: Valor | K15: total de gasto en proyectos educativos | L15: Mercados | M15: Valor | N15: Total gastos mercados | O15: Ropero | P15: Valor | Q15: Eventos Asociación Eucaristias-Bonos-Quinquenios-Ajuares-Retiros y otros | R15: Valor | S15: Total del gasto llevado a la Inversion social | T15: Tienda escolar | U15: Valor | V15: Venta de uniformes | W15: Valor | X15: Total tienda y uniformes | Y15: Arriendos comerciales | Z15: Valor | AA15: Total del gasto y costo llevado a la Actividad comercial | AB15: casilla de prueba 1 | AC15: casilla de prueba 2 | AD15: total gasto inv social
A16: ASESORIA CONTABLE | B16: 1311360 | C16: 0.1 | D16: =+B16*C16 -> 131136 | E16: 0.05 | F16: =+B16*E16 -> 65568 | G16: 0.15 | H16: =+B16*G16 -> 196704 | I16: 0.01 | J16: =+B16*I16 -> 13113.6 | K16: =+F16+H16+J16 -> 275385.6 | L16: 0.01 | M16: =+L16*B16 -> 13113.6 | N16: =+M16 -> 13113.6 | O16: 0.03 | P16: =+O16*B16 -> 39340.8 | Q16: 0.05 | R16: =+Q16*B16 -> 65568 | S16: =+P16+R16 -> 104908.8 | T16: 0.15 | U16: =+T16*B16 -> 196704 | V16: 0.45 | W16: =+V16*B16 -> 590112 | X16: =+W16+U16 -> 786816 | Y16: 0 | Z16: =+Y16*B16 -> 0 | AA16: =+Z16 -> 0 | AB16: =+(D16+K16+N16+S16+X16+AA16)-B16 -> 0 | AC16: =+C16+E16+G16+I16+L16+O16+Q16+T16+V16+Y16 -> 1 | AD16: =+AA16+S16+K16 -> 380294.4
A17: ARL PRACTICANTE | B17: =+' NOMINAS ENE-DIC'!I109 -> 13618 | C17: 0 | D17: =+B17*C17 -> 0 | E17: 0.6 | F17: =+B17*E17 -> 8170.8 | G17: 0.4 | H17: =+B17*G17 -> 5447.2 | I17: 0 | J17: =+B17*I17 -> 0 | K17: =+F17+H17+J17 -> 13618 | L17: 0 | M17: =+L17*B17 -> 0 | N17: =+M17 -> 0 | O17: 0 | P17: =+O17*B17 -> 0 | Q17: 0 | R17: =+Q17*B17 -> 0 | S17: =+P17+R17 -> 0 | T17: 0 | U17: =+T17*B17 -> 0 | V17: 0 | W17: =+V17*B17 -> 0 | X17: =+W17+U17 -> 0 | Y17: 0 | Z17: =+Y17*B17 -> 0 | AA17: =+Z17 -> 0 | AB17: =+(D17+K17+N17+S17+X17+AA17)-B17 -> 0 | AC17: =+C17+E17+G17+I17+L17+O17+Q17+T17+V17+Y17 -> 1 | AD17: =+AA17+S17+K17 -> 13618
A18: AUXILIO DE TRANSPORTE PRACTICANTES | B18: 1000000 | C18: 0 | D18: =+B18*C18 -> 0 | E18: 0.6 | F18: =+B18*E18 -> 600000 | G18: 0.4 | H18: =+B18*G18 -> 400000 | I18: 0 | J18: =+B18*I18 -> 0 | K18: =+F18+H18+J18 -> 1000000 | L18: 0 | M18: =+L18*B18 -> 0 | N18: =+M18 -> 0 | O18: 0 | P18: =+O18*B18 -> 0 | Q18: 0 | R18: =+Q18*B18 -> 0 | S18: =+P18+R18 -> 0 | T18: 0 | U18: =+T18*B18 -> 0 | V18: 0 | W18: =+V18*B18 -> 0 | X18: =+W18+U18 -> 0 | Y18: 0 | Z18: =+Y18*B18 -> 0 | AA18: =+Z18 -> 0 | AB18: =+(D18+K18+N18+S18+X18+AA18)-B18 -> 0 | AC18: =+C18+E18+G18+I18+L18+O18+Q18+T18+V18+Y18 -> 1 | AD18: =+AA18+S18+K18 -> 1000000
A19: OTROS HONORARIOS | B19: =600000+550000 -> 1150000 | C19: 0.1 | D19: =+B19*C19 -> 115000 | E19: 0 | F19: =+B19*E19 -> 0 | G19: 0 | H19: =+B19*G19 -> 0 | I19: 0 | J19: =+B19*I19 -> 0 | K19: =+F19+H19+J19 -> 0 | L19: 0.01 | M19: =+L19*B19 -> 11500 | N19: =+M19 -> 11500 | O19: 0.2 | P19: =+O19*B19 -> 230000 | Q19: 0.15 | R19: =+Q19*B19 -> 172500 | S19: =+P19+R19 -> 402500 | T19: 0.2 | U19: =+T19*B19 -> 230000 | V19: 0.24 | W19: =+V19*B19 -> 276000 | X19: =+W19+U19 -> 506000 | Y19: 0.1 | Z19: =+Y19*B19 -> 115000 | AA19: =+Z19 -> 115000 | AB19: =+(D19+K19+N19+S19+X19+AA19)-B19 -> 0 | AC19: =+C19+E19+G19+I19+L19+O19+Q19+T19+V19+Y19 -> 1 | AD19: =+AA19+S19+K19 -> 517500
A20: IMPUESTO PREDIAL | C20: 0 | D20: =+B20*C20 -> 0 | E20: 0 | F20: =+B20*E20 -> 0 | G20: 0 | H20: =+B20*G20 -> 0 | I20: 0 | J20: =+B20*I20 -> 0 | K20: =+F20+H20+J20 -> 0 | L20: 0 | M20: =+L20*B20 -> 0 | N20: =+M20 -> 0 | O20: 0 | P20: =+O20*B20 -> 0 | Q20: 0 | R20: =+Q20*B20 -> 0 | S20: =+P20+R20 -> 0 | T20: 0 | U20: =+T20*B20 -> 0 | V20: 0 | W20: =+V20*B20 -> 0 | X20: =+W20+U20 -> 0 | Y20: 1 | Z20: =+Y20*B20 -> 0 | AA20: =+Z20 -> 0 | AB20: =+(D20+K20+N20+S20+X20+AA20)-B20 -> 0 | AC20: =+C20+E20+G20+I20+L20+O20+Q20+T20+V20+Y20 -> 1 | AD20: =+AA20+S20+K20 -> 0
A21: OTROS IMPUESTOS | B21: 1045002 | C21: 0.1 | D21: =+B21*C21 -> 104500.2 | E21: 0 | F21: =+B21*E21 -> 0 | G21: 0 | H21: =+B21*G21 -> 0 | I21: 0 | J21: =+B21*I21 -> 0 | K21: =+F21+H21+J21 -> 0 | L21: 0 | M21: =+L21*B21 -> 0 | N21: =+M21 -> 0 | O21: 0 | P21: =+O21*B21 -> 0 | Q21: 0 | R21: =+Q21*B21 -> 0 | S21: =+P21+R21 -> 0 | T21: 0.1 | U21: =+T21*B21 -> 104500.2 | V21: 0.7 | W21: =+V21*B21 -> 731501.4 | X21: =+W21+U21 -> 836001.6 | Y21: 0.1 | Z21: =+Y21*B21 -> 104500.2 | AA21: =+Z21 -> 104500.2 | AB21: =+(D21+K21+N21+S21+X21+AA21)-B21 -> 0 | AC21: =+C21+E21+G21+I21+L21+O21+Q21+T21+V21+Y21 -> 1 | AD21: =+AA21+S21+K21 -> 104500.2
A22: SEGUROS | C22: 0.1 | D22: =+B22*C22 -> 0 | E22: 0.05 | F22: =+B22*E22 -> 0 | G22: 0.05 | H22: =+B22*G22 -> 0 | I22: 0.01 | J22: =+B22*I22 -> 0 | K22: =+F22+H22+J22 -> 0 | L22: 0 | M22: =+L22*B22 -> 0 | N22: =+M22 -> 0 | O22: 0.05 | P22: =+O22*B22 -> 0 | Q22: 0.05 | R22: =+Q22*B22 -> 0 | S22: =+P22+R22 -> 0 | T22: 0 | U22: =+T22*B22 -> 0 | V22: 0.45 | W22: =+V22*B22 -> 0 | X22: =+W22+U22 -> 0 | Y22: 0.24 | Z22: =+Y22*B22 -> 0 | AA22: =+Z22 -> 0 | AB22: =+(D22+K22+N22+S22+X22+AA22)-B22 -> 0 | AC22: =+C22+E22+G22+I22+L22+O22+Q22+T22+V22+Y22 -> 1 | AD22: =+AA22+S22+K22 -> 0
A23: ADMINISTRACION DE LOCALES | B23: =97920+419487 -> 517407 | C23: 0 | D23: =+B23*C23 -> 0 | E23: 0 | F23: =+B23*E23 -> 0 | G23: 0 | H23: =+B23*G23 -> 0 | I23: 0 | J23: =+B23*I23 -> 0 | K23: =+F23+H23+J23 -> 0 | L23: 0 | M23: =+L23*B23 -> 0 | N23: =+M23 -> 0 | O23: 0 | P23: =+O23*B23 -> 0 | Q23: 0 | R23: =+Q23*B23 -> 0 | S23: =+P23+R23 -> 0 | T23: 0 | U23: =+T23*B23 -> 0 | V23: 0 | W23: =+V23*B23 -> 0 | X23: =+W23+U23 -> 0 | Y23: 1 | Z23: =+Y23*B23 -> 517407 | AA23: =+Z23 -> 517407 | AB23: =+(D23+K23+N23+S23+X23+AA23)-B23 -> 0 | AC23: =+C23+E23+G23+I23+L23+O23+Q23+T23+V23+Y23 -> 1 | AD23: =+AA23+S23+K23 -> 517407
A24: TELEFONIA | B24: 191217 | C24: 0.1 | D24: =+B24*C24 -> 19121.7 | E24: 0.05 | F24: =+B24*E24 -> 9560.85 | G24: 0.15 | H24: =+B24*G24 -> 28682.55 | I24: 0 | J24: =+B24*I24 -> 0 | K24: =+F24+H24+J24 -> 38243.4 | L24: 0 | M24: =+L24*B24 -> 0 | N24: =+M24 -> 0 | O24: 0 | P24: =+O24*B24 -> 0 | Q24: 0.05 | R24: =+Q24*B24 -> 9560.85 | S24: =+P24+R24 -> 9560.85 | T24: 0.15 | U24: =+T24*B24 -> 28682.55 | V24: 0.45 | W24: =+V24*B24 -> 86047.65 | X24: =+W24+U24 -> 114730.2 | Y24: 0.05 | Z24: =+Y24*B24 -> 9560.85 | AA24: =+Z24 -> 9560.85 | AB24: =+(D24+K24+N24+S24+X24+AA24)-B24 -> 0 | AC24: =+C24+E24+G24+I24+L24+O24+Q24+T24+V24+Y24 -> 1 | AD24: =+AA24+S24+K24 -> 57365.1
A25: INTERNET | B25: 239819 | C25: 0.1 | D25: =+B25*C25 -> 23981.9 | E25: 0.05 | F25: =+B25*E25 -> 11990.95 | G25: 0.15 | H25: =+B25*G25 -> 35972.85 | I25: 0 | J25: =+B25*I25 -> 0 | K25: =+F25+H25+J25 -> 47963.8 | L25: 0 | M25: =+L25*B25 -> 0 | N25: =+M25 -> 0 | O25: 0 | P25: =+O25*B25 -> 0 | Q25: 0.05 | R25: =+Q25*B25 -> 11990.95 | S25: =+P25+R25 -> 11990.95 | T25: 0.15 | U25: =+T25*B25 -> 35972.85 | V25: 0.45 | W25: =+V25*B25 -> 107918.55 | X25: =+W25+U25 -> 143891.4 | Y25: 0.05 | Z25: =+Y25*B25 -> 11990.95 | AA25: =+Z25 -> 11990.95 | AB25: =+(D25+K25+N25+S25+X25+AA25)-B25 -> 0 | AC25: =+C25+E25+G25+I25+L25+O25+Q25+T25+V25+Y25 -> 1 | AD25: =+AA25+S25+K25 -> 71945.7
A26: ASEO Y VIGILANCIA | C26: 0.1 | D26: =+B26*C26 -> 0 | E26: 0 | F26: =+B26*E26 -> 0 | G26: 0 | H26: =+B26*G26 -> 0 | I26: 0.1 | J26: =+B26*I26 -> 0 | K26: =+F26+H26+J26 -> 0 | L26: 0 | M26: =+L26*B26 -> 0 | N26: =+M26 -> 0 | O26: 0.05 | P26: =+O26*B26 -> 0 | Q26: 0.1 | R26: =+Q26*B26 -> 0 | S26: =+P26+R26 -> 0 | T26: 0.05 | U26: =+T26*B26 -> 0 | V26: 0.6 | W26: =+V26*B26 -> 0 | X26: =+W26+U26 -> 0 | Y26: 0 | Z26: =+Y26*B26 -> 0 | AA26: =+Z26 -> 0 | AB26: =+(D26+K26+N26+S26+X26+AA26)-B26 -> 0 | AC26: =+C26+E26+G26+I26+L26+O26+Q26+T26+V26+Y26 -> 1 | AD26: =+AA26+S26+K26 -> 0
A27: GOOGLE SUITE-LICENCIAS Y HOSTING | B27: =140300+537112 -> 677412 | C27: 0.1 | D27: =+B27*C27 -> 67741.2 | E27: 0 | F27: =+B27*E27 -> 0 | G27: 0.1 | H27: =+B27*G27 -> 67741.2 | I27: 0.02 | J27: =+B27*I27 -> 13548.24 | K27: =+F27+H27+J27 -> 81289.44 | L27: 0 | M27: =+L27*B27 -> 0 | N27: =+M27 -> 0 | O27: 0.1 | P27: =+O27*B27 -> 67741.2 | Q27: 0.05 | R27: =+Q27*B27 -> 33870.6 | S27: =+P27+R27 -> 101611.8 | T27: 0.02 | U27: =+T27*B27 -> 13548.24 | V27: 0.61 | W27: =+V27*B27 -> 413221.32 | X27: =+W27+U27 -> 426769.56 | Y27: 0 | Z27: =+Y27*B27 -> 0 | AA27: =+Z27 -> 0 | AB27: =+(D27+K27+N27+S27+X27+AA27)-B27 -> 0 | AC27: =+C27+E27+G27+I27+L27+O27+Q27+T27+V27+Y27 -> 1 | AD27: =+AA27+S27+K27 -> 182901.24
A28: COMPRA DE ACTIVOS OFICINA | C28: 0.1 | D28: =+B28*C28 -> 0 | E28: 0 | F28: =+B28*E28 -> 0 | G28: 0.1 | H28: =+B28*G28 -> 0 | I28: 0.02 | J28: =+B28*I28 -> 0 | K28: =+F28+H28+J28 -> 0 | L28: 0 | M28: =+L28*B28 -> 0 | N28: =+M28 -> 0 | O28: 0.1 | P28: =+O28*B28 -> 0 | Q28: 0.05 | R28: =+Q28*B28 -> 0 | S28: =+P28+R28 -> 0 | T28: 0.02 | U28: =+T28*B28 -> 0 | V28: 0.61 | W28: =+V28*B28 -> 0 | X28: =+W28+U28 -> 0 | Y28: 0 | Z28: =+Y28*B28 -> 0 | AA28: =+Z28 -> 0 | AB28: =+(D28+K28+N28+S28+X28+AA28)-B28 -> 0 | AC28: =+C28+E28+G28+I28+L28+O28+Q28+T28+V28+Y28 -> 1 | AD28: =+AA28+S28+K28 -> 0
A29: PUBLICIDAD Y PORTAL WEB | C29: 0.1 | D29: =+B29*C29 -> 0 | E29: 0.05 | F29: =+B29*E29 -> 0 | G29: 0.05 | H29: =+B29*G29 -> 0 | I29: 0.01 | J29: =+B29*I29 -> 0 | K29: =+F29+H29+J29 -> 0 | L29: 0 | M29: =+L29*B29 -> 0 | N29: =+M29 -> 0 | O29: 0.02 | P29: =+O29*B29 -> 0 | Q29: 0.25 | R29: =+Q29*B29 -> 0 | S29: =+P29+R29 -> 0 | T29: 0.02 | U29: =+T29*B29 -> 0 | V29: 0.5 | W29: =+V29*B29 -> 0 | X29: =+W29+U29 -> 0 | Y29: 0 | Z29: =+Y29*B29 -> 0 | AA29: =+Z29 -> 0 | AB29: =+(D29+K29+N29+S29+X29+AA29)-B29 -> 0 | AC29: =+C29+E29+G29+I29+L29+O29+Q29+T29+V29+Y29 -> 1 | AD29: =+AA29+S29+K29 -> 0
A30: MENSAJERIA | C30: 0.1 | D30: =+B30*C30 -> 0 | E30: 0 | F30: =+B30*E30 -> 0 | G30: 0 | H30: =+B30*G30 -> 0 | I30: 0 | J30: =+B30*I30 -> 0 | K30: =+F30+H30+J30 -> 0 | L30: 0.1 | M30: =+L30*B30 -> 0 | N30: =+M30 -> 0 | O30: 0.1 | P30: =+O30*B30 -> 0 | Q30: 0.28 | R30: =+Q30*B30 -> 0 | S30: =+P30+R30 -> 0 | T30: 0.02 | U30: =+T30*B30 -> 0 | V30: 0.4 | W30: =+V30*B30 -> 0 | X30: =+W30+U30 -> 0 | Y30: 0 | Z30: =+Y30*B30 -> 0 | AA30: =+Z30 -> 0 | AB30: =+(D30+K30+N30+S30+X30+AA30)-B30 -> 0 | AC30: =+C30+E30+G30+I30+L30+O30+Q30+T30+V30+Y30 -> 1 | AD30: =+AA30+S30+K30 -> 0
A31: SERVICIOS GENERALES | C31: 0.1 | D31: =+B31*C31 -> 0 | E31: 0 | F31: =+B31*E31 -> 0 | G31: 0 | H31: =+B31*G31 -> 0 | I31: 0 | J31: =+B31*I31 -> 0 | K31: =+F31+H31+J31 -> 0 | L31: 0.01 | M31: =+L31*B31 -> 0 | N31: =+M31 -> 0 | O31: 0.1 | P31: =+O31*B31 -> 0 | Q31: 0.2 | R31: =+Q31*B31 -> 0 | S31: =+P31+R31 -> 0 | T31: 0.05 | U31: =+T31*B31 -> 0 | V31: 0.5 | W31: =+V31*B31 -> 0 | X31: =+W31+U31 -> 0 | Y31: 0.04 | Z31: =+Y31*B31 -> 0 | AA31: =+Z31 -> 0 | AB31: =+(D31+K31+N31+S31+X31+AA31)-B31 -> 0 | AC31: =+C31+E31+G31+I31+L31+O31+Q31+T31+V31+Y31 -> 1 | AD31: =+AA31+S31+K31 -> 0
A32: TRANSPORTE FLETES Y ACARREOS | B32: 350000 | C32: 0.1 | D32: =+B32*C32 -> 35000 | E32: 0 | F32: =+B32*E32 -> 0 | G32: 0 | H32: =+B32*G32 -> 0 | I32: 0 | J32: =+B32*I32 -> 0 | K32: =+F32+H32+J32 -> 0 | L32: 0.01 | M32: =+L32*B32 -> 3500 | N32: =+M32 -> 3500 | O32: 0.1 | P32: =+O32*B32 -> 35000 | Q32: 0.2 | R32: =+Q32*B32 -> 70000 | S32: =+P32+R32 -> 105000 | T32: 0.05 | U32: =+T32*B32 -> 17500 | V32: 0.3 | W32: =+V32*B32 -> 105000 | X32: =+W32+U32 -> 122500 | Y32: 0.24 | Z32: =+Y32*B32 -> 84000 | AA32: =+Z32 -> 84000 | AB32: =+(D32+K32+N32+S32+X32+AA32)-B32 -> 0 | AC32: =+C32+E32+G32+I32+L32+O32+Q32+T32+V32+Y32 -> 1 | AD32: =+AA32+S32+K32 -> 189000
A33: GASTOS LEGALES | B33: 470500 | C33: 0.1 | D33: =+B33*C33 -> 47050 | E33: 0 | F33: =+B33*E33 -> 0 | G33: 0 | H33: =+B33*G33 -> 0 | I33: 0 | J33: =+B33*I33 -> 0 | K33: =+F33+H33+J33 -> 0 | L33: 0.01 | M33: =+L33*B33 -> 4705 | N33: =+M33 -> 4705 | O33: 0.1 | P33: =+O33*B33 -> 47050 | Q33: 0.2 | R33: =+Q33*B33 -> 94100 | S33: =+P33+R33 -> 141150 | T33: 0.05 | U33: =+T33*B33 -> 23525 | V33: 0.54 | W33: =+V33*B33 -> 254070 | X33: =+W33+U33 -> 277595 | Y33: 0 | Z33: =+Y33*B33 -> 0 | AA33: =+Z33 -> 0 | AB33: =+(D33+K33+N33+S33+X33+AA33)-B33 -> 0 | AC33: =+C33+E33+G33+I33+L33+O33+Q33+T33+V33+Y33 -> 1 | AD33: =+AA33+S33+K33 -> 141150
A34: GASTOS DE REPRESENTACION | C34: 0.1 | D34: =+B34*C34 -> 0 | E34: 0 | F34: =+B34*E34 -> 0 | G34: 0 | H34: =+B34*G34 -> 0 | I34: 0 | J34: =+B34*I34 -> 0 | K34: =+F34+H34+J34 -> 0 | L34: 0.01 | M34: =+L34*B34 -> 0 | N34: =+M34 -> 0 | O34: 0.1 | P34: =+O34*B34 -> 0 | Q34: 0.2 | R34: =+Q34*B34 -> 0 | S34: =+P34+R34 -> 0 | T34: 0.05 | U34: =+T34*B34 -> 0 | V34: 0.54 | W34: =+V34*B34 -> 0 | X34: =+W34+U34 -> 0 | Y34: 0 | Z34: =+Y34*B34 -> 0 | AA34: =+Z34 -> 0 | AB34: =+(D34+K34+N34+S34+X34+AA34)-B34 -> 0 | AC34: =+C34+E34+G34+I34+L34+O34+Q34+T34+V34+Y34 -> 1 | AD34: =+AA34+S34+K34 -> 0
A35: ADMINISTRACION DE REDES SOCIALES | C35: 0.1 | D35: =+B35*C35 -> 0 | E35: 0 | F35: =+B35*E35 -> 0 | G35: 0 | H35: =+B35*G35 -> 0 | I35: 0 | J35: =+B35*I35 -> 0 | K35: =+F35+H35+J35 -> 0 | L35: 0.01 | M35: =+L35*B35 -> 0 | N35: =+M35 -> 0 | O35: 0.1 | P35: =+O35*B35 -> 0 | Q35: 0.2 | R35: =+Q35*B35 -> 0 | S35: =+P35+R35 -> 0 | T35: 0.05 | U35: =+T35*B35 -> 0 | V35: 0.54 | W35: =+V35*B35 -> 0 | X35: =+W35+U35 -> 0 | Y35: 0 | Z35: =+Y35*B35 -> 0 | AA35: =+Z35 -> 0 | AB35: =+(D35+K35+N35+S35+X35+AA35)-B35 -> 0 | AC35: =+C35+E35+G35+I35+L35+O35+Q35+T35+V35+Y35 -> 1 | AD35: =+AA35+S35+K35 -> 0
A36: MANTENIMIENTO Y REPARACIONES | C36: 0.1 | D36: =+B36*C36 -> 0 | E36: 0 | F36: =+B36*E36 -> 0 | G36: 0 | H36: =+B36*G36 -> 0 | I36: 0 | J36: =+B36*I36 -> 0 | K36: =+F36+H36+J36 -> 0 | L36: 0 | M36: =+L36*B36 -> 0 | N36: =+M36 -> 0 | O36: 0 | P36: =+O36*B36 -> 0 | Q36: 0 | R36: =+Q36*B36 -> 0 | S36: =+P36+R36 -> 0 | T36: 0 | U36: =+T36*B36 -> 0 | V36: 0.2 | W36: =+V36*B36 -> 0 | X36: =+W36+U36 -> 0 | Y36: 0.7 | Z36: =+Y36*B36 -> 0 | AA36: =+Z36 -> 0 | AB36: =+(D36+K36+N36+S36+X36+AA36)-B36 -> 0 | AC36: =+C36+E36+G36+I36+L36+O36+Q36+T36+V36+Y36 -> 1 | AD36: =+AA36+S36+K36 -> 0
A37: GASTOS DIFERIDOS | B37: 188981 | C37: 0.1 | D37: =+B37*C37 -> 18898.1 | E37: 0 | F37: =+B37*E37 -> 0 | G37: 0 | H37: =+B37*G37 -> 0 | I37: 0 | J37: =+B37*I37 -> 0 | K37: =+F37+H37+J37 -> 0 | L37: 0.01 | M37: =+L37*B37 -> 1889.81 | N37: =+M37 -> 1889.81 | O37: 0.05 | P37: =+O37*B37 -> 9449.05 | Q37: 0.1 | R37: =+Q37*B37 -> 18898.1 | S37: =+P37+R37 -> 28347.15 | T37: 0.02 | U37: =+T37*B37 -> 3779.62 | V37: 0.4 | W37: =+V37*B37 -> 75592.4 | X37: =+W37+U37 -> 79372.02 | Y37: 0.32 | Z37: =+Y37*B37 -> 60473.92 | AA37: =+Z37 -> 60473.92 | AB37: =+(D37+K37+N37+S37+X37+AA37)-B37 -> 0 | AC37: =+C37+E37+G37+I37+L37+O37+Q37+T37+V37+Y37 -> 1 | AD37: =+AA37+S37+K37 -> 88821.07
A38: GASTOS EN EJECUCION DE PROYECTOS | B38: 155491 | C38: 0 | D38: =+B38*C38 -> 0 | E38: 0 | F38: =+B38*E38 -> 0 | G38: 0 | H38: =+B38*G38 -> 0 | I38: 0 | J38: =+B38*I38 -> 0 | K38: =+F38+H38+J38 -> 0 | L38: 0 | M38: =+L38*B38 -> 0 | N38: =+M38 -> 0 | O38: 0 | P38: =+O38*B38 -> 0 | Q38: 1 | R38: =+Q38*B38 -> 155491 | S38: =+P38+R38 -> 155491 | T38: 0 | U38: =+T38*B38 -> 0 | V38: 0 | W38: =+V38*B38 -> 0 | X38: =+W38+U38 -> 0 | Y38: 0 | Z38: =+Y38*B38 -> 0 | AA38: =+Z38 -> 0 | AB38: =+(D38+K38+N38+S38+X38+AA38)-B38 -> 0 | AC38: =+C38+E38+G38+I38+L38+O38+Q38+T38+V38+Y38 -> 1 | AD38: =+AA38+S38+K38 -> 155491
A39: PAPELERIA | B39: =25000+21990 -> 46990 | C39: 0.1 | D39: =+B39*C39 -> 4699 | E39: 0 | F39: =+B39*E39 -> 0 | G39: 0 | H39: =+B39*G39 -> 0 | I39: 0 | J39: =+B39*I39 -> 0 | K39: =+F39+H39+J39 -> 0 | L39: 0.01 | M39: =+L39*B39 -> 469.9 | N39: =+M39 -> 469.9 | O39: 0.1 | P39: =+O39*B39 -> 4699 | Q39: 0.1 | R39: =+Q39*B39 -> 4699 | S39: =+P39+R39 -> 9398 | T39: 0.1 | U39: =+T39*B39 -> 4699 | V39: 0.59 | W39: =+V39*B39 -> 27724.1 | X39: =+W39+U39 -> 32423.1 | Y39: 0 | Z39: =+Y39*B39 -> 0 | AA39: =+Z39 -> 0 | AB39: =+(D39+K39+N39+S39+X39+AA39)-B39 -> 0 | AC39: =+C39+E39+G39+I39+L39+O39+Q39+T39+V39+Y39 -> 1 | AD39: =+AA39+S39+K39 -> 9398
A40: ASEO Y CAFETERIA | B40: =225322+5500 -> 230822 | C40: 0.1 | D40: =+B40*C40 -> 23082.2 | E40: 0 | F40: =+B40*E40 -> 0 | G40: 0 | H40: =+B40*G40 -> 0 | I40: 0 | J40: =+B40*I40 -> 0 | K40: =+F40+H40+J40 -> 0 | L40: 0.01 | M40: =+L40*B40 -> 2308.22 | N40: =+M40 -> 2308.22 | O40: 0.1 | P40: =+O40*B40 -> 23082.2 | Q40: 0.1 | R40: =+Q40*B40 -> 23082.2 | S40: =+P40+R40 -> 46164.4 | T40: 0.1 | U40: =+T40*B40 -> 23082.2 | V40: 0.59 | W40: =+V40*B40 -> 136184.98 | X40: =+W40+U40 -> 159267.18 | Y40: 0 | Z40: =+Y40*B40 -> 0 | AA40: =+Z40 -> 0 | AB40: =+(D40+K40+N40+S40+X40+AA40)-B40 -> 0 | AC40: =+C40+E40+G40+I40+L40+O40+Q40+T40+V40+Y40 -> 1 | AD40: =+AA40+S40+K40 -> 46164.4
A41: TAXIS Y BUSES | B41: =95000+62400+46000+42200 -> 245600 | C41: 0.1 | D41: =+B41*C41 -> 24560 | E41: 0 | F41: =+B41*E41 -> 0 | G41: 0 | H41: =+B41*G41 -> 0 | I41: 0 | J41: =+B41*I41 -> 0 | K41: =+F41+H41+J41 -> 0 | L41: 0.01 | M41: =+L41*B41 -> 2456 | N41: =+M41 -> 2456 | O41: 0.1 | P41: =+O41*B41 -> 24560 | Q41: 0.1 | R41: =+Q41*B41 -> 24560 | S41: =+P41+R41 -> 49120 | T41: 0.1 | U41: =+T41*B41 -> 24560 | V41: 0.59 | W41: =+V41*B41 -> 144904 | X41: =+W41+U41 -> 169464 | Y41: 0 | Z41: =+Y41*B41 -> 0 | AA41: =+Z41 -> 0 | AB41: =+(D41+K41+N41+S41+X41+AA41)-B41 -> 0 | AC41: =+C41+E41+G41+I41+L41+O41+Q41+T41+V41+Y41 -> 1 | AD41: =+AA41+S41+K41 -> 49120
A42: PARQUEADEROS | B42: 4202 | C42: 0.1 | D42: =+B42*C42 -> 420.2 | E42: 0 | F42: =+B42*E42 -> 0 | G42: 0 | H42: =+B42*G42 -> 0 | I42: 0 | J42: =+B42*I42 -> 0 | K42: =+F42+H42+J42 -> 0 | L42: 0.01 | M42: =+L42*B42 -> 42.02 | N42: =+M42 -> 42.02 | O42: 0.1 | P42: =+O42*B42 -> 420.2 | Q42: 0.2 | R42: =+Q42*B42 -> 840.4 | S42: =+P42+R42 -> 1260.6 | T42: 0.1 | U42: =+T42*B42 -> 420.2 | V42: 0.49 | W42: =+V42*B42 -> 2058.98 | X42: =+W42+U42 -> 2479.18 | Y42: 0 | Z42: =+Y42*B42 -> 0 | AA42: =+Z42 -> 0 | AB42: =+(D42+K42+N42+S42+X42+AA42)-B42 -> 0 | AC42: =+C42+E42+G42+I42+L42+O42+Q42+T42+V42+Y42 -> 1 | AD42: =+AA42+S42+K42 -> 1260.6
A43: ATENCION EXALUMNAS | B43: 404481 | C43: 0 | D43: =+B43*C43 -> 0 | E43: 0 | F43: =+B43*E43 -> 0 | G43: 0 | H43: =+B43*G43 -> 0 | I43: 0 | J43: =+B43*I43 -> 0 | K43: =+F43+H43+J43 -> 0 | L43: 0 | M43: =+L43*B43 -> 0 | N43: =+M43 -> 0 | O43: 0 | P43: =+O43*B43 -> 0 | Q43: 1 | R43: =+Q43*B43 -> 404481 | S43: =+P43+R43 -> 404481 | T43: 0 | U43: =+T43*B43 -> 0 | V43: 0 | W43: =+V43*B43 -> 0 | X43: =+W43+U43 -> 0 | Y43: 0 | Z43: =+Y43*B43 -> 0 | AA43: =+Z43 -> 0 | AB43: =+(D43+K43+N43+S43+X43+AA43)-B43 -> 0 | AC43: =+C43+E43+G43+I43+L43+O43+Q43+T43+V43+Y43 -> 1 | AD43: =+AA43+S43+K43 -> 404481
A44: COSTO DE PROYECTO MERCADOS | B44: 3120000 | C44: 0 | D44: =+B44*C44 -> 0 | E44: 0 | F44: =+B44*E44 -> 0 | G44: 0 | H44: =+B44*G44 -> 0 | I44: 0 | J44: =+B44*I44 -> 0 | K44: =+F44+H44+J44 -> 0 | L44: 1 | M44: =+L44*B44 -> 3120000 | N44: =+M44 -> 3120000 | O44: 0 | P44: =+O44*B44 -> 0 | Q44: 0 | R44: =+Q44*B44 -> 0 | S44: =+P44+R44 -> 0 | T44: 0 | U44: =+T44*B44 -> 0 | V44: 0 | W44: =+V44*B44 -> 0 | X44: =+W44+U44 -> 0 | Y44: 0 | Z44: =+Y44*B44 -> 0 | AA44: =+Z44 -> 0 | AB44: =+(D44+K44+N44+S44+X44+AA44)-B44 -> 0 | AC44: =+C44+E44+G44+I44+L44+O44+Q44+T44+V44+Y44 -> 1 | AD44: =+AA44+S44+K44 -> 0
A45: COSTO PROYECTO ÉXITO | B45: =1281600+10404000 -> 11685600 | C45: 0 | D45: =+B45*C45 -> 0 | E45: 0 | F45: =+B45*E45 -> 0 | G45: 0 | H45: =+B45*G45 -> 0 | I45: 0 | J45: =+B45*I45 -> 0 | K45: =+F45+H45+J45 -> 0 | L45: 1 | M45: =+L45*B45 -> 11685600 | N45: =+M45 -> 11685600 | O45: 0 | P45: =+O45*B45 -> 0 | Q45: 0 | R45: =+Q45*B45 -> 0 | S45: =+P45+R45 -> 0 | T45: 0 | U45: =+T45*B45 -> 0 | V45: 0 | W45: =+V45*B45 -> 0 | X45: =+W45+U45 -> 0 | Y45: 0 | Z45: =+Y45*B45 -> 0 | AA45: =+Z45 -> 0 | AB45: =+(D45+K45+N45+S45+X45+AA45)-B45 -> 0 | AC45: =+C45+E45+G45+I45+L45+O45+Q45+T45+V45+Y45 -> 1 | AD45: =+AA45+S45+K45 -> 0
A46: COSTO PROYECTO CESDE-ASOEX | C46: 0 | D46: =+B46*C46 -> 0 | E46: 0 | F46: =+B46*E46 -> 0 | G46: 0 | H46: =+B46*G46 -> 0 | I46: 0 | J46: =+B46*I46 -> 0 | K46: =+F46+H46+J46 -> 0 | L46: 0 | M46: =+L46*B46 -> 0 | N46: =+M46 -> 0 | O46: 0 | P46: =+O46*B46 -> 0 | Q46: 0 | R46: =+Q46*B46 -> 0 | S46: =+P46+R46 -> 0 | T46: 0 | U46: =+T46*B46 -> 0 | V46: 0 | W46: =+V46*B46 -> 0 | X46: =+W46+U46 -> 0 | Y46: 1 | Z46: =+Y46*B46 -> 0 | AA46: =+Z46 -> 0 | AB46: =+(D46+K46+N46+S46+X46+AA46)-B46 -> 0 | AC46: =+C46+E46+G46+I46+L46+O46+Q46+T46+V46+Y46 -> 1 | AD46: =+AA46+S46+K46 -> 0
A47: DONACION FONDO EDUCATIVO | C47: 0 | D47: =+B47*C47 -> 0 | E47: 0 | F47: =+B47*E47 -> 0 | G47: 0 | H47: =+B47*G47 -> 0 | I47: 0 | J47: =+B47*I47 -> 0 | K47: =+F47+H47+J47 -> 0 | L47: 0 | M47: =+L47*B47 -> 0 | N47: =+M47 -> 0 | O47: 0 | P47: =+O47*B47 -> 0 | Q47: 0 | R47: =+Q47*B47 -> 0 | S47: =+P47+R47 -> 0 | T47: 0 | U47: 0 | V47: 0 | W47: =+V47*B47 -> 0 | X47: =+W47+U47 -> 0 | Y47: 1 | Z47: =+Y47*B47 -> 0 | AA47: =+Z47 -> 0 | AB47: =+(D47+K47+N47+S47+X47+AA47)-B47 -> 0 | AC47: =+C47+E47+G47+I47+L47+O47+Q47+T47+V47+Y47 -> 1 | AD47: =+AA47+S47+K47 -> 0
A48: DONACIONES VARIAS | B48: 400000 | C48: 0 | D48: =+B48*C48 -> 0 | E48: 0 | F48: =+B48*E48 -> 0 | G48: 0 | H48: =+B48*G48 -> 0 | I48: 0 | J48: =+B48*I48 -> 0 | K48: =+F48+H48+J48 -> 0 | L48: 0 | M48: =+L48*B48 -> 0 | N48: =+M48 -> 0 | O48: 0 | P48: =+O48*B48 -> 0 | Q48: 0 | R48: =+Q48*B48 -> 0 | S48: =+P48+R48 -> 0 | T48: 0 | U48: =+T48*B48 -> 0 | V48: 0.5 | W48: =+V48*B48 -> 200000 | X48: =+W48+U48 -> 200000 | Y48: 0.5 | Z48: =+Y48*B48 -> 200000 | AA48: =+Z48 -> 200000 | AB48: =+(D48+K48+N48+S48+X48+AA48)-B48 -> 0 | AC48: =+C48+E48+G48+I48+L48+O48+Q48+T48+V48+Y48 -> 1 | AD48: =+AA48+S48+K48 -> 200000
